Workbook

Sheet FT-Mapa de riesgos
B8: HOSPITAL MILITAR CENTRAL | H8: FORMATO: MAPA DE RIESGOS POR PROCESO | AM8: CÓDIGO: PL-OAPL-PR-05-FT-02
H9: OFICINA: ASESORA DE PLANEACION | AM9: FECHA DE EMISIÓN: 13-02-2019
AM10: VERSIÓN: 04
H11: PROCESO: PLANEACION | AM11: Página 1 de 1
H12: SISTEMA DE GESTION INTEGRADO SGI | AN12: =+Q19:R19+'[1]FT-Mapa de riesgos'!$C$53 -> #VALUE!
Q15: 32 | S15: 25 | U15: 25 | Z15: 18 | AD15: 25 | AE15: 50 | AF15: 75 | AG15: 100
B16: MAPA DE RIESGOS DE CORRUPCIÓN INSTITUCIONAL 2019 -2020
B17: IDENTIFICACIÓN DEL RIESGO | H17: VALORACION Y MITIGACIÓN DEL RIESGO
B18: No | C18: RIESGO | D18: DESCRIPCIÓN | E18: TIPO | F18: CAUSAS | G18: CONSECUENCIAS | H18: RIESGO INHERENTE | M18: CONTROLES | AJ18: RIESGO RESIDUAL | AM18: INDICADOR
H19: PROBABILIDAD | I19: IMPACTO | J19: NIVEL DEL RIESGO | K19: OPCIÓN DE MANEJO | L19: N° DE CONTROLES A REALIZAR | M19: Nombre del Control | N19: ACTIVIDAD DE CONTROL (Especifique el proposito y la forma como se realiza) | O19: En caso de encontrar información faltante para la aplicación del control, ¿Qué acción debe de realizarse? | P19: ¿El control contribuye a disminuir la Probabilidad, el Impacto? | Q19: ¿El control es automático? | R19: ¿Cuál es el control automático? | S19: ¿Esta definido el responsable? | T19: ¿Quién es el responsable? | U19: ¿Cuenta con una periodicidad definida? | V19: ¿Cuál es la periodicidad? | W19: Fecha de aplicación del control de acuerdo a los periodos de reporte y monitoreo de riesgos | Z19: ¿Cuenta con evidencias de la aplicación del control? | AA19: ¿Cuál o cuales son las evidencias? | AB19: PUNTAJE DEL CONTROL | AC19: Solo Aplica a Probabilidad | AD19: Solo Aplica a Impacto | AE19: Probalidad | AF19: Impacto | AG19: CUADRANTES A DISMINUIR Probabilidad | AH19: CUADRANTES A DISMINUIR Impacto | AJ19: PROBABILIDAD | AK19: IMPACTO | AL19: NIVEL DEL RIESGO
B20: 1 | C20: Manejo de influencias en la asignación de citas médicas. | D20: Otorgar citas y procedimientos ambulatorios que no cumplan con los requisitos establecidos en los procedimientos de asignación de citas | E20: Corrupción | F20: Falla en adherencia a los protocolos institucionales por parte de los funcionarios de asignación de citas | G20: 1.Sanciones 2.Perdida de la imagen institucional | H20: Posible | I20: Menor | J20: =IF(ISERROR(VLOOKUP(H20&I20,Hoja1!$C$1:$F$25,4,0)),"",(VLOOKUP(H20&I20,Hoja1!$C$1:$F$25,4,0))) -> Moderado | K20: Reducir | L20: 1 | M20: Monitoreo de asignación de citas | N20: Verificar el cumplimiento de los procedimientos y estándares definidos para la asignación de citas | O20: Retroalimentación sobre casos presentados | P20: Probabilidad | Q20: Si | R20: N/A | S20: Si | T20: Responsable del servicio de consulta externa | U20: Si | V20: Permanente | W20: Enero-Abril | X20: Mayo-Agosto | Y20: Septiembre-Diciembre | Z20: Si | AA20: Registro de casos con falencias | AB20: =SUM(IF(Q20="Si",Q$15,0)+(IF(S20="Si",S$15,0))+IF(U20="Si",U$15,0)+IF(Z20="Si",Z$15,0)) -> 100 | AC20: =IF(AND(L20=2,P20="Probabilidad",AB20>=75),50,IF(AND(P20="Probabilidad",L20=2,AB20>=50),37,IF(AND(P20="Probabilidad",L20=2,AB20>=25),25,IF(AND(P20="Probabilidad",L20=2,AB20>10),12,IF(AND(L20=1,P20="Probabilidad",AB20>=75),100,IF(AND(P20="Probabilidad",L20=1,AB20>=50),75,IF(AND(P20="Probabilidad",L20=1,AB20>=25),50,IF(AND(P20="Probabilidad",L20=1,AB20>10),25,IF(AND(P20="Probabilidad",L20=3,AB20>=75),33.3,IF(AND(P20="Probabilidad",L20=3,AB20,AB20>=50),25,IF(AND(P20="Probabilidad",L20=3,AB20>=25),17,IF(AND(P20="Probabilidad",L20=3,AB20>10),8,0)))))))))))) -> 100 | AD20: =IF(AND(L20=2,P20="Impacto",AB20>=75),50,IF(AND(P20="Impacto",L20=2,AB20>=50),37,IF(AND(P20="Impacto",L20=2,AB20>=25),25,IF(AND(P20="Impacto",L20=2,AB20>10),12,IF(AND(L20=1,P20="Impacto",AB20>=75),100,IF(AND(P20="Impacto",L20=1,AB20>=50),75,IF(AND(P20="Impacto",L20=1,AB20>=25),50,IF(AND(P20="Impacto",L20=1,AB20>10),25,IF(AND(P20="Impacto",L20=3,AB20>=75),33.3,IF(AND(P20="Impacto",L20=3,AB20,AB20>=50),25,IF(AND(P20="Impacto",L20=3,AB20>=25),17,IF(AND(P20="Impacto",L20=3,AB20>10),8,0)))))))))))) -> 0 | AE20: =SUM(AC20:AC22) -> 100 | AF20: =SUM(AD20:AD22) -> 0 | AG20: =IF(AE20>75,2,IF(AE20>=30,1,"-")) -> 2 | AH20: =IF(AF20>75,2,IF(AF20>=30,1,"-")) -> - | AJ20: =IF(AND(AG20=2,H20="Casi seguro"),Hoja1!$J$5,IF(AND(AG20=2,H20="Posible"),Hoja1!$J$6,IF(AND(H20="Improbable",AG20=2),Hoja1!J24,IF(AND(AG20=1,H20="Casi seguro"),Hoja1!$J$4,IF(AND(AG20=1,H20="Posible"),Hoja1!$J$5,IF(AND(AG20=1,H20="Improbable"),Hoja1!$J$6,'FT-Mapa de riesgos'!H20)))))) -> Rara Vez | AK20: =IF(AND(AH20=2,I20="Catastrofico"),Hoja1!$K$5,IF(AND(AH20=2,I20="Mayor"),Hoja1!$K$6,IF(AND(AH20=2,I20="Moderado"),Hoja1!$K$7,IF(AND(AH20=1,I20="Catastrofico"),Hoja1!$K$4,IF(AND(AH20=1,I20="Mayor "),Hoja1!$K$5,IF(AND(AH20=1,I20="Moderado"),Hoja1!$K$6,IF(AND(AH20=2,I20="Menor"),Hoja1!$K$7,'FT-Mapa de riesgos'!I20))))))) -> Menor | AL20: =IF(ISERROR(VLOOKUP(AJ20&AK20,Hoja1!$C$1:$F$25,4,0)),"",(VLOOKUP(AJ20&AK20,Hoja1!$C$1:$F$25,4,0))) -> Bajo | AM20: EFICACIA: Índice de cumplimiento actividades= (# de actividades cumplidas / # de actividades programadas) x 100
R21: =+IF(Q21="No","N/A","") | T21: =+IF(S21="No","N/A","") | AA21: =+IF(Z21="No","N/A","") | AB21: =SUM(IF(Q21="Si",Q$15,0)+(IF(S21="Si",S$15,0))+IF(U21="Si",U$15,0)+IF(Z21="Si",Z$15,0)) -> 0 | AC21: =IF(AND(L20=2,P21="Probabilidad",AB21>=75),50,IF(AND(P21="Probabilidad",L20=2,AB21>=50),37,IF(AND(P21="Probabilidad",L20=2,AB21>=25),25,IF(AND(P21="Probabilidad",L20=2,AB21>10),12,IF(AND(L20=1,P21="Probabilidad",AB21>=75),100,IF(AND(P21="Probabilidad",L20=1,AB21>=50),75,IF(AND(P21="Probabilidad",L20=1,AB21>=25),50,IF(AND(P21="Probabilidad",L20=1,AB21>10),25,IF(AND(P21="Probabilidad",L20=3,AB21>=75),33.3,IF(AND(P21="Probabilidad",L20=3,AB21,AB21>=50),25,IF(AND(P21="Probabilidad",L20=3,AB21>=25),17,IF(AND(P21="Probabilidad",L20=3,AB21>10),8,0)))))))))))) -> 0 | AD21: =IF(AND(L20=2,P21="Impacto",AB21>=75),50,IF(AND(P21="Impacto",L20=2,AB21>=50),37,IF(AND(P21="Impacto",L20=2,AB21>=25),25,IF(AND(P21="Impacto",L20=2,AB21>10),12,IF(AND(L20=1,P21="Impacto",AB21>=75),100,IF(AND(P21="Impacto",L20=1,AB21>=50),75,IF(AND(P21="Impacto",L20=1,AB21>=25),50,IF(AND(P21="Impacto",L20=1,AB21>10),25,IF(AND(P21="Impacto",L20=3,AB21>=75),33.3,IF(AND(P21="Impacto",L20=3,AB21,AB21>=50),25,IF(AND(P21="Impacto",L20=3,AB21>=25),17,IF(AND(P21="Impacto",L20=3,AB21>10),8,0)))))))))))) -> 0
R22: =+IF(Q22="No","N/A","") | T22: =+IF(S22="No","N/A","") | AA22: =+IF(Z22="No","N/A","") | AB22: =SUM(IF(Q22="Si",Q$15,0)+(IF(S22="Si",S$15,0))+IF(U22="Si",U$15,0)+IF(Z22="Si",Z$15,0)) -> 0 | AC22: =IF(AND(L20=2,P22="Probabilidad",AB22>=75),50,IF(AND(P22="Probabilidad",L20=2,AB22>=50),37,IF(AND(P22="Probabilidad",L20=2,AB22>=25),25,IF(AND(P22="Probabilidad",L20=2,AB22>10),12,IF(AND(L20=1,P22="Probabilidad",AB22>=75),100,IF(AND(P22="Probabilidad",L20=1,AB22>=50),75,IF(AND(P22="Probabilidad",L20=1,AB22>=25),50,IF(AND(P22="Probabilidad",L20=1,AB22>10),25,IF(AND(P22="Probabilidad",L20=3,AB22>=75),33.3,IF(AND(P22="Probabilidad",L20=3,AB22,AB22>=50),25,IF(AND(P22="Probabilidad",L20=3,AB22>=25),17,IF(AND(P22="Probabilidad",L20=3,AB22>10),8,0)))))))))))) -> 0 | AD22: =IF(AND(L20=2,P22="Impacto",AB22>=75),50,IF(AND(P22="Impacto",L20=2,AB22>=50),37,IF(AND(P22="Impacto",L20=2,AB22>=25),25,IF(AND(P22="Impacto",L20=2,AB22>10),12,IF(AND(L20=1,P22="Impacto",AB22>=75),100,IF(AND(P22="Impacto",L20=1,AB22>=50),75,IF(AND(P22="Impacto",L20=1,AB22>=25),50,IF(AND(P22="Impacto",L20=1,AB22>10),25,IF(AND(P22="Impacto",L20=3,AB22>=75),33.3,IF(AND(P22="Impacto",L20=3,AB22,AB22>=50),25,IF(AND(P22="Impacto",L20=3,AB22>=25),17,IF(AND(P22="Impacto",L20=3,AB22>10),8,0)))))))))))) -> 0
B23: 2 | C23: Perdida de medicamentos, reactivos y/o insumos | D23: Inadecuado manejo de inventarios de los medicamentos, reactivos e insumos | E23: Corrupción | F23: Inventarios desactualizados | G23: 1. Detrimiento patrimonial 2. Investigaciones administrativas | H23: Posible | I23: Moderado | J23: =IF(ISERROR(VLOOKUP(H23&I23,Hoja1!$C$1:$F$25,4,0)),"",(VLOOKUP(H23&I23,Hoja1!$C$1:$F$25,4,0))) -> Alto | K23: Reducir | L23: 3 | M23: Mantener actualizada la información de movimiento de inventarios | N23: Descargue de inventarios en tiempo real respecto de la dispensación de los medicamentos | O23: Informar al jefe de la bodega y/o almacen | P23: Probabilidad | Q23: No | R23: =+IF(Q23="No","N/A","") -> N/A | S23: Si | T23: Jefe del servicio y Encargado del almacen | U23: Si | V23: Trimestral | W23: Enero-Abril | X23: Mayo-Agosto | Y23: Septiembre-Diciembre | Z23: Si | AA23: Informe de revista de almacen | AB23: =SUM(IF(Q23="Si",Q$15,0)+(IF(S23="Si",S$15,0))+IF(U23="Si",U$15,0)+IF(Z23="Si",Z$15,0)) -> 68 | AC23: =IF(AND(L23=2,P23="Probabilidad",AB23>=75),50,IF(AND(P23="Probabilidad",L23=2,AB23>=50),37,IF(AND(P23="Probabilidad",L23=2,AB23>=25),25,IF(AND(P23="Probabilidad",L23=2,AB23>10),12,IF(AND(L23=1,P23="Probabilidad",AB23>=75),100,IF(AND(P23="Probabilidad",L23=1,AB23>=50),75,IF(AND(P23="Probabilidad",L23=1,AB23>=25),50,IF(AND(P23="Probabilidad",L23=1,AB23>10),25,IF(AND(P23="Probabilidad",L23=3,AB23>=75),33.3,IF(AND(P23="Probabilidad",L23=3,AB23,AB23>=50),25,IF(AND(P23="Probabilidad",L23=3,AB23>=25),17,IF(AND(P23="Probabilidad",L23=3,AB23>10),8,0)))))))))))) -> 25 | AD23: =IF(AND(L23=2,P23="Impacto",AB23>=75),50,IF(AND(P23="Impacto",L23=2,AB23>=50),37,IF(AND(P23="Impacto",L23=2,AB23>=25),25,IF(AND(P23="Impacto",L23=2,AB23>10),12,IF(AND(L23=1,P23="Impacto",AB23>=75),100,IF(AND(P23="Impacto",L23=1,AB23>=50),75,IF(AND(P23="Impacto",L23=1,AB23>=25),50,IF(AND(P23="Impacto",L23=1,AB23>10),25,IF(AND(P23="Impacto",L23=3,AB23>=75),33.3,IF(AND(P23="Impacto",L23=3,AB23,AB23>=50),25,IF(AND(P23="Impacto",L23=3,AB23>=25),17,IF(AND(P23="Impacto",L23=3,AB23>10),8,0)))))))))))) -> 0 | AE23: =SUM(AC23:AC25) -> 75 | AF23: =SUM(AD23:AD25) -> 0 | AG23: =IF(AE23>75,2,IF(AE23>=30,1,"-")) -> 1 | AH23: =IF(AF23>75,2,IF(AF23>=30,1,"-")) -> - | AJ23: =IF(AND(AG23=2,H23="Casi seguro"),Hoja1!$J$5,IF(AND(AG23=2,H23="Posible"),Hoja1!$J$6,IF(AND(H23="Improbable",AG23=2),Hoja1!#REF!,IF(AND(AG23=1,H23="Casi seguro"),Hoja1!$J$4,IF(AND(AG23=1,H23="Posible"),Hoja1!$J$5,IF(AND(AG23=1,H23="Improbable"),Hoja1!$J$6,'FT-Mapa de riesgos'!H23)))))) -> Improbable | AK23: =IF(AND(AH23=2,I23="Catastrofico"),Hoja1!$K$5,IF(AND(AH23=2,I23="Mayor"),Hoja1!$K$6,IF(AND(AH23=2,I23="Moderado"),Hoja1!$K$7,IF(AND(AH23=1,I23="Catastrofico"),Hoja1!$K$4,IF(AND(AH23=1,I23="Mayor "),Hoja1!$K$5,IF(AND(AH23=1,I23="Moderado"),Hoja1!$K$6,IF(AND(AH23=2,I23="Menor"),Hoja1!$K$7,'FT-Mapa de riesgos'!I23))))))) -> Moderado | AL23: =IF(ISERROR(VLOOKUP(AJ23&AK23,Hoja1!$C$1:$F$25,4,0)),"",(VLOOKUP(AJ23&AK23,Hoja1!$C$1:$F$25,4,0))) -> Moderado
F24: Inadecauda recepción de los medicamentos, reactivos e insumos | K24: Reducir | M24: Recepción de los medicamentos, reactivos e insumos y control del diligenciamiento total de la información del formato | N24: Verificar los insumos solicitados vs la factura y el contrato | O24: No acepta la entrega del insumo con novedades y generar informe | P24: Probabilidad | Q24: No | R24: =+IF(Q24="No","N/A","") -> N/A | S24: Si | T24: Encargado del almacen y supervisor del contrato | U24: Si | V24: Mensual | W24: Enero-Abril | X24: Mayo-Agosto | Y24: Septiembre-Diciembre | Z24: Si | AA24: Formato de recepción técnica | AB24: =SUM(IF(Q24="Si",Q$15,0)+(IF(S24="Si",S$15,0))+IF(U24="Si",U$15,0)+IF(Z24="Si",Z$15,0)) -> 68 | AC24: =IF(AND(L23=2,P24="Probabilidad",AB24>=75),50,IF(AND(P24="Probabilidad",L23=2,AB24>=50),37,IF(AND(P24="Probabilidad",L23=2,AB24>=25),25,IF(AND(P24="Probabilidad",L23=2,AB24>10),12,IF(AND(L23=1,P24="Probabilidad",AB24>=75),100,IF(AND(P24="Probabilidad",L23=1,AB24>=50),75,IF(AND(P24="Probabilidad",L23=1,AB24>=25),50,IF(AND(P24="Probabilidad",L23=1,AB24>10),25,IF(AND(P24="Probabilidad",L23=3,AB24>=75),33.3,IF(AND(P24="Probabilidad",L23=3,AB24,AB24>=50),25,IF(AND(P24="Probabilidad",L23=3,AB24>=25),17,IF(AND(P24="Probabilidad",L23=3,AB24>10),8,0)))))))))))) -> 25 | AD24: =IF(AND(L23=2,P24="Impacto",AB24>=75),50,IF(AND(P24="Impacto",L23=2,AB24>=50),37,IF(AND(P24="Impacto",L23=2,AB24>=25),25,IF(AND(P24="Impacto",L23=2,AB24>10),12,IF(AND(L23=1,P24="Impacto",AB24>=75),100,IF(AND(P24="Impacto",L23=1,AB24>=50),75,IF(AND(P24="Impacto",L23=1,AB24>=25),50,IF(AND(P24="Impacto",L23=1,AB24>10),25,IF(AND(P24="Impacto",L23=3,AB24>=75),33.3,IF(AND(P24="Impacto",L23=3,AB24,AB24>=50),25,IF(AND(P24="Impacto",L23=3,AB24>=25),17,IF(AND(P24="Impacto",L23=3,AB24>10),8,0)))))))))))) -> 0
F25: Controles inefectivos o insuficientes | K25: Reducir | M25: Selectivas control de existencias | N25: Verificar los inventarios en Dinamica contra las existencias fisicas | O25: Analizar información por digitar y registros realizados | P25: Probabilidad | Q25: No | R25: =+IF(Q25="No","N/A","") -> N/A | S25: Si | T25: Coordinador de Farmacia | U25: Si | V25: Semanal | W25: Enero-Abril | X25: Mayo-Agosto | Y25: Septiembre-Diciembre | Z25: Si | AA25: Formato selectivas | AB25: =SUM(IF(Q25="Si",Q$15,0)+(IF(S25="Si",S$15,0))+IF(U25="Si",U$15,0)+IF(Z25="Si",Z$15,0)) -> 68 | AC25: =IF(AND(L23=2,P25="Probabilidad",AB25>=75),50,IF(AND(P25="Probabilidad",L23=2,AB25>=50),37,IF(AND(P25="Probabilidad",L23=2,AB25>=25),25,IF(AND(P25="Probabilidad",L23=2,AB25>10),12,IF(AND(L23=1,P25="Probabilidad",AB25>=75),100,IF(AND(P25="Probabilidad",L23=1,AB25>=50),75,IF(AND(P25="Probabilidad",L23=1,AB25>=25),50,IF(AND(P25="Probabilidad",L23=1,AB25>10),25,IF(AND(P25="Probabilidad",L23=3,AB25>=75),33.3,IF(AND(P25="Probabilidad",L23=3,AB25,AB25>=50),25,IF(AND(P25="Probabilidad",L23=3,AB25>=25),17,IF(AND(P25="Probabilidad",L23=3,AB25>10),8,0)))))))))))) -> 25 | AD25: =IF(AND(L23=2,P25="Impacto",AB25>=75),50,IF(AND(P25="Impacto",L23=2,AB25>=50),37,IF(AND(P25="Impacto",L23=2,AB25>=25),25,IF(AND(P25="Impacto",L23=2,AB25>10),12,IF(AND(L23=1,P25="Impacto",AB25>=75),100,IF(AND(P25="Impacto",L23=1,AB25>=50),75,IF(AND(P25="Impacto",L23=1,AB25>=25),50,IF(AND(P25="Impacto",L23=1,AB25>10),25,IF(AND(P25="Impacto",L23=3,AB25>=75),33.3,IF(AND(P25="Impacto",L23=3,AB25,AB25>=50),25,IF(AND(P25="Impacto",L23=3,AB25>=25),17,IF(AND(P25="Impacto",L23=3,AB25>10),8,0)))))))))))) -> 0
B26: 3 | C26: Falsificación y adulteración de fórmulas medicas | D26: Reclamación de medicamentos e insumos con documentos adulterados o fraudulentos | E26: Corrupción | F26: Hurto de talonarios de formulas medicas. | G26: 1.Reclamacion de medicamentos e insumos de salud. 2.Detrimento patrimonial del SSFM. | H26: Posible | I26: Mayor | J26: =IF(ISERROR(VLOOKUP(H26&I26,Hoja1!$C$1:$F$25,4,0)),"",(VLOOKUP(H26&I26,Hoja1!$C$1:$F$25,4,0))) -> Extremo | K26: Reducir | L26: 2 | M26: Entrega controlada de talonarios al área asistencial y del uso de los mismos | N26: Imprenta hace entrega de los talonarios al almacen, este hace entrega a las secretarias de los servicios y al interior de cada servicio se hace entrega de talonarios según demanda de los medicos asistenciales. No hay una trazabilidad de los talonarios especialmente al momento de la prescripción | O26: Requerir la acalración e investigación pertinente | P26: Probabilidad | Q26: No | R26: =+IF(Q26="No","N/A","") -> N/A | S26: Si | T26: Jefe de Servicio Asistencial respectivo | U26: Si | V26: Permanente | W26: Enero-Abril | X26: Mayo-Agosto | Y26: Septiembre-Diciembre | Z26: Si | AA26: Formula medica | AB26: =SUM(IF(Q26="Si",Q$15,0)+(IF(S26="Si",S$15,0))+IF(U26="Si",U$15,0)+IF(Z26="Si",Z$15,0)) -> 68 | AC26: =IF(AND(L26=2,P26="Probabilidad",AB26>=75),50,IF(AND(P26="Probabilidad",L26=2,AB26>=50),37,IF(AND(P26="Probabilidad",L26=2,AB26>=25),25,IF(AND(P26="Probabilidad",L26=2,AB26>10),12,IF(AND(L26=1,P26="Probabilidad",AB26>=75),100,IF(AND(P26="Probabilidad",L26=1,AB26>=50),75,IF(AND(P26="Probabilidad",L26=1,AB26>=25),50,IF(AND(P26="Probabilidad",L26=1,AB26>10),25,IF(AND(P26="Probabilidad",L26=3,AB26>=75),33.3,IF(AND(P26="Probabilidad",L26=3,AB26,AB26>=50),25,IF(AND(P26="Probabilidad",L26=3,AB26>=25),17,IF(AND(P26="Probabilidad",L26=3,AB26>10),8,0)))))))))))) -> 37 | AD26: =IF(AND(L26=2,P26="Impacto",AB26>=75),50,IF(AND(P26="Impacto",L26=2,AB26>=50),37,IF(AND(P26="Impacto",L26=2,AB26>=25),25,IF(AND(P26="Impacto",L26=2,AB26>10),12,IF(AND(L26=1,P26="Impacto",AB26>=75),100,IF(AND(P26="Impacto",L26=1,AB26>=50),75,IF(AND(P26="Impacto",L26=1,AB26>=25),50,IF(AND(P26="Impacto",L26=1,AB26>10),25,IF(AND(P26="Impacto",L26=3,AB26>=75),33.3,IF(AND(P26="Impacto",L26=3,AB26,AB26>=50),25,IF(AND(P26="Impacto",L26=3,AB26>=25),17,IF(AND(P26="Impacto",L26=3,AB26>10),8,0)))))))))))) -> 0 | AE26: =SUM(AC26:AC28) -> 87 | AF26: =SUM(AD26:AD28) -> 0 | AG26: =IF(AE26>75,2,IF(AE26>=30,1,"-")) -> 2 | AH26: =IF(AF26>75,2,IF(AF26>=30,1,"-")) -> - | AJ26: =IF(AND(AG26=2,H26="Casi seguro"),Hoja1!$J$5,IF(AND(AG26=2,H26="Posible"),Hoja1!$J$6,IF(AND(H26="Improbable",AG26=2),Hoja1!J9,IF(AND(AG26=1,H26="Casi seguro"),Hoja1!$J$4,IF(AND(AG26=1,H26="Posible"),Hoja1!$J$5,IF(AND(AG26=1,H26="Improbable"),Hoja1!$J$6,'FT-Mapa de riesgos'!H26)))))) -> Rara Vez | AK26: =IF(AND(AH26=2,I26="Catastrofico"),Hoja1!$K$5,IF(AND(AH26=2,I26="Mayor"),Hoja1!$K$6,IF(AND(AH26=2,I26="Moderado"),Hoja1!$K$7,IF(AND(AH26=1,I26="Catastrofico"),Hoja1!$K$4,IF(AND(AH26=1,I26="Mayor "),Hoja1!$K$5,IF(AND(AH26=1,I26="Moderado"),Hoja1!$K$6,IF(AND(AH26=2,I26="Menor"),Hoja1!$K$7,'FT-Mapa de riesgos'!I26))))))) -> Mayor | AL26: =IF(ISERROR(VLOOKUP(AJ26&AK26,Hoja1!$C$1:$F$25,4,0)),"",(VLOOKUP(AJ26&AK26,Hoja1!$C$1:$F$25,4,0))) -> Alto
F27: Adulteracion externa de formulas medicas. | K27: Reducir | M27: Validación de formulas medicas con DGH.Net. | N27: Dinamica gerencial genera la prescripción conforme a las claves de acceso de cada uno de los medicos tratantes | O27: Requerir la acalración e investigación pertinente | P27: Probabilidad | Q27: Si | R27: Dinamica Gerencial - Historias Clinicas | S27: Si | T27: Tecnico de Farmacia | U27: Si | V27: Permanente | W27: Enero-Abril | X27: Mayo-Agosto | Y27: Septiembre-Diciembre | Z27: Si | AA27: Formula medica | AB27: =SUM(IF(Q27="Si",Q$15,0)+(IF(S27="Si",S$15,0))+IF(U27="Si",U$15,0)+IF(Z27="Si",Z$15,0)) -> 100 | AC27: =IF(AND(L26=2,P27="Probabilidad",AB27>=75),50,IF(AND(P27="Probabilidad",L26=2,AB27>=50),37,IF(AND(P27="Probabilidad",L26=2,AB27>=25),25,IF(AND(P27="Probabilidad",L26=2,AB27>10),12,IF(AND(L26=1,P27="Probabilidad",AB27>=75),100,IF(AND(P27="Probabilidad",L26=1,AB27>=50),75,IF(AND(P27="Probabilidad",L26=1,AB27>=25),50,IF(AND(P27="Probabilidad",L26=1,AB27>10),25,IF(AND(P27="Probabilidad",L26=3,AB27>=75),33.3,IF(AND(P27="Probabilidad",L26=3,AB27,AB27>=50),25,IF(AND(P27="Probabilidad",L26=3,AB27>=25),17,IF(AND(P27="Probabilidad",L26=3,AB27>10),8,0)))))))))))) -> 50 | AD27: =IF(AND(L26=2,P27="Impacto",AB27>=75),50,IF(AND(P27="Impacto",L26=2,AB27>=50),37,IF(AND(P27="Impacto",L26=2,AB27>=25),25,IF(AND(P27="Impacto",L26=2,AB27>10),12,IF(AND(L26=1,P27="Impacto",AB27>=75),100,IF(AND(P27="Impacto",L26=1,AB27>=50),75,IF(AND(P27="Impacto",L26=1,AB27>=25),50,IF(AND(P27="Impacto",L26=1,AB27>10),25,IF(AND(P27="Impacto",L26=3,AB27>=75),33.3,IF(AND(P27="Impacto",L26=3,AB27,AB27>=50),25,IF(AND(P27="Impacto",L26=3,AB27>=25),17,IF(AND(P27="Impacto",L26=3,AB27>10),8,0)))))))))))) -> 0
R28: =+IF(Q28="No","N/A","") | T28: =+IF(S28="No","N/A","") | AA28: =+IF(Z28="No","N/A","") | AB28: =SUM(IF(Q28="Si",Q$15,0)+(IF(S28="Si",S$15,0))+IF(U28="Si",U$15,0)+IF(Z28="Si",Z$15,0)) -> 0 | AC28: =IF(AND(L26=2,P28="Probabilidad",AB28>=75),50,IF(AND(P28="Probabilidad",L26=2,AB28>=50),37,IF(AND(P28="Probabilidad",L26=2,AB28>=25),25,IF(AND(P28="Probabilidad",L26=2,AB28>10),12,IF(AND(L26=1,P28="Probabilidad",AB28>=75),100,IF(AND(P28="Probabilidad",L26=1,AB28>=50),75,IF(AND(P28="Probabilidad",L26=1,AB28>=25),50,IF(AND(P28="Probabilidad",L26=1,AB28>10),25,IF(AND(P28="Probabilidad",L26=3,AB28>=75),33.3,IF(AND(P28="Probabilidad",L26=3,AB28,AB28>=50),25,IF(AND(P28="Probabilidad",L26=3,AB28>=25),17,IF(AND(P28="Probabilidad",L26=3,AB28>10),8,0)))))))))))) -> 0 | AD28: =IF(AND(L26=2,P28="Impacto",AB28>=75),50,IF(AND(P28="Impacto",L26=2,AB28>=50),37,IF(AND(P28="Impacto",L26=2,AB28>=25),25,IF(AND(P28="Impacto",L26=2,AB28>10),12,IF(AND(L26=1,P28="Impacto",AB28>=75),100,IF(AND(P28="Impacto",L26=1,AB28>=50),75,IF(AND(P28="Impacto",L26=1,AB28>=25),50,IF(AND(P28="Impacto",L26=1,AB28>10),25,IF(AND(P28="Impacto",L26=3,AB28>=75),33.3,IF(AND(P28="Impacto",L26=3,AB28,AB28>=50),25,IF(AND(P28="Impacto",L26=3,AB28>=25),17,IF(AND(P28="Impacto",L26=3,AB28>10),8,0)))))))))))) -> 0
B29: 4 | C29: Ingreso de aspirantes sin el cumplimiento de requisitos por influencia de terceros (ESAE) | D29: Cumplimiento del perfil de ingreso establecido según la Norma y el PEI institucional | E29: Corrupción | F29: Falta de cumplimiento de los procedimientos admisión | G29: 1. Falta de credibilidad de la Escuela de Enfermería | H29: Rara vez | I29: Moderado | J29: =IF(ISERROR(VLOOKUP(H29&I29,Hoja1!$C$1:$F$25,4,0)),"",(VLOOKUP(H29&I29,Hoja1!$C$1:$F$25,4,0))) -> Moderado | K29: Reducir | L29: 1 | M29: Lista de chequeo de requisitos de admisión | N29: Verificar la aprobación de pruebas de conocimiento y entrevista. | O29: suspensión de proceso de matricula | P29: Probabilidad | Q29: No | R29: =+IF(Q29="No","N/A","") -> N/A | S29: Si | T29: Directora de la ESAE. Líder de procedimiento de Admisiones | U29: Si | V29: Semestral | W29: N/A | X29: Mayo-Agosto | Y29: Septiembre-Diciembre | Z29: Si | AA29: Folios de vida | AB29: =SUM(IF(Q29="Si",Q$15,0)+(IF(S29="Si",S$15,0))+IF(U29="Si",U$15,0)+IF(Z29="Si",Z$15,0)) -> 68 | AC29: =IF(AND(L29=2,P29="Probabilidad",AB29>=75),50,IF(AND(P29="Probabilidad",L29=2,AB29>=50),37,IF(AND(P29="Probabilidad",L29=2,AB29>=25),25,IF(AND(P29="Probabilidad",L29=2,AB29>10),12,IF(AND(L29=1,P29="Probabilidad",AB29>=75),100,IF(AND(P29="Probabilidad",L29=1,AB29>=50),75,IF(AND(P29="Probabilidad",L29=1,AB29>=25),50,IF(AND(P29="Probabilidad",L29=1,AB29>10),25,IF(AND(P29="Probabilidad",L29=3,AB29>=75),33.3,IF(AND(P29="Probabilidad",L29=3,AB29,AB29>=50),25,IF(AND(P29="Probabilidad",L29=3,AB29>=25),17,IF(AND(P29="Probabilidad",L29=3,AB29>10),8,0)))))))))))) -> 75 | AD29: =IF(AND(L29=2,P29="Impacto",AB29>=75),50,IF(AND(P29="Impacto",L29=2,AB29>=50),37,IF(AND(P29="Impacto",L29=2,AB29>=25),25,IF(AND(P29="Impacto",L29=2,AB29>10),12,IF(AND(L29=1,P29="Impacto",AB29>=75),100,IF(AND(P29="Impacto",L29=1,AB29>=50),75,IF(AND(P29="Impacto",L29=1,AB29>=25),50,IF(AND(P29="Impacto",L29=1,AB29>10),25,IF(AND(P29="Impacto",L29=3,AB29>=75),33.3,IF(AND(P29="Impacto",L29=3,AB29,AB29>=50),25,IF(AND(P29="Impacto",L29=3,AB29>=25),17,IF(AND(P29="Impacto",L29=3,AB29>10),8,0)))))))))))) -> 0 | AE29: =SUM(AC29:AC31) -> 75 | AF29: =SUM(AD29:AD31) -> 0 | AG29: =IF(AE29>75,2,IF(AE29>=30,1,"-")) -> 1 | AH29: =IF(AF29>75,2,IF(AF29>=30,1,"-")) -> - | AJ29: =IF(AND(AG29=2,H29="Casi seguro"),Hoja1!$J$5,IF(AND(AG29=2,H29="Posible"),Hoja1!$J$6,IF(AND(H29="Improbable",AG29=2),Hoja1!J30,IF(AND(AG29=1,H29="Casi seguro"),Hoja1!$J$4,IF(AND(AG29=1,H29="Posible"),Hoja1!$J$5,IF(AND(AG29=1,H29="Improbable"),Hoja1!$J$6,'FT-Mapa de riesgos'!H29)))))) -> Rara vez | AK29: =IF(AND(AH29=2,I29="Catastrofico"),Hoja1!$K$5,IF(AND(AH29=2,I29="Mayor"),Hoja1!$K$6,IF(AND(AH29=2,I29="Moderado"),Hoja1!$K$7,IF(AND(AH29=1,I29="Catastrofico"),Hoja1!$K$4,IF(AND(AH29=1,I29="Mayor "),Hoja1!$K$5,IF(AND(AH29=1,I29="Moderado"),Hoja1!$K$6,IF(AND(AH29=2,I29="Menor"),Hoja1!$K$7,'FT-Mapa de riesgos'!I29))))))) -> Moderado | AL29: =IF(ISERROR(VLOOKUP(AJ29&AK29,Hoja1!$C$1:$F$25,4,0)),"",(VLOOKUP(AJ29&AK29,Hoja1!$C$1:$F$25,4,0))) -> Moderado
R30: =+IF(Q30="No","N/A","") | T30: =+IF(S30="No","N/A","") | AA30: =+IF(Z30="No","N/A","") | AB30: =SUM(IF(Q30="Si",Q$15,0)+(IF(S30="Si",S$15,0))+IF(U30="Si",U$15,0)+IF(Z30="Si",Z$15,0)) -> 0 | AC30: =IF(AND(L29=2,P30="Probabilidad",AB30>=75),50,IF(AND(P30="Probabilidad",L29=2,AB30>=50),37,IF(AND(P30="Probabilidad",L29=2,AB30>=25),25,IF(AND(P30="Probabilidad",L29=2,AB30>10),12,IF(AND(L29=1,P30="Probabilidad",AB30>=75),100,IF(AND(P30="Probabilidad",L29=1,AB30>=50),75,IF(AND(P30="Probabilidad",L29=1,AB30>=25),50,IF(AND(P30="Probabilidad",L29=1,AB30>10),25,IF(AND(P30="Probabilidad",L29=3,AB30>=75),33.3,IF(AND(P30="Probabilidad",L29=3,AB30,AB30>=50),25,IF(AND(P30="Probabilidad",L29=3,AB30>=25),17,IF(AND(P30="Probabilidad",L29=3,AB30>10),8,0)))))))))))) -> 0 | AD30: =IF(AND(L29=2,P30="Impacto",AB30>=75),50,IF(AND(P30="Impacto",L29=2,AB30>=50),37,IF(AND(P30="Impacto",L29=2,AB30>=25),25,IF(AND(P30="Impacto",L29=2,AB30>10),12,IF(AND(L29=1,P30="Impacto",AB30>=75),100,IF(AND(P30="Impacto",L29=1,AB30>=50),75,IF(AND(P30="Impacto",L29=1,AB30>=25),50,IF(AND(P30="Impacto",L29=1,AB30>10),25,IF(AND(P30="Impacto",L29=3,AB30>=75),33.3,IF(AND(P30="Impacto",L29=3,AB30,AB30>=50),25,IF(AND(P30="Impacto",L29=3,AB30>=25),17,IF(AND(P30="Impacto",L29=3,AB30>10),8,0)))))))))))) -> 0
R31: =+IF(Q31="No","N/A","") | T31: =+IF(S31="No","N/A","") | AA31: =+IF(Z31="No","N/A","") | AB31: =SUM(IF(Q31="Si",Q$15,0)+(IF(S31="Si",S$15,0))+IF(U31="Si",U$15,0)+IF(Z31="Si",Z$15,0)) -> 0 | AC31: =IF(AND(L29=2,P31="Probabilidad",AB31>=75),50,IF(AND(P31="Probabilidad",L29=2,AB31>=50),37,IF(AND(P31="Probabilidad",L29=2,AB31>=25),25,IF(AND(P31="Probabilidad",L29=2,AB31>10),12,IF(AND(L29=1,P31="Probabilidad",AB31>=75),100,IF(AND(P31="Probabilidad",L29=1,AB31>=50),75,IF(AND(P31="Probabilidad",L29=1,AB31>=25),50,IF(AND(P31="Probabilidad",L29=1,AB31>10),25,IF(AND(P31="Probabilidad",L29=3,AB31>=75),33.3,IF(AND(P31="Probabilidad",L29=3,AB31,AB31>=50),25,IF(AND(P31="Probabilidad",L29=3,AB31>=25),17,IF(AND(P31="Probabilidad",L29=3,AB31>10),8,0)))))))))))) -> 0 | AD31: =IF(AND(L29=2,P31="Impacto",AB31>=75),50,IF(AND(P31="Impacto",L29=2,AB31>=50),37,IF(AND(P31="Impacto",L29=2,AB31>=25),25,IF(AND(P31="Impacto",L29=2,AB31>10),12,IF(AND(L29=1,P31="Impacto",AB31>=75),100,IF(AND(P31="Impacto",L29=1,AB31>=50),75,IF(AND(P31="Impacto",L29=1,AB31>=25),50,IF(AND(P31="Impacto",L29=1,AB31>10),25,IF(AND(P31="Impacto",L29=3,AB31>=75),33.3,IF(AND(P31="Impacto",L29=3,AB31,AB31>=50),25,IF(AND(P31="Impacto",L29=3,AB31>=25),17,IF(AND(P31="Impacto",L29=3,AB31>10),8,0)))))))))))) -> 0
B32: 5 | C32: Perdida de materiales y/o herramientas para el mantenimiento de las instalaciones | D32: Extravio de los materiales y herramients utilizadas para los mantenimientos de la entidad | E32: Corrupción | F32: Sobreestimación de los materiales para la ejecución de los mantenimientos | G32: 1. Sanciones disciplinarias, fiscales y penales | H32: Posible | I32: Moderado | J32: =IF(ISERROR(VLOOKUP(H32&I32,Hoja1!$C$1:$F$25,4,0)),"",(VLOOKUP(H32&I32,Hoja1!$C$1:$F$25,4,0))) -> Alto | K32: Reducir | L32: 3 | M32: Orden de servicios y solicitud al almacén con las cantidades determinadas | N32: Solicitar al almacén los insumos de materiales de mantenimiento de acuerdo a los valoraciones de las obras a realizar | O32: Se suspende el mantenimiento se prioriza para adquirir materiales por caja menor | P32: Probabilidad | Q32: No | R32: =+IF(Q32="No","N/A","") -> N/A | S32: Si | T32: Jefe del área de mantenimiento | U32: Si | V32: Permanente | W32: Enero-Abril | X32: Mayo-Agosto | Y32: Septiembre-Diciembre | Z32: Si | AA32: Archivo con ordenes de servicio del almacén | AB32: =SUM(IF(Q32="Si",Q$15,0)+(IF(S32="Si",S$15,0))+IF(U32="Si",U$15,0)+IF(Z32="Si",Z$15,0)) -> 68 | AC32: =IF(AND(L32=2,P32="Probabilidad",AB32>=75),50,IF(AND(P32="Probabilidad",L32=2,AB32>=50),37,IF(AND(P32="Probabilidad",L32=2,AB32>=25),25,IF(AND(P32="Probabilidad",L32=2,AB32>10),12,IF(AND(L32=1,P32="Probabilidad",AB32>=75),100,IF(AND(P32="Probabilidad",L32=1,AB32>=50),75,IF(AND(P32="Probabilidad",L32=1,AB32>=25),50,IF(AND(P32="Probabilidad",L32=1,AB32>10),25,IF(AND(P32="Probabilidad",L32=3,AB32>=75),33.3,IF(AND(P32="Probabilidad",L32=3,AB32,AB32>=50),25,IF(AND(P32="Probabilidad",L32=3,AB32>=25),17,IF(AND(P32="Probabilidad",L32=3,AB32>10),8,0)))))))))))) -> 25 | AD32: =IF(AND(L32=2,P32="Impacto",AB32>=75),50,IF(AND(P32="Impacto",L32=2,AB32>=50),37,IF(AND(P32="Impacto",L32=2,AB32>=25),25,IF(AND(P32="Impacto",L32=2,AB32>10),12,IF(AND(L32=1,P32="Impacto",AB32>=75),100,IF(AND(P32="Impacto",L32=1,AB32>=50),75,IF(AND(P32="Impacto",L32=1,AB32>=25),50,IF(AND(P32="Impacto",L32=1,AB32>10),25,IF(AND(P32="Impacto",L32=3,AB32>=75),33.3,IF(AND(P32="Impacto",L32=3,AB32,AB32>=50),25,IF(AND(P32="Impacto",L32=3,AB32>=25),17,IF(AND(P32="Impacto",L32=3,AB32>10),8,0)))))))))))) -> 0 | AE32: =SUM(AC32:AC34) -> 75 | AF32: =SUM(AD32:AD34) -> 0 | AG32: =IF(AE32>75,2,IF(AE32>=30,1,"-")) -> 1 | AH32: =IF(AF32>75,2,IF(AF32>=30,1,"-")) -> - | AJ32: =IF(AND(AG32=2,H32="Casi seguro"),Hoja1!$J$5,IF(AND(AG32=2,H32="Posible"),Hoja1!$J$6,IF(AND(H32="Improbable",AG32=2),Hoja1!J45,IF(AND(AG32=1,H32="Casi seguro"),Hoja1!$J$4,IF(AND(AG32=1,H32="Posible"),Hoja1!$J$5,IF(AND(AG32=1,H32="Improbable"),Hoja1!$J$6,'FT-Mapa de riesgos'!H32)))))) -> Improbable | AK32: =IF(AND(AH32=2,I32="Catastrofico"),Hoja1!$K$5,IF(AND(AH32=2,I32="Mayor"),Hoja1!$K$6,IF(AND(AH32=2,I32="Moderado"),Hoja1!$K$7,IF(AND(AH32=1,I32="Catastrofico"),Hoja1!$K$4,IF(AND(AH32=1,I32="Mayor "),Hoja1!$K$5,IF(AND(AH32=1,I32="Moderado"),Hoja1!$K$6,IF(AND(AH32=2,I32="Menor"),Hoja1!$K$7,'FT-Mapa de riesgos'!I32))))))) -> Moderado | AL32: =IF(ISERROR(VLOOKUP(AJ32&AK32,Hoja1!$C$1:$F$25,4,0)),"",(VLOOKUP(AJ32&AK32,Hoja1!$C$1:$F$25,4,0))) -> Moderado | AM32: EFICACIA: Índice de cumplimiento actividades= (# de actividades cumplidas / # de actividades programadas) x 100
F33: Falencias en el control de la terminación de las obras | K33: Reducir | M33: Constancia de entrega de los mantenimiento realizados | N33: Se conserva la constancia de los materiales solicitados y aplicados en la obras de mantenimiento | O33: Anexar soportes de los mantenimientos | P33: Probabilidad | Q33: No | R33: =+IF(Q33="No","N/A","") -> N/A | S33: Si | T33: Jefe de talleres | U33: Si | V33: Permanente | W33: Enero-Abril | X33: Mayo-Agosto | Y33: Septiembre-Diciembre | Z33: Si | AA33: Actas de entrega de mantenimiento | AB33: =SUM(IF(Q33="Si",Q$15,0)+(IF(S33="Si",S$15,0))+IF(U33="Si",U$15,0)+IF(Z33="Si",Z$15,0)) -> 68 | AC33: =IF(AND(L32=2,P33="Probabilidad",AB33>=75),50,IF(AND(P33="Probabilidad",L32=2,AB33>=50),37,IF(AND(P33="Probabilidad",L32=2,AB33>=25),25,IF(AND(P33="Probabilidad",L32=2,AB33>10),12,IF(AND(L32=1,P33="Probabilidad",AB33>=75),100,IF(AND(P33="Probabilidad",L32=1,AB33>=50),75,IF(AND(P33="Probabilidad",L32=1,AB33>=25),50,IF(AND(P33="Probabilidad",L32=1,AB33>10),25,IF(AND(P33="Probabilidad",L32=3,AB33>=75),33.3,IF(AND(P33="Probabilidad",L32=3,AB33,AB33>=50),25,IF(AND(P33="Probabilidad",L32=3,AB33>=25),17,IF(AND(P33="Probabilidad",L32=3,AB33>10),8,0)))))))))))) -> 25 | AD33: =IF(AND(L32=2,P33="Impacto",AB33>=75),50,IF(AND(P33="Impacto",L32=2,AB33>=50),37,IF(AND(P33="Impacto",L32=2,AB33>=25),25,IF(AND(P33="Impacto",L32=2,AB33>10),12,IF(AND(L32=1,P33="Impacto",AB33>=75),100,IF(AND(P33="Impacto",L32=1,AB33>=50),75,IF(AND(P33="Impacto",L32=1,AB33>=25),50,IF(AND(P33="Impacto",L32=1,AB33>10),25,IF(AND(P33="Impacto",L32=3,AB33>=75),33.3,IF(AND(P33="Impacto",L32=3,AB33,AB33>=50),25,IF(AND(P33="Impacto",L32=3,AB33>=25),17,IF(AND(P33="Impacto",L32=3,AB33>10),8,0)))))))))))) -> 0
F34: Abuso de confianza de los colaboradores | K34: Reducir | M34: Revista de control de talleres | N34: Verificar que no queden materiales y herramientas almacenados y que los existentes estén asignados a mantenimientos autorizados | O34: Se realiza revisión periódica y/o acumulada para verificar las existencias | P34: Probabilidad | Q34: No | R34: =+IF(Q34="No","N/A","") -> N/A | S34: Si | T34: Jefe del área de mantenimiento Jefe de talleres | U34: Si | V34: Semanal | W34: Enero-Abril | X34: Mayo-Agosto | Y34: Septiembre-Diciembre | Z34: Si | AA34: Actas de revista a los talleres | AB34: =SUM(IF(Q34="Si",Q$15,0)+(IF(S34="Si",S$15,0))+IF(U34="Si",U$15,0)+IF(Z34="Si",Z$15,0)) -> 68 | AC34: =IF(AND(L32=2,P34="Probabilidad",AB34>=75),50,IF(AND(P34="Probabilidad",L32=2,AB34>=50),37,IF(AND(P34="Probabilidad",L32=2,AB34>=25),25,IF(AND(P34="Probabilidad",L32=2,AB34>10),12,IF(AND(L32=1,P34="Probabilidad",AB34>=75),100,IF(AND(P34="Probabilidad",L32=1,AB34>=50),75,IF(AND(P34="Probabilidad",L32=1,AB34>=25),50,IF(AND(P34="Probabilidad",L32=1,AB34>10),25,IF(AND(P34="Probabilidad",L32=3,AB34>=75),33.3,IF(AND(P34="Probabilidad",L32=3,AB34,AB34>=50),25,IF(AND(P34="Probabilidad",L32=3,AB34>=25),17,IF(AND(P34="Probabilidad",L32=3,AB34>10),8,0)))))))))))) -> 25 | AD34: =IF(AND(L32=2,P34="Impacto",AB34>=75),50,IF(AND(P34="Impacto",L32=2,AB34>=50),37,IF(AND(P34="Impacto",L32=2,AB34>=25),25,IF(AND(P34="Impacto",L32=2,AB34>10),12,IF(AND(L32=1,P34="Impacto",AB34>=75),100,IF(AND(P34="Impacto",L32=1,AB34>=50),75,IF(AND(P34="Impacto",L32=1,AB34>=25),50,IF(AND(P34="Impacto",L32=1,AB34>10),25,IF(AND(P34="Impacto",L32=3,AB34>=75),33.3,IF(AND(P34="Impacto",L32=3,AB34,AB34>=50),25,IF(AND(P34="Impacto",L32=3,AB34>=25),17,IF(AND(P34="Impacto",L32=3,AB34>10),8,0)))))))))))) -> 0
B35: 6 | C35: Alterar la información financiera | D35: Alteraciones de la información financiera para generar información errada | E35: Corrupción | F35: Intereses de ocultar la realidad financiera de la entidad | G35: 1. Sanciones Institucionales | H35: Rara vez | I35: Catastrofico | J35: =IF(ISERROR(VLOOKUP(H35&I35,Hoja1!$C$1:$F$25,4,0)),"",(VLOOKUP(H35&I35,Hoja1!$C$1:$F$25,4,0))) -> Alto | K35: Reducir | L35: 2 | M35: Cruces de información financiera con las fuentes y comparaciones historicas | N35: Garantizar la fiabilidad y precisión de la inforación | O35: Validación con datos historicos y comportamientos ciclicos | P35: Probabilidad | Q35: No | R35: =+IF(Q35="No","N/A","") -> N/A | S35: Si | T35: Jefe de la Unidad Financiera | U35: Si | V35: Trimestral | W35: Enero-Abril | X35: Mayo-Agosto | Y35: Septiembre-Diciembre | Z35: Si | AA35: Actas de cruce de información | AB35: =SUM(IF(Q35="Si",Q$15,0)+(IF(S35="Si",S$15,0))+IF(U35="Si",U$15,0)+IF(Z35="Si",Z$15,0)) -> 68 | AC35: =IF(AND(L35=2,P35="Probabilidad",AB35>=75),50,IF(AND(P35="Probabilidad",L35=2,AB35>=50),37,IF(AND(P35="Probabilidad",L35=2,AB35>=25),25,IF(AND(P35="Probabilidad",L35=2,AB35>10),12,IF(AND(L35=1,P35="Probabilidad",AB35>=75),100,IF(AND(P35="Probabilidad",L35=1,AB35>=50),75,IF(AND(P35="Probabilidad",L35=1,AB35>=25),50,IF(AND(P35="Probabilidad",L35=1,AB35>10),25,IF(AND(P35="Probabilidad",L35=3,AB35>=75),33.3,IF(AND(P35="Probabilidad",L35=3,AB35,AB35>=50),25,IF(AND(P35="Probabilidad",L35=3,AB35>=25),17,IF(AND(P35="Probabilidad",L35=3,AB35>10),8,0)))))))))))) -> 37 | AD35: =IF(AND(L35=2,P35="Impacto",AB35>=75),50,IF(AND(P35="Impacto",L35=2,AB35>=50),37,IF(AND(P35="Impacto",L35=2,AB35>=25),25,IF(AND(P35="Impacto",L35=2,AB35>10),12,IF(AND(L35=1,P35="Impacto",AB35>=75),100,IF(AND(P35="Impacto",L35=1,AB35>=50),75,IF(AND(P35="Impacto",L35=1,AB35>=25),50,IF(AND(P35="Impacto",L35=1,AB35>10),25,IF(AND(P35="Impacto",L35=3,AB35>=75),33.3,IF(AND(P35="Impacto",L35=3,AB35,AB35>=50),25,IF(AND(P35="Impacto",L35=3,AB35>=25),17,IF(AND(P35="Impacto",L35=3,AB35>10),8,0)))))))))))) -> 0 | AE35: =SUM(AC35:AC37) -> 74 | AF35: =SUM(AD35:AD37) -> 0 | AG35: =IF(AE35>75,2,IF(AE35>=30,1,"-")) -> 1 | AH35: =IF(AF35>75,2,IF(AF35>=30,1,"-")) -> - | AJ35: =IF(AND(AG35=2,H35="Casi seguro"),Hoja1!$J$5,IF(AND(AG35=2,H35="Posible"),Hoja1!$J$6,IF(AND(H35="Improbable",AG35=2),Hoja1!J63,IF(AND(AG35=1,H35="Casi seguro"),Hoja1!$J$4,IF(AND(AG35=1,H35="Posible"),Hoja1!$J$5,IF(AND(AG35=1,H35="Improbable"),Hoja1!$J$6,'FT-Mapa de riesgos'!H35)))))) -> Rara vez | AK35: =IF(AND(AH35=2,I35="Catastrofico"),Hoja1!$K$5,IF(AND(AH35=2,I35="Mayor"),Hoja1!$K$6,IF(AND(AH35=2,I35="Moderado"),Hoja1!$K$7,IF(AND(AH35=1,I35="Catastrofico"),Hoja1!$K$4,IF(AND(AH35=1,I35="Mayor "),Hoja1!$K$5,IF(AND(AH35=1,I35="Moderado"),Hoja1!$K$6,IF(AND(AH35=2,I35="Menor"),Hoja1!$K$7,'FT-Mapa de riesgos'!I35))))))) -> Catastrofico | AL35: =IF(ISERROR(VLOOKUP(AJ35&AK35,Hoja1!$C$1:$F$25,4,0)),"",(VLOOKUP(AJ35&AK35,Hoja1!$C$1:$F$25,4,0))) -> Alto
F36: Cifras de estados financieros no acorde al marco normativo | K36: Reducir | M36: Validación de los informes contables de acuerdo a las normas vigentes | N36: Verificar el cumplimiento de las normatividad | O36: Asesoria con el ente regulador | P36: Probabilidad | Q36: No | R36: =+IF(Q36="No","N/A","") -> N/A | S36: Si | T36: Auxiliar de apoyo | U36: Si | V36: Trimestral | W36: Enero-Abril | X36: Mayo-Agosto | Y36: Septiembre-Diciembre | Z36: Si | AA36: Actas de revisión de normatividad | AB36: =SUM(IF(Q36="Si",Q$15,0)+(IF(S36="Si",S$15,0))+IF(U36="Si",U$15,0)+IF(Z36="Si",Z$15,0)) -> 68 | AC36: =IF(AND(L35=2,P36="Probabilidad",AB36>=75),50,IF(AND(P36="Probabilidad",L35=2,AB36>=50),37,IF(AND(P36="Probabilidad",L35=2,AB36>=25),25,IF(AND(P36="Probabilidad",L35=2,AB36>10),12,IF(AND(L35=1,P36="Probabilidad",AB36>=75),100,IF(AND(P36="Probabilidad",L35=1,AB36>=50),75,IF(AND(P36="Probabilidad",L35=1,AB36>=25),50,IF(AND(P36="Probabilidad",L35=1,AB36>10),25,IF(AND(P36="Probabilidad",L35=3,AB36>=75),33.3,IF(AND(P36="Probabilidad",L35=3,AB36,AB36>=50),25,IF(AND(P36="Probabilidad",L35=3,AB36>=25),17,IF(AND(P36="Probabilidad",L35=3,AB36>10),8,0)))))))))))) -> 37 | AD36: =IF(AND(L35=2,P36="Impacto",AB36>=75),50,IF(AND(P36="Impacto",L35=2,AB36>=50),37,IF(AND(P36="Impacto",L35=2,AB36>=25),25,IF(AND(P36="Impacto",L35=2,AB36>10),12,IF(AND(L35=1,P36="Impacto",AB36>=75),100,IF(AND(P36="Impacto",L35=1,AB36>=50),75,IF(AND(P36="Impacto",L35=1,AB36>=25),50,IF(AND(P36="Impacto",L35=1,AB36>10),25,IF(AND(P36="Impacto",L35=3,AB36>=75),33.3,IF(AND(P36="Impacto",L35=3,AB36,AB36>=50),25,IF(AND(P36="Impacto",L35=3,AB36>=25),17,IF(AND(P36="Impacto",L35=3,AB36>10),8,0)))))))))))) -> 0
R37: =+IF(Q37="No","N/A","") | AB37: =SUM(IF(Q37="Si",Q$15,0)+(IF(S37="Si",S$15,0))+IF(U37="Si",U$15,0)+IF(Z37="Si",Z$15,0)) -> 0 | AC37: =IF(AND(L35=2,P37="Probabilidad",AB37>=75),50,IF(AND(P37="Probabilidad",L35=2,AB37>=50),37,IF(AND(P37="Probabilidad",L35=2,AB37>=25),25,IF(AND(P37="Probabilidad",L35=2,AB37>10),12,IF(AND(L35=1,P37="Probabilidad",AB37>=75),100,IF(AND(P37="Probabilidad",L35=1,AB37>=50),75,IF(AND(P37="Probabilidad",L35=1,AB37>=25),50,IF(AND(P37="Probabilidad",L35=1,AB37>10),25,IF(AND(P37="Probabilidad",L35=3,AB37>=75),33.3,IF(AND(P37="Probabilidad",L35=3,AB37,AB37>=50),25,IF(AND(P37="Probabilidad",L35=3,AB37>=25),17,IF(AND(P37="Probabilidad",L35=3,AB37>10),8,0)))))))))))) -> 0 | AD37: =IF(AND(L35=2,P37="Impacto",AB37>=75),50,IF(AND(P37="Impacto",L35=2,AB37>=50),37,IF(AND(P37="Impacto",L35=2,AB37>=25),25,IF(AND(P37="Impacto",L35=2,AB37>10),12,IF(AND(L35=1,P37="Impacto",AB37>=75),100,IF(AND(P37="Impacto",L35=1,AB37>=50),75,IF(AND(P37="Impacto",L35=1,AB37>=25),50,IF(AND(P37="Impacto",L35=1,AB37>10),25,IF(AND(P37="Impacto",L35=3,AB37>=75),33.3,IF(AND(P37="Impacto",L35=3,AB37,AB37>=50),25,IF(AND(P37="Impacto",L35=3,AB37>=25),17,IF(AND(P37="Impacto",L35=3,AB37>10),8,0)))))))))))) -> 0
B38: 7 | C38: Direccionamiento y/o Favorecimiento de contratación en favor de un tercero | D38: Favorecer a un oferente para contratación de bien y/o servicio | E38: Corrupción | F38: Establecer especificaciones tecnicas propias de un proveedor en los estudios de necesidad, excepto en contratacion directa | G38: 1. Prestación de servicios sin cumplir requisitos realmente requeridos por la Entidad 2. Entrega de bienes sin cumplir requisitos realmente requeridos por la Entidad 3.Sanciones económicas y penales. 4.Deterioro de la imagen institucional - desconfianza en el sistema de contratación. 5.Generar intervención de los órganos de control, de la Fiscalía, u otro ente. 6. Demandas a la entidad | H38: Posible | I38: Mayor | J38: =IF(ISERROR(VLOOKUP(H38&I38,Hoja1!$C$1:$F$25,4,0)),"",(VLOOKUP(H38&I38,Hoja1!$C$1:$F$25,4,0))) -> Extremo | K38: Reducir | L38: 2 | M38: Comité Adquisiciones | N38: Revisar y recomendar los estudios y documentos previos de los procesos bajo las modalidades de contrataciòn | O38: Informar al área solicitante de la necesidad | P38: Probabilidad | Q38: No | R38: =+IF(Q38="No","N/A","") -> N/A | S38: Si | T38: Jefe de área de compras | U38: Si | V38: Permanente | W38: Enero-Abril | X38: Mayo-Agosto | Y38: Septiembre-Diciembre | Z38: Si | AA38: Actas de comité, Planilla de asistencia | AB38: =SUM(IF(Q38="Si",Q$15,0)+(IF(S38="Si",S$15,0))+IF(U38="Si",U$15,0)+IF(Z38="Si",Z$15,0)) -> 68 | AC38: =IF(AND(L38=2,P38="Probabilidad",AB38>=75),50,IF(AND(P38="Probabilidad",L38=2,AB38>=50),37,IF(AND(P38="Probabilidad",L38=2,AB38>=25),25,IF(AND(P38="Probabilidad",L38=2,AB38>10),12,IF(AND(L38=1,P38="Probabilidad",AB38>=75),100,IF(AND(P38="Probabilidad",L38=1,AB38>=50),75,IF(AND(P38="Probabilidad",L38=1,AB38>=25),50,IF(AND(P38="Probabilidad",L38=1,AB38>10),25,IF(AND(P38="Probabilidad",L38=3,AB38>=75),33.3,IF(AND(P38="Probabilidad",L38=3,AB38,AB38>=50),25,IF(AND(P38="Probabilidad",L38=3,AB38>=25),17,IF(AND(P38="Probabilidad",L38=3,AB38>10),8,0)))))))))))) -> 37 | AD38: =IF(AND(L38=2,P38="Impacto",AB38>=75),50,IF(AND(P38="Impacto",L38=2,AB38>=50),37,IF(AND(P38="Impacto",L38=2,AB38>=25),25,IF(AND(P38="Impacto",L38=2,AB38>10),12,IF(AND(L38=1,P38="Impacto",AB38>=75),100,IF(AND(P38="Impacto",L38=1,AB38>=50),75,IF(AND(P38="Impacto",L38=1,AB38>=25),50,IF(AND(P38="Impacto",L38=1,AB38>10),25,IF(AND(P38="Impacto",L38=3,AB38>=75),33.3,IF(AND(P38="Impacto",L38=3,AB38,AB38>=50),25,IF(AND(P38="Impacto",L38=3,AB38>=25),17,IF(AND(P38="Impacto",L38=3,AB38>10),8,0)))))))))))) -> 0 | AE38: =SUM(AC38:AC40) -> 74 | AF38: =SUM(AD38:AD40) -> 0 | AG38: =IF(AE38>75,2,IF(AE38>=30,1,"-")) -> 1 | AH38: =IF(AF38>75,2,IF(AF38>=30,1,"-")) -> - | AJ38: =IF(AND(AG38=2,H38="Casi seguro"),Hoja1!$J$5,IF(AND(AG38=2,H38="Posible"),Hoja1!$J$6,IF(AND(H38="Improbable",AG38=2),Hoja1!J84,IF(AND(AG38=1,H38="Casi seguro"),Hoja1!$J$4,IF(AND(AG38=1,H38="Posible"),Hoja1!$J$5,IF(AND(AG38=1,H38="Improbable"),Hoja1!$J$6,'FT-Mapa de riesgos'!H38)))))) -> Improbable | AK38: =IF(AND(AH38=2,I38="Catastrofico"),Hoja1!$K$5,IF(AND(AH38=2,I38="Mayor"),Hoja1!$K$6,IF(AND(AH38=2,I38="Moderado"),Hoja1!$K$7,IF(AND(AH38=1,I38="Catastrofico"),Hoja1!$K$4,IF(AND(AH38=1,I38="Mayor "),Hoja1!$K$5,IF(AND(AH38=1,I38="Moderado"),Hoja1!$K$6,IF(AND(AH38=2,I38="Menor"),Hoja1!$K$7,'FT-Mapa de riesgos'!I38))))))) -> Mayor | AL38: =IF(ISERROR(VLOOKUP(AJ38&AK38,Hoja1!$C$1:$F$25,4,0)),"",(VLOOKUP(AJ38&AK38,Hoja1!$C$1:$F$25,4,0))) -> Alto
F39: Establecer indicadores financieros que afecten la ejecuciòn del contrato | K39: Reducir | M39: Estudio económico-sector | N39: Revisar los indicadores financieros de las empresas que se dedican a esa actividad | O39: Informar al comité economico | P39: Probabilidad | Q39: No | R39: =+IF(Q39="No","N/A","") -> N/A | S39: Si | T39: Jefe de área de compras | U39: Si | V39: Permanente | W39: Enero-Abril | X39: Mayo-Agosto | Y39: Septiembre-Diciembre | Z39: Si | AA39: Correo electronico y SECOP II | AB39: =SUM(IF(Q39="Si",Q$15,0)+(IF(S39="Si",S$15,0))+IF(U39="Si",U$15,0)+IF(Z39="Si",Z$15,0)) -> 68 | AC39: =IF(AND(L38=2,P39="Probabilidad",AB39>=75),50,IF(AND(P39="Probabilidad",L38=2,AB39>=50),37,IF(AND(P39="Probabilidad",L38=2,AB39>=25),25,IF(AND(P39="Probabilidad",L38=2,AB39>10),12,IF(AND(L38=1,P39="Probabilidad",AB39>=75),100,IF(AND(P39="Probabilidad",L38=1,AB39>=50),75,IF(AND(P39="Probabilidad",L38=1,AB39>=25),50,IF(AND(P39="Probabilidad",L38=1,AB39>10),25,IF(AND(P39="Probabilidad",L38=3,AB39>=75),33.3,IF(AND(P39="Probabilidad",L38=3,AB39,AB39>=50),25,IF(AND(P39="Probabilidad",L38=3,AB39>=25),17,IF(AND(P39="Probabilidad",L38=3,AB39>10),8,0)))))))))))) -> 37 | AD39: =IF(AND(L38=2,P39="Impacto",AB39>=75),50,IF(AND(P39="Impacto",L38=2,AB39>=50),37,IF(AND(P39="Impacto",L38=2,AB39>=25),25,IF(AND(P39="Impacto",L38=2,AB39>10),12,IF(AND(L38=1,P39="Impacto",AB39>=75),100,IF(AND(P39="Impacto",L38=1,AB39>=50),75,IF(AND(P39="Impacto",L38=1,AB39>=25),50,IF(AND(P39="Impacto",L38=1,AB39>10),25,IF(AND(P39="Impacto",L38=3,AB39>=75),33.3,IF(AND(P39="Impacto",L38=3,AB39,AB39>=50),25,IF(AND(P39="Impacto",L38=3,AB39>=25),17,IF(AND(P39="Impacto",L38=3,AB39>10),8,0)))))))))))) -> 0
R40: =+IF(Q40="No","N/A","") | AB40: =SUM(IF(Q40="Si",Q$15,0)+(IF(S40="Si",S$15,0))+IF(U40="Si",U$15,0)+IF(Z40="Si",Z$15,0)) -> 0 | AC40: =IF(AND(L38=2,P40="Probabilidad",AB40>=75),50,IF(AND(P40="Probabilidad",L38=2,AB40>=50),37,IF(AND(P40="Probabilidad",L38=2,AB40>=25),25,IF(AND(P40="Probabilidad",L38=2,AB40>10),12,IF(AND(L38=1,P40="Probabilidad",AB40>=75),100,IF(AND(P40="Probabilidad",L38=1,AB40>=50),75,IF(AND(P40="Probabilidad",L38=1,AB40>=25),50,IF(AND(P40="Probabilidad",L38=1,AB40>10),25,IF(AND(P40="Probabilidad",L38=3,AB40>=75),33.3,IF(AND(P40="Probabilidad",L38=3,AB40,AB40>=50),25,IF(AND(P40="Probabilidad",L38=3,AB40>=25),17,IF(AND(P40="Probabilidad",L38=3,AB40>10),8,0)))))))))))) -> 0 | AD40: =IF(AND(L38=2,P40="Impacto",AB40>=75),50,IF(AND(P40="Impacto",L38=2,AB40>=50),37,IF(AND(P40="Impacto",L38=2,AB40>=25),25,IF(AND(P40="Impacto",L38=2,AB40>10),12,IF(AND(L38=1,P40="Impacto",AB40>=75),100,IF(AND(P40="Impacto",L38=1,AB40>=50),75,IF(AND(P40="Impacto",L38=1,AB40>=25),50,IF(AND(P40="Impacto",L38=1,AB40>10),25,IF(AND(P40="Impacto",L38=3,AB40>=75),33.3,IF(AND(P40="Impacto",L38=3,AB40,AB40>=50),25,IF(AND(P40="Impacto",L38=3,AB40>=25),17,IF(AND(P40="Impacto",L38=3,AB40>10),8,0)))))))))))) -> 0
B41: 8 | C41: Desaparición y/o daño intencional de bienes activos (muebles, equipos) y bienes de consumo e insumos hospitalarios | D41: Perdida o afectaciòn de los bienes activos, consumo e insumos hospitaralarios de la entidad | E41: Corrupción | F41: Registro erróneo de bienes activos por menores o mayores características en el sistema DINAMICA | G41: 1. Investigaciones disciplinarias penales, y administrativas 2. Detrimento patrimonial. 3. Traumatismo en la prestación del servicio | H41: Posible | I41: Mayor | J41: =IF(ISERROR(VLOOKUP(H41&I41,Hoja1!$C$1:$F$25,4,0)),"",(VLOOKUP(H41&I41,Hoja1!$C$1:$F$25,4,0))) -> Extremo | K41: Reducir | L41: 3 | M41: Registro de ingreso de bienes activos | N41: : Verificar que la documentación tenga la información base necesaria | O41: Informar al supervisor del contrato para subsanar la informaciòn faltante | P41: Probabilidad | Q41: Si | R41: Inventarios y Activos fijos - DINAMICA | S41: Si | T41: Auxiliar Administrativo | U41: Si | V41: Permanente | W41: Enero-Abril | X41: Mayo-Agosto | Y41: Septiembre-Diciembre | Z41: Si | AA41: Formato de Ingreso de bienes activos, Documentación fisica soporte | AB41: =SUM(IF(Q41="Si",Q$15,0)+(IF(S41="Si",S$15,0))+IF(U41="Si",U$15,0)+IF(Z41="Si",Z$15,0)) -> 100 | AC41: =IF(AND(L41=2,P41="Probabilidad",AB41>=75),50,IF(AND(P41="Probabilidad",L41=2,AB41>=50),37,IF(AND(P41="Probabilidad",L41=2,AB41>=25),25,IF(AND(P41="Probabilidad",L41=2,AB41>10),12,IF(AND(L41=1,P41="Probabilidad",AB41>=75),100,IF(AND(P41="Probabilidad",L41=1,AB41>=50),75,IF(AND(P41="Probabilidad",L41=1,AB41>=25),50,IF(AND(P41="Probabilidad",L41=1,AB41>10),25,IF(AND(P41="Probabilidad",L41=3,AB41>=75),33.3,IF(AND(P41="Probabilidad",L41=3,AB41,AB41>=50),25,IF(AND(P41="Probabilidad",L41=3,AB41>=25),17,IF(AND(P41="Probabilidad",L41=3,AB41>10),8,0)))))))))))) -> 33.3 | AD41: =IF(AND(L41=2,P41="Impacto",AB41>=75),50,IF(AND(P41="Impacto",L41=2,AB41>=50),37,IF(AND(P41="Impacto",L41=2,AB41>=25),25,IF(AND(P41="Impacto",L41=2,AB41>10),12,IF(AND(L41=1,P41="Impacto",AB41>=75),100,IF(AND(P41="Impacto",L41=1,AB41>=50),75,IF(AND(P41="Impacto",L41=1,AB41>=25),50,IF(AND(P41="Impacto",L41=1,AB41>10),25,IF(AND(P41="Impacto",L41=3,AB41>=75),33.3,IF(AND(P41="Impacto",L41=3,AB41,AB41>=50),25,IF(AND(P41="Impacto",L41=3,AB41>=25),17,IF(AND(P41="Impacto",L41=3,AB41>10),8,0)))))))))))) -> 0 | AE41: =SUM(AC41:AC43) -> 91.6 | AF41: =SUM(AD41:AD43) -> 0 | AG41: =IF(AE41>75,2,IF(AE41>=30,1,"-")) -> 2 | AH41: =IF(AF41>75,2,IF(AF41>=30,1,"-")) -> - | AJ41: =IF(AND(AG41=2,H41="Casi seguro"),Hoja1!$J$5,IF(AND(AG41=2,H41="Posible"),Hoja1!$J$6,IF(AND(H41="Improbable",AG41=2),Hoja1!J90,IF(AND(AG41=1,H41="Casi seguro"),Hoja1!$J$4,IF(AND(AG41=1,H41="Posible"),Hoja1!$J$5,IF(AND(AG41=1,H41="Improbable"),Hoja1!$J$6,'FT-Mapa de riesgos'!H41)))))) -> Rara Vez | AK41: =IF(AND(AH41=2,I41="Catastrofico"),Hoja1!$K$5,IF(AND(AH41=2,I41="Mayor"),Hoja1!$K$6,IF(AND(AH41=2,I41="Moderado"),Hoja1!$K$7,IF(AND(AH41=1,I41="Catastrofico"),Hoja1!$K$4,IF(AND(AH41=1,I41="Mayor "),Hoja1!$K$5,IF(AND(AH41=1,I41="Moderado"),Hoja1!$K$6,IF(AND(AH41=2,I41="Menor"),Hoja1!$K$7,'FT-Mapa de riesgos'!I41))))))) -> Mayor | AL41: =IF(ISERROR(VLOOKUP(AJ41&AK41,Hoja1!$C$1:$F$25,4,0)),"",(VLOOKUP(AJ41&AK41,Hoja1!$C$1:$F$25,4,0))) -> Alto | AM41: EFICACIA: Índice de cumplimiento actividades= (# de actividades cumplidas / # de actividades programadas) x 100
F42: Equipos sin registro en el sistema de informacion | K42: Reducir | M42: Inventarios periódicos | N42: Verificar físicamente con respecto a la información en Dinamica para validar el registro de los bienes | O42: 1. Verificar los documentos en la carpeta fisica de ingreso del bien 2. Informar al jefe de servicio o unidad | P42: Probabilidad | Q42: No | R42: =+IF(Q42="No","N/A","") -> N/A | S42: Si | T42: Auxiliar Administrativo | U42: Si | V42: Permanente | W42: Enero-Abril | X42: Mayo-Agosto | Y42: Septiembre-Diciembre | Z42: Si | AA42: Actualización y depuración de inventarios, Informes de inventarios | AB42: =SUM(IF(Q42="Si",Q$15,0)+(IF(S42="Si",S$15,0))+IF(U42="Si",U$15,0)+IF(Z42="Si",Z$15,0)) -> 68 | AC42: =IF(AND(L41=2,P42="Probabilidad",AB42>=75),50,IF(AND(P42="Probabilidad",L41=2,AB42>=50),37,IF(AND(P42="Probabilidad",L41=2,AB42>=25),25,IF(AND(P42="Probabilidad",L41=2,AB42>10),12,IF(AND(L41=1,P42="Probabilidad",AB42>=75),100,IF(AND(P42="Probabilidad",L41=1,AB42>=50),75,IF(AND(P42="Probabilidad",L41=1,AB42>=25),50,IF(AND(P42="Probabilidad",L41=1,AB42>10),25,IF(AND(P42="Probabilidad",L41=3,AB42>=75),33.3,IF(AND(P42="Probabilidad",L41=3,AB42,AB42>=50),25,IF(AND(P42="Probabilidad",L41=3,AB42>=25),17,IF(AND(P42="Probabilidad",L41=3,AB42>10),8,0)))))))))))) -> 25 | AD42: =IF(AND(L41=2,P42="Impacto",AB42>=75),50,IF(AND(P42="Impacto",L41=2,AB42>=50),37,IF(AND(P42="Impacto",L41=2,AB42>=25),25,IF(AND(P42="Impacto",L41=2,AB42>10),12,IF(AND(L41=1,P42="Impacto",AB42>=75),100,IF(AND(P42="Impacto",L41=1,AB42>=50),75,IF(AND(P42="Impacto",L41=1,AB42>=25),50,IF(AND(P42="Impacto",L41=1,AB42>10),25,IF(AND(P42="Impacto",L41=3,AB42>=75),33.3,IF(AND(P42="Impacto",L41=3,AB42,AB42>=50),25,IF(AND(P42="Impacto",L41=3,AB42>=25),17,IF(AND(P42="Impacto",L41=3,AB42>10),8,0)))))))))))) -> 0
F43: Registro erroneo de bienes de consumo e insumos hospitalarios en el sistema DINAMICA | K43: Reducir | M43: Registro de ingreso y salida de bienes de consumo e insumos hospitalarios | N43: Verificar que la documentación tenga la información base necesaria | O43: 1. Informar al supervisor del contrato para subsanar la informaciòn faltante 2. Informar a los servicios/unidades/àreas | P43: Probabilidad | Q43: Si | R43: Inventarios y Activos fijos - DINAMICA | S43: Si | T43: Auxiliar Administrativo | U43: Si | V43: Permanente | W43: Enero-Abril | X43: Mayo-Agosto | Y43: Septiembre-Diciembre | Z43: Si | AA43: Comprobante de entrada, Orden despacho, Solicitud de elementos | AB43: =SUM(IF(Q43="Si",Q$15,0)+(IF(S43="Si",S$15,0))+IF(U43="Si",U$15,0)+IF(Z43="Si",Z$15,0)) -> 100 | AC43: =IF(AND(L41=2,P43="Probabilidad",AB43>=75),50,IF(AND(P43="Probabilidad",L41=2,AB43>=50),37,IF(AND(P43="Probabilidad",L41=2,AB43>=25),25,IF(AND(P43="Probabilidad",L41=2,AB43>10),12,IF(AND(L41=1,P43="Probabilidad",AB43>=75),100,IF(AND(P43="Probabilidad",L41=1,AB43>=50),75,IF(AND(P43="Probabilidad",L41=1,AB43>=25),50,IF(AND(P43="Probabilidad",L41=1,AB43>10),25,IF(AND(P43="Probabilidad",L41=3,AB43>=75),33.3,IF(AND(P43="Probabilidad",L41=3,AB43,AB43>=50),25,IF(AND(P43="Probabilidad",L41=3,AB43>=25),17,IF(AND(P43="Probabilidad",L41=3,AB43>10),8,0)))))))))))) -> 33.3 | AD43: =IF(AND(L41=2,P43="Impacto",AB43>=75),50,IF(AND(P43="Impacto",L41=2,AB43>=50),37,IF(AND(P43="Impacto",L41=2,AB43>=25),25,IF(AND(P43="Impacto",L41=2,AB43>10),12,IF(AND(L41=1,P43="Impacto",AB43>=75),100,IF(AND(P43="Impacto",L41=1,AB43>=50),75,IF(AND(P43="Impacto",L41=1,AB43>=25),50,IF(AND(P43="Impacto",L41=1,AB43>10),25,IF(AND(P43="Impacto",L41=3,AB43>=75),33.3,IF(AND(P43="Impacto",L41=3,AB43,AB43>=50),25,IF(AND(P43="Impacto",L41=3,AB43>=25),17,IF(AND(P43="Impacto",L41=3,AB43>10),8,0)))))))))))) -> 0
B44: 9 | C44: Uso indebido de la información confidencial | D44: Uso, manipulación, adulteración y divulgación de la información y su medio de soporte | E44: Corrupción | F44: Fallas en el compromiso de confidencialidad y reserva de la información por parte del personal | G44: 1. Incumplimiento normativo 2. Sanciones disciplinarias, administrativas y pnales 3. Perdida del patrimonio documental 4. Reprocesos | H44: Posible | I44: Mayor | J44: =IF(ISERROR(VLOOKUP(H44&I44,Hoja1!$C$1:$F$25,4,0)),"",(VLOOKUP(H44&I44,Hoja1!$C$1:$F$25,4,0))) -> Extremo | K44: Reducir | L44: 1 | M44: Verificar los requisitos para la consulta de la documentación | N44: Verificar la información base (Fecha, Nombre del solicitante, Nombre del documento) para el prestamo de documentos | O44: Verificar los vales de prestamo y Solicitar autorización | P44: Probabilidad | Q44: No | R44: =+IF(Q44="No","N/A","") -> N/A | S44: Si | T44: Auxiliares de Apoyo | U44: Si | V44: Permanente | W44: Enero-Abril | X44: Mayo-Agosto | Y44: Septiembre-Diciembre | Z44: Si | AA44: Formato Solicitud de copias de historia clinica Libro fisico de consulta y prestamos de documentos | AB44: =SUM(IF(Q44="Si",Q$15,0)+(IF(S44="Si",S$15,0))+IF(U44="Si",U$15,0)+IF(Z44="Si",Z$15,0)) -> 68 | AC44: =IF(AND(L44=2,P44="Probabilidad",AB44>=75),50,IF(AND(P44="Probabilidad",L44=2,AB44>=50),37,IF(AND(P44="Probabilidad",L44=2,AB44>=25),25,IF(AND(P44="Probabilidad",L44=2,AB44>10),12,IF(AND(L44=1,P44="Probabilidad",AB44>=75),100,IF(AND(P44="Probabilidad",L44=1,AB44>=50),75,IF(AND(P44="Probabilidad",L44=1,AB44>=25),50,IF(AND(P44="Probabilidad",L44=1,AB44>10),25,IF(AND(P44="Probabilidad",L44=3,AB44>=75),33.3,IF(AND(P44="Probabilidad",L44=3,AB44,AB44>=50),25,IF(AND(P44="Probabilidad",L44=3,AB44>=25),17,IF(AND(P44="Probabilidad",L44=3,AB44>10),8,0)))))))))))) -> 75 | AD44: =IF(AND(L44=2,P44="Impacto",AB44>=75),50,IF(AND(P44="Impacto",L44=2,AB44>=50),37,IF(AND(P44="Impacto",L44=2,AB44>=25),25,IF(AND(P44="Impacto",L44=2,AB44>10),12,IF(AND(L44=1,P44="Impacto",AB44>=75),100,IF(AND(P44="Impacto",L44=1,AB44>=50),75,IF(AND(P44="Impacto",L44=1,AB44>=25),50,IF(AND(P44="Impacto",L44=1,AB44>10),25,IF(AND(P44="Impacto",L44=3,AB44>=75),33.3,IF(AND(P44="Impacto",L44=3,AB44,AB44>=50),25,IF(AND(P44="Impacto",L44=3,AB44>=25),17,IF(AND(P44="Impacto",L44=3,AB44>10),8,0)))))))))))) -> 0 | AE44: =SUM(AC44:AC46) -> 75 | AF44: =SUM(AD44:AD46) -> 0 | AG44: =IF(AE44>75,2,IF(AE44>=30,1,"-")) -> 1 | AH44: =IF(AF44>75,2,IF(AF44>=30,1,"-")) -> - | AJ44: =IF(AND(AG44=2,H44="Casi seguro"),Hoja1!$J$5,IF(AND(AG44=2,H44="Posible"),Hoja1!$J$6,IF(AND(H44="Improbable",AG44=2),Hoja1!J99,IF(AND(AG44=1,H44="Casi seguro"),Hoja1!$J$4,IF(AND(AG44=1,H44="Posible"),Hoja1!$J$5,IF(AND(AG44=1,H44="Improbable"),Hoja1!$J$6,'FT-Mapa de riesgos'!H44)))))) -> Improbable | AK44: =IF(AND(AH44=2,I44="Catastrofico"),Hoja1!$K$5,IF(AND(AH44=2,I44="Mayor"),Hoja1!$K$6,IF(AND(AH44=2,I44="Moderado"),Hoja1!$K$7,IF(AND(AH44=1,I44="Catastrofico"),Hoja1!$K$4,IF(AND(AH44=1,I44="Mayor "),Hoja1!$K$5,IF(AND(AH44=1,I44="Moderado"),Hoja1!$K$6,IF(AND(AH44=2,I44="Menor"),Hoja1!$K$7,'FT-Mapa de riesgos'!I44))))))) -> Mayor | AL44: =IF(ISERROR(VLOOKUP(AJ44&AK44,Hoja1!$C$1:$F$25,4,0)),"",(VLOOKUP(AJ44&AK44,Hoja1!$C$1:$F$25,4,0))) -> Alto
R45: =+IF(Q45="No","N/A","") | AB45: =SUM(IF(Q45="Si",Q$15,0)+(IF(S45="Si",S$15,0))+IF(U45="Si",U$15,0)+IF(Z45="Si",Z$15,0)) -> 0 | AC45: =IF(AND(L44=2,P45="Probabilidad",AB45>=75),50,IF(AND(P45="Probabilidad",L44=2,AB45>=50),37,IF(AND(P45="Probabilidad",L44=2,AB45>=25),25,IF(AND(P45="Probabilidad",L44=2,AB45>10),12,IF(AND(L44=1,P45="Probabilidad",AB45>=75),100,IF(AND(P45="Probabilidad",L44=1,AB45>=50),75,IF(AND(P45="Probabilidad",L44=1,AB45>=25),50,IF(AND(P45="Probabilidad",L44=1,AB45>10),25,IF(AND(P45="Probabilidad",L44=3,AB45>=75),33.3,IF(AND(P45="Probabilidad",L44=3,AB45,AB45>=50),25,IF(AND(P45="Probabilidad",L44=3,AB45>=25),17,IF(AND(P45="Probabilidad",L44=3,AB45>10),8,0)))))))))))) -> 0 | AD45: =IF(AND(L44=2,P45="Impacto",AB45>=75),50,IF(AND(P45="Impacto",L44=2,AB45>=50),37,IF(AND(P45="Impacto",L44=2,AB45>=25),25,IF(AND(P45="Impacto",L44=2,AB45>10),12,IF(AND(L44=1,P45="Impacto",AB45>=75),100,IF(AND(P45="Impacto",L44=1,AB45>=50),75,IF(AND(P45="Impacto",L44=1,AB45>=25),50,IF(AND(P45="Impacto",L44=1,AB45>10),25,IF(AND(P45="Impacto",L44=3,AB45>=75),33.3,IF(AND(P45="Impacto",L44=3,AB45,AB45>=50),25,IF(AND(P45="Impacto",L44=3,AB45>=25),17,IF(AND(P45="Impacto",L44=3,AB45>10),8,0)))))))))))) -> 0
AB46: =SUM(IF(Q46="Si",Q$15,0)+(IF(S46="Si",S$15,0))+IF(U46="Si",U$15,0)+IF(Z46="Si",Z$15,0)) -> 0 | AC46: =IF(AND(L44=2,P46="Probabilidad",AB46>=75),50,IF(AND(P46="Probabilidad",L44=2,AB46>=50),37,IF(AND(P46="Probabilidad",L44=2,AB46>=25),25,IF(AND(P46="Probabilidad",L44=2,AB46>10),12,IF(AND(L44=1,P46="Probabilidad",AB46>=75),100,IF(AND(P46="Probabilidad",L44=1,AB46>=50),75,IF(AND(P46="Probabilidad",L44=1,AB46>=25),50,IF(AND(P46="Probabilidad",L44=1,AB46>10),25,IF(AND(P46="Probabilidad",L44=3,AB46>=75),33.3,IF(AND(P46="Probabilidad",L44=3,AB46,AB46>=50),25,IF(AND(P46="Probabilidad",L44=3,AB46>=25),17,IF(AND(P46="Probabilidad",L44=3,AB46>10),8,0)))))))))))) -> 0 | AD46: =IF(AND(L44=2,P46="Impacto",AB46>=75),50,IF(AND(P46="Impacto",L44=2,AB46>=50),37,IF(AND(P46="Impacto",L44=2,AB46>=25),25,IF(AND(P46="Impacto",L44=2,AB46>10),12,IF(AND(L44=1,P46="Impacto",AB46>=75),100,IF(AND(P46="Impacto",L44=1,AB46>=50),75,IF(AND(P46="Impacto",L44=1,AB46>=25),50,IF(AND(P46="Impacto",L44=1,AB46>10),25,IF(AND(P46="Impacto",L44=3,AB46>=75),33.3,IF(AND(P46="Impacto",L44=3,AB46,AB46>=50),25,IF(AND(P46="Impacto",L44=3,AB46>=25),17,IF(AND(P46="Impacto",L44=3,AB46>10),8,0)))))))))))) -> 0
B47: 10 | C47: Violación de la reserva legal del proceso disciplinario | D47: No conservar la confidencialidad del proceso disciplinarios en la etapa de instrucción | E47: Corrupción | F47: Comunicación indebida de los funcionarios a cargo de las investigaciones | G47: 1. Alteraciones en el material probatorio | H47: Rara vez | I47: Moderado | J47: =IF(ISERROR(VLOOKUP(H47&I47,Hoja1!$C$1:$F$25,4,0)),"",(VLOOKUP(H47&I47,Hoja1!$C$1:$F$25,4,0))) -> Moderado | K47: Reducir | L47: 2 | M47: Acuerdos de confidencialidad | N47: Acuerdos de confidencialidad suscritos por los funcionarios a cargo de los procesos disciplinarios | O47: Socialización de sanciones disciplinarias | P47: Probabilidad | Q47: No | R47: =+IF(Q47="No","N/A","") -> N/A | S47: Si | T47: Jefe del Oficina de Control Disciplinario Interno | U47: Si | V47: Anual | W47: Enero-Abril | X47: N/A | Y47: N/A | Z47: Si | AA47: Acuerdos de confidencialidad suscritos | AB47: =SUM(IF(Q47="Si",Q$15,0)+(IF(S47="Si",S$15,0))+IF(U47="Si",U$15,0)+IF(Z47="Si",Z$15,0)) -> 68 | AC47: =IF(AND(L47=2,P47="Probabilidad",AB47>=75),50,IF(AND(P47="Probabilidad",L47=2,AB47>=50),37,IF(AND(P47="Probabilidad",L47=2,AB47>=25),25,IF(AND(P47="Probabilidad",L47=2,AB47>10),12,IF(AND(L47=1,P47="Probabilidad",AB47>=75),100,IF(AND(P47="Probabilidad",L47=1,AB47>=50),75,IF(AND(P47="Probabilidad",L47=1,AB47>=25),50,IF(AND(P47="Probabilidad",L47=1,AB47>10),25,IF(AND(P47="Probabilidad",L47=3,AB47>=75),33.3,IF(AND(P47="Probabilidad",L47=3,AB47,AB47>=50),25,IF(AND(P47="Probabilidad",L47=3,AB47>=25),17,IF(AND(P47="Probabilidad",L47=3,AB47>10),8,0)))))))))))) -> 37 | AD47: =IF(AND(L47=2,P47="Impacto",AB47>=75),50,IF(AND(P47="Impacto",L47=2,AB47>=50),37,IF(AND(P47="Impacto",L47=2,AB47>=25),25,IF(AND(P47="Impacto",L47=2,AB47>10),12,IF(AND(L47=1,P47="Impacto",AB47>=75),100,IF(AND(P47="Impacto",L47=1,AB47>=50),75,IF(AND(P47="Impacto",L47=1,AB47>=25),50,IF(AND(P47="Impacto",L47=1,AB47>10),25,IF(AND(P47="Impacto",L47=3,AB47>=75),33.3,IF(AND(P47="Impacto",L47=3,AB47,AB47>=50),25,IF(AND(P47="Impacto",L47=3,AB47>=25),17,IF(AND(P47="Impacto",L47=3,AB47>10),8,0)))))))))))) -> 0 | AE47: =SUM(AC47:AC49) -> 74 | AF47: =SUM(AD47:AD49) -> 0 | AG47: =IF(AE47>75,2,IF(AE47>=30,1,"-")) -> 1 | AH47: =IF(AF47>75,2,IF(AF47>=30,1,"-")) -> - | AJ47: =IF(AND(AG47=2,H47="Casi seguro"),Hoja1!$J$5,IF(AND(AG47=2,H47="Posible"),Hoja1!$J$6,IF(AND(H47="Improbable",AG47=2),Hoja1!J123,IF(AND(AG47=1,H47="Casi seguro"),Hoja1!$J$4,IF(AND(AG47=1,H47="Posible"),Hoja1!$J$5,IF(AND(AG47=1,H47="Improbable"),Hoja1!$J$6,'FT-Mapa de riesgos'!H47)))))) -> Rara vez | AK47: =IF(AND(AH47=2,I47="Catastrofico"),Hoja1!$K$5,IF(AND(AH47=2,I47="Mayor"),Hoja1!$K$6,IF(AND(AH47=2,I47="Moderado"),Hoja1!$K$7,IF(AND(AH47=1,I47="Catastrofico"),Hoja1!$K$4,IF(AND(AH47=1,I47="Mayor "),Hoja1!$K$5,IF(AND(AH47=1,I47="Moderado"),Hoja1!$K$6,IF(AND(AH47=2,I47="Menor"),Hoja1!$K$7,'FT-Mapa de riesgos'!I47))))))) -> Moderado | AL47: =IF(ISERROR(VLOOKUP(AJ47&AK47,Hoja1!$C$1:$F$25,4,0)),"",(VLOOKUP(AJ47&AK47,Hoja1!$C$1:$F$25,4,0))) -> Moderado
F48: Perdida o hurto de expedientes | K48: Reducir | M48: Inventario de expedientes | N48: Controlar el reparto de los expedientes | O48: Revisiones periódicas del estado de los expedientes | P48: Probabilidad | Q48: No | R48: =+IF(Q48="No","N/A","") -> N/A | S48: Si | T48: Jefe del Oficina de Control Disciplinario Interno | U48: Si | V48: Mensual | W48: Enero-Abril | X48: Mayo-Agosto | Y48: Septiembre-Diciembre | Z48: Si | AA48: Correos electrónicos Planilla de control de asignación de expedientes | AB48: =SUM(IF(Q48="Si",Q$15,0)+(IF(S48="Si",S$15,0))+IF(U48="Si",U$15,0)+IF(Z48="Si",Z$15,0)) -> 68 | AC48: =IF(AND(L47=2,P48="Probabilidad",AB48>=75),50,IF(AND(P48="Probabilidad",L47=2,AB48>=50),37,IF(AND(P48="Probabilidad",L47=2,AB48>=25),25,IF(AND(P48="Probabilidad",L47=2,AB48>10),12,IF(AND(L47=1,P48="Probabilidad",AB48>=75),100,IF(AND(P48="Probabilidad",L47=1,AB48>=50),75,IF(AND(P48="Probabilidad",L47=1,AB48>=25),50,IF(AND(P48="Probabilidad",L47=1,AB48>10),25,IF(AND(P48="Probabilidad",L47=3,AB48>=75),33.3,IF(AND(P48="Probabilidad",L47=3,AB48,AB48>=50),25,IF(AND(P48="Probabilidad",L47=3,AB48>=25),17,IF(AND(P48="Probabilidad",L47=3,AB48>10),8,0)))))))))))) -> 37 | AD48: =IF(AND(L47=2,P48="Impacto",AB48>=75),50,IF(AND(P48="Impacto",L47=2,AB48>=50),37,IF(AND(P48="Impacto",L47=2,AB48>=25),25,IF(AND(P48="Impacto",L47=2,AB48>10),12,IF(AND(L47=1,P48="Impacto",AB48>=75),100,IF(AND(P48="Impacto",L47=1,AB48>=50),75,IF(AND(P48="Impacto",L47=1,AB48>=25),50,IF(AND(P48="Impacto",L47=1,AB48>10),25,IF(AND(P48="Impacto",L47=3,AB48>=75),33.3,IF(AND(P48="Impacto",L47=3,AB48,AB48>=50),25,IF(AND(P48="Impacto",L47=3,AB48>=25),17,IF(AND(P48="Impacto",L47=3,AB48>10),8,0)))))))))))) -> 0
R49: =+IF(Q49="No","N/A","") | AB49: =SUM(IF(Q49="Si",Q$15,0)+(IF(S49="Si",S$15,0))+IF(U49="Si",U$15,0)+IF(Z49="Si",Z$15,0)) -> 0 | AC49: =IF(AND(L47=2,P49="Probabilidad",AB49>=75),50,IF(AND(P49="Probabilidad",L47=2,AB49>=50),37,IF(AND(P49="Probabilidad",L47=2,AB49>=25),25,IF(AND(P49="Probabilidad",L47=2,AB49>10),12,IF(AND(L47=1,P49="Probabilidad",AB49>=75),100,IF(AND(P49="Probabilidad",L47=1,AB49>=50),75,IF(AND(P49="Probabilidad",L47=1,AB49>=25),50,IF(AND(P49="Probabilidad",L47=1,AB49>10),25,IF(AND(P49="Probabilidad",L47=3,AB49>=75),33.3,IF(AND(P49="Probabilidad",L47=3,AB49,AB49>=50),25,IF(AND(P49="Probabilidad",L47=3,AB49>=25),17,IF(AND(P49="Probabilidad",L47=3,AB49>10),8,0)))))))))))) -> 0 | AD49: =IF(AND(L47=2,P49="Impacto",AB49>=75),50,IF(AND(P49="Impacto",L47=2,AB49>=50),37,IF(AND(P49="Impacto",L47=2,AB49>=25),25,IF(AND(P49="Impacto",L47=2,AB49>10),12,IF(AND(L47=1,P49="Impacto",AB49>=75),100,IF(AND(P49="Impacto",L47=1,AB49>=50),75,IF(AND(P49="Impacto",L47=1,AB49>=25),50,IF(AND(P49="Impacto",L47=1,AB49>10),25,IF(AND(P49="Impacto",L47=3,AB49>=75),33.3,IF(AND(P49="Impacto",L47=3,AB49,AB49>=50),25,IF(AND(P49="Impacto",L47=3,AB49>=25),17,IF(AND(P49="Impacto",L47=3,AB49>10),8,0)))))))))))) -> 0
B50: 11 | C50: Elaborar documentos oficiales o registrar en aplicativos información con datos diferentes a los soportes | D50: Estructurar documentos oficiales (Informe de gestión y seguimiento del plan de acción) y registrar en herramientas informaticas datos inexactos que no correspondan a los datos reales de la gestión | E50: Corrupción | F50: Demoras en la entrega de la información de las diferentes unidades, áreas y servicios | G50: 1. Afectación de la imagen institucional 2. Desconfianza por parte de la ciudadanía, entes de control e interesados 3. Sanciones 4. Reprocesos 5. Incumplimiento de metas | H50: Posible | I50: Mayor | J50: =IF(ISERROR(VLOOKUP(H50&I50,Hoja1!$C$1:$F$25,4,0)),"",(VLOOKUP(H50&I50,Hoja1!$C$1:$F$25,4,0))) -> Extremo | K50: Reducir | L50: 2 | M50: Generar las solicitudes, reportes y notificaciones | N50: Generar reportes y notificaciones a las unidades, áreas y servicios para solicitar información clara con la debida oportunidad | O50: Generar reporte a los subidrectores y/o dirección general | P50: Probabilidad | Q50: Si | R50: Suite Visión y Correo Electronico | S50: Si | T50: Profesional de Planeación | U50: Si | V50: Permanente | W50: Enero-Abril | X50: Mayo-Agosto | Y50: Septiembre-Diciembre | Z50: Si | AA50: 1. Oficios 2. Reportes Suite Visión 3. Correos Electrónicos | AB50: =SUM(IF(Q50="Si",Q$15,0)+(IF(S50="Si",S$15,0))+IF(U50="Si",U$15,0)+IF(Z50="Si",Z$15,0)) -> 100 | AC50: =IF(AND(L50=2,P50="Probabilidad",AB50>=75),50,IF(AND(P50="Probabilidad",L50=2,AB50>=50),37,IF(AND(P50="Probabilidad",L50=2,AB50>=25),25,IF(AND(P50="Probabilidad",L50=2,AB50>10),12,IF(AND(L50=1,P50="Probabilidad",AB50>=75),100,IF(AND(P50="Probabilidad",L50=1,AB50>=50),75,IF(AND(P50="Probabilidad",L50=1,AB50>=25),50,IF(AND(P50="Probabilidad",L50=1,AB50>10),25,IF(AND(P50="Probabilidad",L50=3,AB50>=75),33.3,IF(AND(P50="Probabilidad",L50=3,AB50,AB50>=50),25,IF(AND(P50="Probabilidad",L50=3,AB50>=25),17,IF(AND(P50="Probabilidad",L50=3,AB50>10),8,0)))))))))))) -> 50 | AD50: =IF(AND(L50=2,P50="Impacto",AB50>=75),50,IF(AND(P50="Impacto",L50=2,AB50>=50),37,IF(AND(P50="Impacto",L50=2,AB50>=25),25,IF(AND(P50="Impacto",L50=2,AB50>10),12,IF(AND(L50=1,P50="Impacto",AB50>=75),100,IF(AND(P50="Impacto",L50=1,AB50>=50),75,IF(AND(P50="Impacto",L50=1,AB50>=25),50,IF(AND(P50="Impacto",L50=1,AB50>10),25,IF(AND(P50="Impacto",L50=3,AB50>=75),33.3,IF(AND(P50="Impacto",L50=3,AB50,AB50>=50),25,IF(AND(P50="Impacto",L50=3,AB50>=25),17,IF(AND(P50="Impacto",L50=3,AB50>10),8,0)))))))))))) -> 0 | AE50: =SUM(AC50:AC52) -> 87 | AF50: =SUM(AD50:AD52) -> 0 | AG50: =IF(AE50>75,2,IF(AE50>=30,1,"-")) -> 2 | AH50: =IF(AF50>75,2,IF(AF50>=30,1,"-")) -> - | AJ50: =IF(AND(AG50=2,H50="Casi seguro"),Hoja1!$J$5,IF(AND(AG50=2,H50="Posible"),Hoja1!$J$6,IF(AND(H50="Improbable",AG50=2),Hoja1!J147,IF(AND(AG50=1,H50="Casi seguro"),Hoja1!$J$4,IF(AND(AG50=1,H50="Posible"),Hoja1!$J$5,IF(AND(AG50=1,H50="Improbable"),Hoja1!$J$6,'FT-Mapa de riesgos'!H50)))))) -> Rara Vez | AK50: =IF(AND(AH50=2,I50="Catastrofico"),Hoja1!$K$5,IF(AND(AH50=2,I50="Mayor"),Hoja1!$K$6,IF(AND(AH50=2,I50="Moderado"),Hoja1!$K$7,IF(AND(AH50=1,I50="Catastrofico"),Hoja1!$K$4,IF(AND(AH50=1,I50="Mayor "),Hoja1!$K$5,IF(AND(AH50=1,I50="Moderado"),Hoja1!$K$6,IF(AND(AH50=2,I50="Menor"),Hoja1!$K$7,'FT-Mapa de riesgos'!I50))))))) -> Mayor | AL50: =IF(ISERROR(VLOOKUP(AJ50&AK50,Hoja1!$C$1:$F$25,4,0)),"",(VLOOKUP(AJ50&AK50,Hoja1!$C$1:$F$25,4,0))) -> Alto
F51: Ausencia de verificación de la información con los aplicativos | K51: Reducir | M51: Verificación de la información oficial registrada en el aplicativo | N51: Verificar y revisar la información registrada en la Suite Visión | O51: Reporte automatico del aplicativo | P51: Probabilidad | Q51: No | R51: =+IF(Q51="No","N/A","") -> N/A | S51: Si | T51: Profesional de Planeación | U51: Si | V51: Permanente | W51: Enero-Abril | X51: Mayo-Agosto | Y51: Septiembre-Diciembre | Z51: Si | AA51: 1. Reportes suite visión | AB51: =SUM(IF(Q51="Si",Q$15,0)+(IF(S51="Si",S$15,0))+IF(U51="Si",U$15,0)+IF(Z51="Si",Z$15,0)) -> 68 | AC51: =IF(AND(L50=2,P51="Probabilidad",AB51>=75),50,IF(AND(P51="Probabilidad",L50=2,AB51>=50),37,IF(AND(P51="Probabilidad",L50=2,AB51>=25),25,IF(AND(P51="Probabilidad",L50=2,AB51>10),12,IF(AND(L50=1,P51="Probabilidad",AB51>=75),100,IF(AND(P51="Probabilidad",L50=1,AB51>=50),75,IF(AND(P51="Probabilidad",L50=1,AB51>=25),50,IF(AND(P51="Probabilidad",L50=1,AB51>10),25,IF(AND(P51="Probabilidad",L50=3,AB51>=75),33.3,IF(AND(P51="Probabilidad",L50=3,AB51,AB51>=50),25,IF(AND(P51="Probabilidad",L50=3,AB51>=25),17,IF(AND(P51="Probabilidad",L50=3,AB51>10),8,0)))))))))))) -> 37 | AD51: =IF(AND(L50=2,P51="Impacto",AB51>=75),50,IF(AND(P51="Impacto",L50=2,AB51>=50),37,IF(AND(P51="Impacto",L50=2,AB51>=25),25,IF(AND(P51="Impacto",L50=2,AB51>10),12,IF(AND(L50=1,P51="Impacto",AB51>=75),100,IF(AND(P51="Impacto",L50=1,AB51>=50),75,IF(AND(P51="Impacto",L50=1,AB51>=25),50,IF(AND(P51="Impacto",L50=1,AB51>10),25,IF(AND(P51="Impacto",L50=3,AB51>=75),33.3,IF(AND(P51="Impacto",L50=3,AB51,AB51>=50),25,IF(AND(P51="Impacto",L50=3,AB51>=25),17,IF(AND(P51="Impacto",L50=3,AB51>10),8,0)))))))))))) -> 0
R52: =+IF(Q52="No","N/A","") | AB52: =SUM(IF(Q52="Si",Q$15,0)+(IF(S52="Si",S$15,0))+IF(U52="Si",U$15,0)+IF(Z52="Si",Z$15,0)) -> 0 | AC52: =IF(AND(L50=2,P52="Probabilidad",AB52>=75),50,IF(AND(P52="Probabilidad",L50=2,AB52>=50),37,IF(AND(P52="Probabilidad",L50=2,AB52>=25),25,IF(AND(P52="Probabilidad",L50=2,AB52>10),12,IF(AND(L50=1,P52="Probabilidad",AB52>=75),100,IF(AND(P52="Probabilidad",L50=1,AB52>=50),75,IF(AND(P52="Probabilidad",L50=1,AB52>=25),50,IF(AND(P52="Probabilidad",L50=1,AB52>10),25,IF(AND(P52="Probabilidad",L50=3,AB52>=75),33.3,IF(AND(P52="Probabilidad",L50=3,AB52,AB52>=50),25,IF(AND(P52="Probabilidad",L50=3,AB52>=25),17,IF(AND(P52="Probabilidad",L50=3,AB52>10),8,0)))))))))))) -> 0 | AD52: =IF(AND(L50=2,P52="Impacto",AB52>=75),50,IF(AND(P52="Impacto",L50=2,AB52>=50),37,IF(AND(P52="Impacto",L50=2,AB52>=25),25,IF(AND(P52="Impacto",L50=2,AB52>10),12,IF(AND(L50=1,P52="Impacto",AB52>=75),100,IF(AND(P52="Impacto",L50=1,AB52>=50),75,IF(AND(P52="Impacto",L50=1,AB52>=25),50,IF(AND(P52="Impacto",L50=1,AB52>10),25,IF(AND(P52="Impacto",L50=3,AB52>=75),33.3,IF(AND(P52="Impacto",L50=3,AB52,AB52>=50),25,IF(AND(P52="Impacto",L50=3,AB52>=25),17,IF(AND(P52="Impacto",L50=3,AB52>10),8,0)))))))))))) -> 0
B53: 12 | C53: Eliminación de hallazgos para favorecer al auditado | D53: No incluir en la Evaluación la totalidad de las irregularidades observadas en la auditoría realizada, recibiendo como contraprestación dadivas o amenazas | E53: Corrupción | F53: Personal con falta de ética. | G53: 1. Perdida de credibilidad 2. Sanciones 3. Conflictos Legales | H53: Improbable | I53: Mayor | J53: =IF(ISERROR(VLOOKUP(H53&I53,Hoja1!$C$1:$F$25,4,0)),"",(VLOOKUP(H53&I53,Hoja1!$C$1:$F$25,4,0))) -> Alto | K53: Reducir | L53: 2 | M53: Compromisos de cumplimiento del Código de Ética del Auditor Interno | N53: Suscribir la manifestación del Auditor, certificando que conoce y se compromete a cumplir con el código de Ética del Auditor Interno | O53: N/A | P53: Probabilidad | Q53: No | R53: =+IF(Q53="No","N/A","") -> N/A | S53: Si | T53: Equipo Auditor | U53: Si | V53: Anual | W53: Enero-Abril | X53: N/A | Y53: N/A | Z53: Si | AA53: Registros del acuerdo de compromiso y confidencialidad | AB53: =SUM(IF(Q53="Si",Q$15,0)+(IF(S53="Si",S$15,0))+IF(U53="Si",U$15,0)+IF(Z53="Si",Z$15,0)) -> 68 | AC53: =IF(AND(L53=2,P53="Probabilidad",AB53>=75),50,IF(AND(P53="Probabilidad",L53=2,AB53>=50),37,IF(AND(P53="Probabilidad",L53=2,AB53>=25),25,IF(AND(P53="Probabilidad",L53=2,AB53>10),12,IF(AND(L53=1,P53="Probabilidad",AB53>=75),100,IF(AND(P53="Probabilidad",L53=1,AB53>=50),75,IF(AND(P53="Probabilidad",L53=1,AB53>=25),50,IF(AND(P53="Probabilidad",L53=1,AB53>10),25,IF(AND(P53="Probabilidad",L53=3,AB53>=75),33.3,IF(AND(P53="Probabilidad",L53=3,AB53,AB53>=50),25,IF(AND(P53="Probabilidad",L53=3,AB53>=25),17,IF(AND(P53="Probabilidad",L53=3,AB53>10),8,0)))))))))))) -> 37 | AD53: =IF(AND(L53=2,P53="Impacto",AB53>=75),50,IF(AND(P53="Impacto",L53=2,AB53>=50),37,IF(AND(P53="Impacto",L53=2,AB53>=25),25,IF(AND(P53="Impacto",L53=2,AB53>10),12,IF(AND(L53=1,P53="Impacto",AB53>=75),100,IF(AND(P53="Impacto",L53=1,AB53>=50),75,IF(AND(P53="Impacto",L53=1,AB53>=25),50,IF(AND(P53="Impacto",L53=1,AB53>10),25,IF(AND(P53="Impacto",L53=3,AB53>=75),33.3,IF(AND(P53="Impacto",L53=3,AB53,AB53>=50),25,IF(AND(P53="Impacto",L53=3,AB53>=25),17,IF(AND(P53="Impacto",L53=3,AB53>10),8,0)))))))))))) -> 0 | AE53: =SUM(AC53:AC55) -> 74 | AF53: =SUM(AD53:AD55) -> 0 | AG53: =IF(AE53>75,2,IF(AE53>=30,1,"-")) -> 1 | AH53: =IF(AF53>75,2,IF(AF53>=30,1,"-")) -> - | AJ53: =IF(AND(AG53=2,H53="Casi seguro"),Hoja1!$J$5,IF(AND(AG53=2,H53="Posible"),Hoja1!$J$6,IF(AND(H53="Improbable",AG53=2),Hoja1!J171,IF(AND(AG53=1,H53="Casi seguro"),Hoja1!$J$4,IF(AND(AG53=1,H53="Posible"),Hoja1!$J$5,IF(AND(AG53=1,H53="Improbable"),Hoja1!$J$6,'FT-Mapa de riesgos'!H53)))))) -> Rara Vez | AK53: =IF(AND(AH53=2,I53="Catastrofico"),Hoja1!$K$5,IF(AND(AH53=2,I53="Mayor"),Hoja1!$K$6,IF(AND(AH53=2,I53="Moderado"),Hoja1!$K$7,IF(AND(AH53=1,I53="Catastrofico"),Hoja1!$K$4,IF(AND(AH53=1,I53="Mayor "),Hoja1!$K$5,IF(AND(AH53=1,I53="Moderado"),Hoja1!$K$6,IF(AND(AH53=2,I53="Menor"),Hoja1!$K$7,'FT-Mapa de riesgos'!I53))))))) -> Mayor | AL53: =IF(ISERROR(VLOOKUP(AJ53&AK53,Hoja1!$C$1:$F$25,4,0)),"",(VLOOKUP(AJ53&AK53,Hoja1!$C$1:$F$25,4,0))) -> Alto
F54: Conflicto de intereses | K54: Reducir | M54: Asignar Auditores a procesos y àreas de acuerdo al perfil, experiencia y ausencia de conflicto de intereses | N54: Definir los auditores con el fin de realizar sus actividades sin encontrarse en conflicto de intereses o incompetencia técnica | O54: N/A | P54: Probabilidad | Q54: No | R54: =+IF(Q54="No","N/A","") -> N/A | S54: Si | T54: Jefe Oficina de Control Interno | U54: Si | V54: Anual | W54: Enero-Abril | X54: N/A | Y54: N/A | Z54: Si | AA54: Registros del plan de audiotorias ejecutado | AB54: =SUM(IF(Q54="Si",Q$15,0)+(IF(S54="Si",S$15,0))+IF(U54="Si",U$15,0)+IF(Z54="Si",Z$15,0)) -> 68 | AC54: =IF(AND(L53=2,P54="Probabilidad",AB54>=75),50,IF(AND(P54="Probabilidad",L53=2,AB54>=50),37,IF(AND(P54="Probabilidad",L53=2,AB54>=25),25,IF(AND(P54="Probabilidad",L53=2,AB54>10),12,IF(AND(L53=1,P54="Probabilidad",AB54>=75),100,IF(AND(P54="Probabilidad",L53=1,AB54>=50),75,IF(AND(P54="Probabilidad",L53=1,AB54>=25),50,IF(AND(P54="Probabilidad",L53=1,AB54>10),25,IF(AND(P54="Probabilidad",L53=3,AB54>=75),33.3,IF(AND(P54="Probabilidad",L53=3,AB54,AB54>=50),25,IF(AND(P54="Probabilidad",L53=3,AB54>=25),17,IF(AND(P54="Probabilidad",L53=3,AB54>10),8,0)))))))))))) -> 37 | AD54: =IF(AND(L53=2,P54="Impacto",AB54>=75),50,IF(AND(P54="Impacto",L53=2,AB54>=50),37,IF(AND(P54="Impacto",L53=2,AB54>=25),25,IF(AND(P54="Impacto",L53=2,AB54>10),12,IF(AND(L53=1,P54="Impacto",AB54>=75),100,IF(AND(P54="Impacto",L53=1,AB54>=50),75,IF(AND(P54="Impacto",L53=1,AB54>=25),50,IF(AND(P54="Impacto",L53=1,AB54>10),25,IF(AND(P54="Impacto",L53=3,AB54>=75),33.3,IF(AND(P54="Impacto",L53=3,AB54,AB54>=50),25,IF(AND(P54="Impacto",L53=3,AB54>=25),17,IF(AND(P54="Impacto",L53=3,AB54>10),8,0)))))))))))) -> 0
R55: =+IF(Q55="No","N/A","") | AB55: =SUM(IF(Q55="Si",Q$15,0)+(IF(S55="Si",S$15,0))+IF(U55="Si",U$15,0)+IF(Z55="Si",Z$15,0)) -> 0 | AC55: =IF(AND(L53=2,P55="Probabilidad",AB55>=75),50,IF(AND(P55="Probabilidad",L53=2,AB55>=50),37,IF(AND(P55="Probabilidad",L53=2,AB55>=25),25,IF(AND(P55="Probabilidad",L53=2,AB55>10),12,IF(AND(L53=1,P55="Probabilidad",AB55>=75),100,IF(AND(P55="Probabilidad",L53=1,AB55>=50),75,IF(AND(P55="Probabilidad",L53=1,AB55>=25),50,IF(AND(P55="Probabilidad",L53=1,AB55>10),25,IF(AND(P55="Probabilidad",L53=3,AB55>=75),33.3,IF(AND(P55="Probabilidad",L53=3,AB55,AB55>=50),25,IF(AND(P55="Probabilidad",L53=3,AB55>=25),17,IF(AND(P55="Probabilidad",L53=3,AB55>10),8,0)))))))))))) -> 0 | AD55: =IF(AND(L53=2,P55="Impacto",AB55>=75),50,IF(AND(P55="Impacto",L53=2,AB55>=50),37,IF(AND(P55="Impacto",L53=2,AB55>=25),25,IF(AND(P55="Impacto",L53=2,AB55>10),12,IF(AND(L53=1,P55="Impacto",AB55>=75),100,IF(AND(P55="Impacto",L53=1,AB55>=50),75,IF(AND(P55="Impacto",L53=1,AB55>=25),50,IF(AND(P55="Impacto",L53=1,AB55>10),25,IF(AND(P55="Impacto",L53=3,AB55>=75),33.3,IF(AND(P55="Impacto",L53=3,AB55,AB55>=50),25,IF(AND(P55="Impacto",L53=3,AB55>=25),17,IF(AND(P55="Impacto",L53=3,AB55>10),8,0)))))))))))) -> 0

Sheet FT-Monitoreos 
A2: HOSPITAL MILITAR CENTRAL | E2: FORMATO: SEGUIMIENTOS Y MONITOREO MAPA DE RIESGOS | P2: CÓDIGO: PL-OAPL-PR-05-FT-01
E3: OFICINA: ASESORA DE PLANEACION | P3: FECHA DE EMISIÓN: 13-02-2019
P4: VERSIÓN: 02
E5: PROCESO: PLANEACION | P5: Página 1 de 1
E6: SISTEMA DE GESTION INTEGRADO SGI
A9: MATRIZ DE MONITOREO DE RIESGOS 1 CORTE (ENERO - ABRIL) | X9: 5
A10: FECHA DEL REPORTE DEL MONITOREO | B10: IDENTIFICACIÓN DEL RIESGO | F10: ¿SE MATERIALIZO EL RIESGO? | G10: PLAN DE MANEJO Y/O MITIGACIÓN DEL RIESGO (Diligencie en caso de haberse materializado el riesgo)
B11: No | C11: Riesgo | E11: Tipo de riesgo | G11: Si se materializo el riesgo describa brevemente el hecho y especifique el área y/o servicio en donde tuvo lugar | H11: Describa numericamente cuantos hechos se presentaron | I11: Realizo Análisis Causa -Raiz | J11: Describa el Análisis | K11: Acciones desarrolladas para mitigar el riesgo | L11: Responsable | M11: Plazo de ejecución | N11: Registros | O11: Nombre el control | P11: Periodicidad del control | Q11: Fecha de monitoreo | R11: Fecha de aplicación | V11: ¿Tenia que aplicar controles para este periodo? | W11: ¿Cuantas acciones de control tenia planificadas para el periodo? | X11: ¿Cuantas acciones de control realizo? | Y11: ¿El control fue eficaz?
B12: =+IF($A$43=$X$9,'FT-Mapa de riesgos'!#REF!,"") | C12: =+IF(B12=1,'FT-Mapa de riesgos'!#REF!,"") | D12: =+IF(B12=1,1,"NA") -> NA | E12: =+IF(B12=1,'FT-Mapa de riesgos'!#REF!,"") | G12: =IFERROR(IF($F12="","No",IF($F12="No","No"," "))," ") -> No | H12: =IFERROR(IF($F12="","No",IF($F12="No","No"," "))," ") -> No | I12: =IFERROR(IF($F12="","No",IF($F12="No","No"," "))," ") -> No | J12: =IFERROR(IF($F12="","No",IF($F12="No","No"," "))," ") -> No | K12: =IFERROR(IF($F12="","No",IF($F12="No","No"," "))," ") -> No | L12: =IFERROR(IF($F12="","No",IF($F12="No","No"," "))," ") -> No | M12: =IFERROR(IF($F12="","No",IF($F12="No","No"," "))," ") -> No | N12: =IFERROR(IF($F12="","No",IF($F12="No","No"," "))," ") -> No | O12: =IF('FT-Mapa de riesgos'!#REF!="","",'FT-Mapa de riesgos'!#REF!) -> #REF! | P12: =+IF('FT-Mapa de riesgos'!#REF!="","",'FT-Mapa de riesgos'!#REF!) -> #REF! | Q12: Enero-Abril | R12: =+IF('FT-Mapa de riesgos'!#REF!="","",'FT-Mapa de riesgos'!#REF!) -> #REF! | S12: =+'FT-Mapa de riesgos'!#REF! -> #REF! | T12: =+'FT-Mapa de riesgos'!#REF! -> #REF! | U12: =IF(OR(Q12=R12,Q12=S12,Q12=T12),1,0) -> #REF! | V12: =+IF(U12=1,"Si","No") -> #REF! | W12: =IF($V12="","No",IF($V12="No","No"," ")) -> #REF! | X12: =IF($V12="","No",IF($V12="No","No"," ")) -> #REF! | Y12: =+IFERROR((X12/W12)," ")
O13: =IF('FT-Mapa de riesgos'!#REF!="","",'FT-Mapa de riesgos'!#REF!) -> #REF! | P13: =+IF('FT-Mapa de riesgos'!#REF!="","",'FT-Mapa de riesgos'!#REF!) -> #REF! | Q13: Enero-Abril | R13: =+IF('FT-Mapa de riesgos'!#REF!="","",'FT-Mapa de riesgos'!#REF!) -> #REF! | S13: =+'FT-Mapa de riesgos'!#REF! -> #REF! | T13: =+'FT-Mapa de riesgos'!#REF! -> #REF! | U13: =IF(OR(Q13=R13,Q13=S13,Q13=T13),1,0) -> #REF! | V13: =+IF(U13=1,"Si","No") -> #REF! | W13: =IF($V13="","No",IF($V13="No","No"," ")) -> #REF! | X13: =IF($V13="","No",IF($V13="No","No"," ")) -> #REF! | Y13: =+IFERROR((X13/W13)," ")
O14: =IF('FT-Mapa de riesgos'!#REF!="","",'FT-Mapa de riesgos'!#REF!) -> #REF! | P14: =+IF('FT-Mapa de riesgos'!#REF!="","",'FT-Mapa de riesgos'!#REF!) -> #REF! | Q14: Enero-Abril | R14: =+IF('FT-Mapa de riesgos'!#REF!="","",'FT-Mapa de riesgos'!#REF!) -> #REF! | S14: =+'FT-Mapa de riesgos'!#REF! -> #REF! | T14: =+'FT-Mapa de riesgos'!#REF! -> #REF! | U14: =IF(OR(Q14=R14,Q14=S14,Q14=T14),1,0) -> #REF! | V14: =+IF(U14=1,"Si","No") -> #REF! | W14: =IF($V14="","No",IF($V14="No","No"," ")) -> #REF! | X14: =IF($V14="","No",IF($V14="No","No"," ")) -> #REF! | Y14: =+IFERROR((X14/W14)," ")
B15: =+IF($A$43=$X$9,'FT-Mapa de riesgos'!#REF!,"") | C15: =+IF(B15=2,'FT-Mapa de riesgos'!#REF!,"") | D15: =+IF(B15=2,1,"NA") -> NA | E15: =+IF(B15=2,'FT-Mapa de riesgos'!#REF!,"") | G15: =IFERROR(IF($F15="","No",IF($F15="No","No"," "))," ") -> No | H15: =IFERROR(IF($F15="","No",IF($F15="No","No"," "))," ") -> No | I15: =IFERROR(IF($F15="","No",IF($F15="No","No"," "))," ") -> No | J15: =IFERROR(IF($F15="","No",IF($F15="No","No"," "))," ") -> No | K15: =IFERROR(IF($F15="","No",IF($F15="No","No"," "))," ") -> No | L15: =IFERROR(IF($F15="","No",IF($F15="No","No"," "))," ") -> No | M15: =IFERROR(IF($F15="","No",IF($F15="No","No"," "))," ") -> No | N15: =IFERROR(IF($F15="","No",IF($F15="No","No"," "))," ") -> No | O15: =IF('FT-Mapa de riesgos'!#REF!="","",'FT-Mapa de riesgos'!#REF!) -> #REF! | P15: =+IF('FT-Mapa de riesgos'!#REF!="","",'FT-Mapa de riesgos'!#REF!) -> #REF! | Q15: Enero-Abril | R15: =+IF('FT-Mapa de riesgos'!#REF!="","",'FT-Mapa de riesgos'!#REF!) -> #REF! | S15: =+'FT-Mapa de riesgos'!#REF! -> #REF! | T15: =+'FT-Mapa de riesgos'!#REF! -> #REF! | U15: =IF(OR(Q15=R15,Q15=S15,Q15=T15),1,0) -> #REF! | V15: =+IF(U15=1,"Si","No") -> #REF! | W15: =IF($V15="","No",IF($V15="No","No"," ")) -> #REF! | X15: =IF($V15="","No",IF($V15="No","No"," ")) -> #REF! | Y15: =+IFERROR((X15/W15)," ")
O16: =IF('FT-Mapa de riesgos'!#REF!="","",'FT-Mapa de riesgos'!#REF!) -> #REF! | P16: =+IF('FT-Mapa de riesgos'!#REF!="","",'FT-Mapa de riesgos'!#REF!) -> #REF! | Q16: Enero-Abril | R16: =+IF('FT-Mapa de riesgos'!#REF!="","",'FT-Mapa de riesgos'!#REF!) -> #REF! | S16: =+'FT-Mapa de riesgos'!#REF! -> #REF! | T16: =+'FT-Mapa de riesgos'!#REF! -> #REF! | U16: =IF(OR(Q16=R16,Q16=S16,Q16=T16),1,0) -> #REF! | V16: =+IF(U16=1,"Si","No") -> #REF! | W16: =IF($V16="","No",IF($V16="No","No"," ")) -> #REF! | X16: =IF($V16="","No",IF($V16="No","No"," ")) -> #REF! | Y16: =+IFERROR((X16/W16)," ")
O17: =IF('FT-Mapa de riesgos'!#REF!="","",'FT-Mapa de riesgos'!#REF!) -> #REF! | P17: =+IF('FT-Mapa de riesgos'!#REF!="","",'FT-Mapa de riesgos'!#REF!) -> #REF! | Q17: Enero-Abril | R17: =+IF('FT-Mapa de riesgos'!#REF!="","",'FT-Mapa de riesgos'!#REF!) -> #REF! | S17: =+'FT-Mapa de riesgos'!#REF! -> #REF! | T17: =+'FT-Mapa de riesgos'!#REF! -> #REF! | U17: =IF(OR(Q17=R17,Q17=S17,Q17=T17),1,0) -> #REF! | V17: =+IF(U17=1,"Si","No") -> #REF! | W17: =IF($V17="","No",IF($V17="No","No"," ")) -> #REF! | X17: =IF($V17="","No",IF($V17="No","No"," ")) -> #REF! | Y17: =+IFERROR((X17/W17)," ")
B18: =+IF($A$43=$X$9,'FT-Mapa de riesgos'!#REF!,"") | C18: =+IF(B18=3,'FT-Mapa de riesgos'!#REF!,"") | D18: =+IF(B18=3,1,"NA") -> NA | E18: =+IF(B18=3,'FT-Mapa de riesgos'!#REF!,"") | G18: =IFERROR(IF($F18="","No",IF($F18="No","No"," "))," ") -> No | H18: =IFERROR(IF($F18="","No",IF($F18="No","No"," "))," ") -> No | I18: =IFERROR(IF($F18="","No",IF($F18="No","No"," "))," ") -> No | J18: =IFERROR(IF($F18="","No",IF($F18="No","No"," "))," ") -> No | K18: =IFERROR(IF($F18="","No",IF($F18="No","No"," "))," ") -> No | L18: =IFERROR(IF($F18="","No",IF($F18="No","No"," "))," ") -> No | M18: =IFERROR(IF($F18="","No",IF($F18="No","No"," "))," ") -> No | N18: =IFERROR(IF($F18="","No",IF($F18="No","No"," "))," ") -> No | O18: =IF('FT-Mapa de riesgos'!#REF!="","",'FT-Mapa de riesgos'!#REF!) -> #REF! | P18: =+IF('FT-Mapa de riesgos'!#REF!="","",'FT-Mapa de riesgos'!#REF!) -> #REF! | Q18: Enero-Abril | R18: =+IF('FT-Mapa de riesgos'!#REF!="","",'FT-Mapa de riesgos'!#REF!) -> #REF! | S18: =+'FT-Mapa de riesgos'!#REF! -> #REF! | T18: =+'FT-Mapa de riesgos'!#REF! -> #REF! | U18: =IF(OR(Q18=R18,Q18=S18,Q18=T18),1,0) -> #REF! | V18: =+IF(U18=1,"Si","No") -> #REF! | W18: =IF($V18="","No",IF($V18="No","No"," ")) -> #REF! | X18: =IF($V18="","No",IF($V18="No","No"," ")) -> #REF! | Y18: =+IFERROR((X18/W18)," ")
O19: =IF('FT-Mapa de riesgos'!#REF!="","",'FT-Mapa de riesgos'!#REF!) -> #REF! | P19: =+IF('FT-Mapa de riesgos'!#REF!="","",'FT-Mapa de riesgos'!#REF!) -> #REF! | Q19: Enero-Abril | R19: =+IF('FT-Mapa de riesgos'!#REF!="","",'FT-Mapa de riesgos'!#REF!) -> #REF! | S19: =+'FT-Mapa de riesgos'!#REF! -> #REF! | T19: =+'FT-Mapa de riesgos'!#REF! -> #REF! | U19: =IF(OR(Q19=R19,Q19=S19,Q19=T19),1,0) -> #REF! | V19: =+IF(U19=1,"Si","No") -> #REF! | W19: =IF($V19="","No",IF($V19="No","No"," ")) -> #REF! | X19: =IF($V19="","No",IF($V19="No","No"," ")) -> #REF! | Y19: =+IFERROR((X19/W19)," ")
O20: =IF('FT-Mapa de riesgos'!#REF!="","",'FT-Mapa de riesgos'!#REF!) -> #REF! | P20: =+IF('FT-Mapa de riesgos'!#REF!="","",'FT-Mapa de riesgos'!#REF!) -> #REF! | Q20: Enero-Abril | R20: =+IF('FT-Mapa de riesgos'!#REF!="","",'FT-Mapa de riesgos'!#REF!) -> #REF! | S20: =+'FT-Mapa de riesgos'!#REF! -> #REF! | T20: =+'FT-Mapa de riesgos'!#REF! -> #REF! | U20: =IF(OR(Q20=R20,Q20=S20,Q20=T20),1,0) -> #REF! | V20: =+IF(U20=1,"Si","No") -> #REF! | W20: =IF($V20="","No",IF($V20="No","No"," ")) -> #REF! | X20: =IF($V20="","No",IF($V20="No","No"," ")) -> #REF! | Y20: =+IFERROR((X20/W20)," ")
B21: =+IF($A$43=$X$9,'FT-Mapa de riesgos'!#REF!," ") | C21: =+IF(B21=4,'FT-Mapa de riesgos'!#REF!,"") | D21: =+IF(B21=4,1,"NA") -> NA | E21: =+IF(B21=4,'FT-Mapa de riesgos'!#REF!,"") | G21: =IFERROR(IF($F21="","No",IF($F21="No","No"," "))," ") -> No | H21: =IFERROR(IF($F21="","No",IF($F21="No","No"," "))," ") -> No | I21: =IFERROR(IF($F21="","No",IF($F21="No","No"," "))," ") -> No | J21: =IFERROR(IF($F21="","No",IF($F21="No","No"," "))," ") -> No | K21: =IFERROR(IF($F21="","No",IF($F21="No","No"," "))," ") -> No | L21: =IFERROR(IF($F21="","No",IF($F21="No","No"," "))," ") -> No | M21: =IFERROR(IF($F21="","No",IF($F21="No","No"," "))," ") -> No | N21: =IFERROR(IF($F21="","No",IF($F21="No","No"," "))," ") -> No | O21: =IF('FT-Mapa de riesgos'!#REF!="","",'FT-Mapa de riesgos'!#REF!) -> #REF! | P21: =+IF('FT-Mapa de riesgos'!#REF!="","",'FT-Mapa de riesgos'!#REF!) -> #REF! | Q21: Enero-Abril | R21: =+IF('FT-Mapa de riesgos'!#REF!="","",'FT-Mapa de riesgos'!#REF!) -> #REF! | S21: =+'FT-Mapa de riesgos'!#REF! -> #REF! | T21: =+'FT-Mapa de riesgos'!#REF! -> #REF! | U21: =IF(OR(Q21=R21,Q21=S21,Q21=T21),1,0) -> #REF! | V21: =+IF(U21=1,"Si","No") -> #REF! | W21: =IF($V21="","No",IF($V21="No","No"," ")) -> #REF! | X21: =IF($V21="","No",IF($V21="No","No"," ")) -> #REF! | Y21: =+IFERROR((X21/W21)," ")
O22: =IF('FT-Mapa de riesgos'!#REF!="","",'FT-Mapa de riesgos'!#REF!) -> #REF! | P22: =+IF('FT-Mapa de riesgos'!#REF!="","",'FT-Mapa de riesgos'!#REF!) -> #REF! | Q22: Enero-Abril | R22: =+IF('FT-Mapa de riesgos'!#REF!="","",'FT-Mapa de riesgos'!#REF!) -> #REF! | S22: =+'FT-Mapa de riesgos'!#REF! -> #REF! | T22: =+'FT-Mapa de riesgos'!#REF! -> #REF! | U22: =IF(OR(Q22=R22,Q22=S22,Q22=T22),1,0) -> #REF! | V22: =+IF(U22=1,"Si","No") -> #REF! | W22: =IF($V22="","No",IF($V22="No","No"," ")) -> #REF! | X22: =IF($V22="","No",IF($V22="No","No"," ")) -> #REF! | Y22: =+IFERROR((X22/W22)," ")
O23: =IF('FT-Mapa de riesgos'!#REF!="","",'FT-Mapa de riesgos'!#REF!) -> #REF! | P23: =+IF('FT-Mapa de riesgos'!#REF!="","",'FT-Mapa de riesgos'!#REF!) -> #REF! | Q23: Enero-Abril | R23: =+IF('FT-Mapa de riesgos'!#REF!="","",'FT-Mapa de riesgos'!#REF!) -> #REF! | S23: =+'FT-Mapa de riesgos'!#REF! -> #REF! | T23: =+'FT-Mapa de riesgos'!#REF! -> #REF! | U23: =IF(OR(Q23=R23,Q23=S23,Q23=T23),1,0) -> #REF! | V23: =+IF(U23=1,"Si","No") -> #REF! | W23: =IF($V23="","No",IF($V23="No","No"," ")) -> #REF! | X23: =IF($V23="","No",IF($V23="No","No"," ")) -> #REF! | Y23: =+IFERROR((X23/W23)," ")
B24: =+IF($A$43=$X$9,'FT-Mapa de riesgos'!#REF!,"") | C24: =+IF(B24=5,'FT-Mapa de riesgos'!#REF!,"") | D24: =+IF(B24=1,1,"NA") -> NA | E24: =+IF(B24=5,'FT-Mapa de riesgos'!#REF!,"") | G24: =IFERROR(IF($F24="","No",IF($F24="No","No"," "))," ") -> No | H24: =IFERROR(IF($F24="","No",IF($F24="No","No"," "))," ") -> No | I24: =IFERROR(IF($F24="","No",IF($F24="No","No"," "))," ") -> No | J24: =IFERROR(IF($F24="","No",IF($F24="No","No"," "))," ") -> No | K24: =IFERROR(IF($F24="","No",IF($F24="No","No"," "))," ") -> No | L24: =IFERROR(IF($F24="","No",IF($F24="No","No"," "))," ") -> No | M24: =IFERROR(IF($F24="","No",IF($F24="No","No"," "))," ") -> No | N24: =IFERROR(IF($F24="","No",IF($F24="No","No"," "))," ") -> No | O24: =IF('FT-Mapa de riesgos'!#REF!="","",'FT-Mapa de riesgos'!#REF!) -> #REF! | P24: =+IF('FT-Mapa de riesgos'!#REF!="","",'FT-Mapa de riesgos'!#REF!) -> #REF! | Q24: Enero-Abril | R24: =+IF('FT-Mapa de riesgos'!#REF!="","",'FT-Mapa de riesgos'!#REF!) -> #REF! | S24: =+'FT-Mapa de riesgos'!#REF! -> #REF! | T24: =+'FT-Mapa de riesgos'!#REF! -> #REF! | U24: =IF(OR(Q24=R24,Q24=S24,Q24=T24),1,0) -> #REF! | V24: =+IF(U24=1,"Si","No") -> #REF! | W24: =IF($V24="","No",IF($V24="No","No"," ")) -> #REF! | X24: =IF($V24="","No",IF($V24="No","No"," ")) -> #REF! | Y24: =+IFERROR((X24/W24)," ")
O25: =IF('FT-Mapa de riesgos'!#REF!="","",'FT-Mapa de riesgos'!#REF!) -> #REF! | P25: =+IF('FT-Mapa de riesgos'!#REF!="","",'FT-Mapa de riesgos'!#REF!) -> #REF! | Q25: Enero-Abril | R25: =+IF('FT-Mapa de riesgos'!#REF!="","",'FT-Mapa de riesgos'!#REF!) -> #REF! | S25: =+'FT-Mapa de riesgos'!#REF! -> #REF! | T25: =+'FT-Mapa de riesgos'!#REF! -> #REF! | U25: =IF(OR(Q25=R25,Q25=S25,Q25=T25),1,0) -> #REF! | V25: =+IF(U25=1,"Si","No") -> #REF! | W25: =IF($V25="","No",IF($V25="No","No"," ")) -> #REF! | X25: =IF($V25="","No",IF($V25="No","No"," ")) -> #REF! | Y25: =+IFERROR((X25/W25)," ")
O26: =IF('FT-Mapa de riesgos'!#REF!="","",'FT-Mapa de riesgos'!#REF!) -> #REF! | P26: =+IF('FT-Mapa de riesgos'!#REF!="","",'FT-Mapa de riesgos'!#REF!) -> #REF! | Q26: Enero-Abril | R26: =+IF('FT-Mapa de riesgos'!#REF!="","",'FT-Mapa de riesgos'!#REF!) -> #REF! | S26: =+'FT-Mapa de riesgos'!#REF! -> #REF! | T26: =+'FT-Mapa de riesgos'!#REF! -> #REF! | U26: =IF(OR(Q26=R26,Q26=S26,Q26=T26),1,0) -> #REF! | V26: =+IF(U26=1,"Si","No") -> #REF! | W26: =IF($V26="","No",IF($V26="No","No"," ")) -> #REF! | X26: =IF($V26="","No",IF($V26="No","No"," ")) -> #REF! | Y26: =+IFERROR((X26/W26)," ")
B27: =+IF($A$43=$X$9,'FT-Mapa de riesgos'!#REF!,"") | C27: =+IF(B27=6,'FT-Mapa de riesgos'!#REF!,"") | D27: =+IF(B27=1,1,"NA") -> NA | E27: =+IF(B27=6,'FT-Mapa de riesgos'!#REF!,"") | G27: =IFERROR(IF($F27="","No",IF($F27="No","No"," "))," ") -> No | H27: =IFERROR(IF($F27="","No",IF($F27="No","No"," "))," ") -> No | I27: =IFERROR(IF($F27="","No",IF($F27="No","No"," "))," ") -> No | J27: =IFERROR(IF($F27="","No",IF($F27="No","No"," "))," ") -> No | K27: =IFERROR(IF($F27="","No",IF($F27="No","No"," "))," ") -> No | L27: =IFERROR(IF($F27="","No",IF($F27="No","No"," "))," ") -> No | M27: =IFERROR(IF($F27="","No",IF($F27="No","No"," "))," ") -> No | N27: =IFERROR(IF($F27="","No",IF($F27="No","No"," "))," ") -> No | O27: =IF('FT-Mapa de riesgos'!#REF!="","",'FT-Mapa de riesgos'!#REF!) -> #REF! | P27: =+IF('FT-Mapa de riesgos'!#REF!="","",'FT-Mapa de riesgos'!#REF!) -> #REF! | Q27: Enero-Abril | R27: =+IF('FT-Mapa de riesgos'!#REF!="","",'FT-Mapa de riesgos'!#REF!) -> #REF! | S27: =+'FT-Mapa de riesgos'!#REF! -> #REF! | T27: =+'FT-Mapa de riesgos'!#REF! -> #REF! | U27: =IF(OR(Q27=R27,Q27=S27,Q27=T27),1,0) -> #REF! | V27: =+IF(U27=1,"Si","No") -> #REF! | W27: =IF($V27="","No",IF($V27="No","No"," ")) -> #REF! | X27: =IF($V27="","No",IF($V27="No","No"," ")) -> #REF! | Y27: =+IFERROR((X27/W27)," ")
O28: =IF('FT-Mapa de riesgos'!#REF!="","",'FT-Mapa de riesgos'!#REF!) -> #REF! | P28: =+IF('FT-Mapa de riesgos'!#REF!="","",'FT-Mapa de riesgos'!#REF!) -> #REF! | Q28: Enero-Abril | R28: =+IF('FT-Mapa de riesgos'!#REF!="","",'FT-Mapa de riesgos'!#REF!) -> #REF! | S28: =+'FT-Mapa de riesgos'!#REF! -> #REF! | T28: =+'FT-Mapa de riesgos'!#REF! -> #REF! | U28: =IF(OR(Q28=R28,Q28=S28,Q28=T28),1,0) -> #REF! | V28: =+IF(U28=1,"Si","No") -> #REF! | W28: =IF($V28="","No",IF($V28="No","No"," ")) -> #REF! | X28: =IF($V28="","No",IF($V28="No","No"," ")) -> #REF! | Y28: =+IFERROR((X28/W28)," ")
O29: =IF('FT-Mapa de riesgos'!#REF!="","",'FT-Mapa de riesgos'!#REF!) -> #REF! | P29: =+IF('FT-Mapa de riesgos'!#REF!="","",'FT-Mapa de riesgos'!#REF!) -> #REF! | Q29: Enero-Abril | R29: =+IF('FT-Mapa de riesgos'!#REF!="","",'FT-Mapa de riesgos'!#REF!) -> #REF! | S29: =+'FT-Mapa de riesgos'!#REF! -> #REF! | T29: =+'FT-Mapa de riesgos'!#REF! -> #REF! | U29: =IF(OR(Q29=R29,Q29=S29,Q29=T29),1,0) -> #REF! | V29: =+IF(U29=1,"Si","No") -> #REF! | W29: =IF($V29="","No",IF($V29="No","No"," ")) -> #REF! | X29: =IF($V29="","No",IF($V29="No","No"," ")) -> #REF! | Y29: =+IFERROR((X29/W29)," ")
B30: =+IF($A$43=$X$9,'FT-Mapa de riesgos'!#REF!,"") | C30: =+IF(B30=7,'FT-Mapa de riesgos'!#REF!,"") | D30: =+IF(B30=1,1,"NA") -> NA | E30: =+IF(B30=7,'FT-Mapa de riesgos'!#REF!,"") | G30: =IFERROR(IF($F30="","No",IF($F30="No","No"," "))," ") -> No | H30: =IFERROR(IF($F30="","No",IF($F30="No","No"," "))," ") -> No | I30: =IFERROR(IF($F30="","No",IF($F30="No","No"," "))," ") -> No | J30: =IFERROR(IF($F30="","No",IF($F30="No","No"," "))," ") -> No | K30: =IFERROR(IF($F30="","No",IF($F30="No","No"," "))," ") -> No | L30: =IFERROR(IF($F30="","No",IF($F30="No","No"," "))," ") -> No | M30: =IFERROR(IF($F30="","No",IF($F30="No","No"," "))," ") -> No | N30: =IFERROR(IF($F30="","No",IF($F30="No","No"," "))," ") -> No | O30: =IF('FT-Mapa de riesgos'!#REF!="","",'FT-Mapa de riesgos'!#REF!) -> #REF! | P30: =+IF('FT-Mapa de riesgos'!#REF!="","",'FT-Mapa de riesgos'!#REF!) -> #REF! | Q30: Enero-Abril | R30: =+IF('FT-Mapa de riesgos'!#REF!="","",'FT-Mapa de riesgos'!#REF!) -> #REF! | S30: =+'FT-Mapa de riesgos'!#REF! -> #REF! | T30: =+'FT-Mapa de riesgos'!#REF! -> #REF! | U30: =IF(OR(Q30=R30,Q30=S30,Q30=T30),1,0) -> #REF! | V30: =+IF(U30=1,"Si","No") -> #REF! | W30: =IF($V30="","No",IF($V30="No","No"," ")) -> #REF! | X30: =IF($V30="","No",IF($V30="No","No"," ")) -> #REF! | Y30: =+IFERROR((X30/W30)," ")
O31: =IF('FT-Mapa de riesgos'!#REF!="","",'FT-Mapa de riesgos'!#REF!) -> #REF! | P31: =+IF('FT-Mapa de riesgos'!#REF!="","",'FT-Mapa de riesgos'!#REF!) -> #REF! | Q31: Enero-Abril | R31: =+IF('FT-Mapa de riesgos'!#REF!="","",'FT-Mapa de riesgos'!#REF!) -> #REF! | S31: =+'FT-Mapa de riesgos'!#REF! -> #REF! | T31: =+'FT-Mapa de riesgos'!#REF! -> #REF! | U31: =IF(OR(Q31=R31,Q31=S31,Q31=T31),1,0) -> #REF! | V31: =+IF(U31=1,"Si","No") -> #REF! | W31: =IF($V31="","No",IF($V31="No","No"," ")) -> #REF! | X31: =IF($V31="","No",IF($V31="No","No"," ")) -> #REF! | Y31: =+IFERROR((X31/W31)," ")
O32: =IF('FT-Mapa de riesgos'!#REF!="","",'FT-Mapa de riesgos'!#REF!) -> #REF! | P32: =+IF('FT-Mapa de riesgos'!#REF!="","",'FT-Mapa de riesgos'!#REF!) -> #REF! | Q32: Enero-Abril | R32: =+IF('FT-Mapa de riesgos'!#REF!="","",'FT-Mapa de riesgos'!#REF!) -> #REF! | S32: =+'FT-Mapa de riesgos'!#REF! -> #REF! | T32: =+'FT-Mapa de riesgos'!#REF! -> #REF! | U32: =IF(OR(Q32=R32,Q32=S32,Q32=T32),1,0) -> #REF! | V32: =+IF(U32=1,"Si","No") -> #REF! | W32: =IF($V32="","No",IF($V32="No","No"," ")) -> #REF! | X32: =IF($V32="","No",IF($V32="No","No"," ")) -> #REF! | Y32: =+IFERROR((X32/W32)," ")
B33: =+IF($A$43=$X$9,'FT-Mapa de riesgos'!B20,"") | C33: =+IF(B33=8,'FT-Mapa de riesgos'!C20,"") | D33: =+IF(B33=1,1,"NA") -> NA | E33: =+IF(B33=8,'FT-Mapa de riesgos'!E20,"") | G33: =IFERROR(IF($F33="","No",IF($F33="No","No"," "))," ") -> No | H33: =IFERROR(IF($F33="","No",IF($F33="No","No"," "))," ") -> No | I33: =IFERROR(IF($F33="","No",IF($F33="No","No"," "))," ") -> No | J33: =IFERROR(IF($F33="","No",IF($F33="No","No"," "))," ") -> No | K33: =IFERROR(IF($F33="","No",IF($F33="No","No"," "))," ") -> No | L33: =IFERROR(IF($F33="","No",IF($F33="No","No"," "))," ") -> No | M33: =IFERROR(IF($F33="","No",IF($F33="No","No"," "))," ") -> No | N33: =IFERROR(IF($F33="","No",IF($F33="No","No"," "))," ") -> No | O33: =IF('FT-Mapa de riesgos'!M20="","",'FT-Mapa de riesgos'!M20) -> Monitoreo de asignación de citas | P33: =+IF('FT-Mapa de riesgos'!V20="","",'FT-Mapa de riesgos'!V20) -> Permanente | Q33: Enero-Abril | R33: =+IF('FT-Mapa de riesgos'!W20="","",'FT-Mapa de riesgos'!W20) -> Enero-Abril | S33: =+'FT-Mapa de riesgos'!X20 -> Mayo-Agosto | T33: =+'FT-Mapa de riesgos'!Y20 -> Septiembre-Diciembre | U33: =IF(OR(Q33=R33,Q33=S33,Q33=T33),1,0) -> 1 | V33: =+IF(U33=1,"Si","No") -> Si | W33: =IF($V33="","No",IF($V33="No","No"," ")) | X33: =IF($V33="","No",IF($V33="No","No"," ")) | Y33: =+IFERROR((X33/W33)," ")
O34: =IF('FT-Mapa de riesgos'!M21="","",'FT-Mapa de riesgos'!M21) | P34: =+IF('FT-Mapa de riesgos'!V21="","",'FT-Mapa de riesgos'!V21) | Q34: Enero-Abril | R34: =+IF('FT-Mapa de riesgos'!W21="","",'FT-Mapa de riesgos'!W21) | S34: =+'FT-Mapa de riesgos'!X21 -> 0 | T34: =+'FT-Mapa de riesgos'!Y21 -> 0 | U34: =IF(OR(Q34=R34,Q34=S34,Q34=T34),1,0) -> 0 | V34: =+IF(U34=1,"Si","No") -> No | W34: =IF($V34="","No",IF($V34="No","No"," ")) -> No | X34: =IF($V34="","No",IF($V34="No","No"," ")) -> No | Y34: =+IFERROR((X34/W34)," ")
O35: =IF('FT-Mapa de riesgos'!M22="","",'FT-Mapa de riesgos'!M22) | P35: =+IF('FT-Mapa de riesgos'!V22="","",'FT-Mapa de riesgos'!V22) | Q35: Enero-Abril | R35: =+IF('FT-Mapa de riesgos'!W22="","",'FT-Mapa de riesgos'!W22) | S35: =+'FT-Mapa de riesgos'!X22 -> 0 | T35: =+'FT-Mapa de riesgos'!Y22 -> 0 | U35: =IF(OR(Q35=R35,Q35=S35,Q35=T35),1,0) -> 0 | V35: =+IF(U35=1,"Si","No") -> No | W35: =IF($V35="","No",IF($V35="No","No"," ")) -> No | X35: =IF($V35="","No",IF($V35="No","No"," ")) -> No | Y35: =+IFERROR((X35/W35)," ")
B36: =+IF($A$43=$X$9,'FT-Mapa de riesgos'!#REF!,"") | C36: =+IF(B36=9,'FT-Mapa de riesgos'!#REF!,"") | D36: =+IF(B36=1,1,"NA") -> NA | E36: =+IF(B36=9,'FT-Mapa de riesgos'!#REF!,"") | G36: =IFERROR(IF($F36="","No",IF($F36="No","No"," "))," ") -> No | H36: =IFERROR(IF($F36="","No",IF($F36="No","No"," "))," ") -> No | I36: =IFERROR(IF($F36="","No",IF($F36="No","No"," "))," ") -> No | J36: =IFERROR(IF($F36="","No",IF($F36="No","No"," "))," ") -> No | K36: =IFERROR(IF($F36="","No",IF($F36="No","No"," "))," ") -> No | L36: =IFERROR(IF($F36="","No",IF($F36="No","No"," "))," ") -> No | M36: =IFERROR(IF($F36="","No",IF($F36="No","No"," "))," ") -> No | N36: =IFERROR(IF($F36="","No",IF($F36="No","No"," "))," ") -> No | O36: =IF('FT-Mapa de riesgos'!#REF!="","",'FT-Mapa de riesgos'!#REF!) -> #REF! | P36: =+IF('FT-Mapa de riesgos'!#REF!="","",'FT-Mapa de riesgos'!#REF!) -> #REF! | Q36: Enero-Abril | R36: =+IF('FT-Mapa de riesgos'!#REF!="","",'FT-Mapa de riesgos'!#REF!) -> #REF! | S36: =+'FT-Mapa de riesgos'!#REF! -> #REF! | T36: =+'FT-Mapa de riesgos'!#REF! -> #REF! | U36: =IF(OR(Q36=R36,Q36=S36,Q36=T36),1,0) -> #REF! | V36: =+IF(U36=1,"Si","No") -> #REF! | W36: =IF($V36="","No",IF($V36="No","No"," ")) -> #REF! | X36: =IF($V36="","No",IF($V36="No","No"," ")) -> #REF! | Y36: =+IFERROR((X36/W36)," ")
O37: =IF('FT-Mapa de riesgos'!#REF!="","",'FT-Mapa de riesgos'!#REF!) -> #REF! | P37: =+IF('FT-Mapa de riesgos'!#REF!="","",'FT-Mapa de riesgos'!#REF!) -> #REF! | Q37: Enero-Abril | R37: =+IF('FT-Mapa de riesgos'!#REF!="","",'FT-Mapa de riesgos'!#REF!) -> #REF! | S37: =+'FT-Mapa de riesgos'!#REF! -> #REF! | T37: =+'FT-Mapa de riesgos'!#REF! -> #REF! | U37: =IF(OR(Q37=R37,Q37=S37,Q37=T37),1,0) -> #REF! | V37: =+IF(U37=1,"Si","No") -> #REF! | W37: =IF($V37="","No",IF($V37="No","No"," ")) -> #REF! | X37: =IF($V37="","No",IF($V37="No","No"," ")) -> #REF! | Y37: =+IFERROR((X37/W37)," ")
O38: =IF('FT-Mapa de riesgos'!#REF!="","",'FT-Mapa de riesgos'!#REF!) -> #REF! | P38: =+IF('FT-Mapa de riesgos'!#REF!="","",'FT-Mapa de riesgos'!#REF!) -> #REF! | Q38: Enero-Abril | R38: =+IF('FT-Mapa de riesgos'!#REF!="","",'FT-Mapa de riesgos'!#REF!) -> #REF! | S38: =+'FT-Mapa de riesgos'!#REF! -> #REF! | T38: =+'FT-Mapa de riesgos'!#REF! -> #REF! | U38: =IF(OR(Q38=R38,Q38=S38,Q38=T38),1,0) -> #REF! | V38: =+IF(U38=1,"Si","No") -> #REF! | W38: =IF($V38="","No",IF($V38="No","No"," ")) -> #REF! | X38: =IF($V38="","No",IF($V38="No","No"," ")) -> #REF! | Y38: =+IFERROR((X38/W38)," ")
B39: =+IF($A$43=$X$9,'FT-Mapa de riesgos'!#REF!,"") | C39: =+IF(B39=10,'FT-Mapa de riesgos'!#REF!,"") | D39: =+IF(B39=1,1,"NA") -> NA | E39: =+IF(B39=10,'FT-Mapa de riesgos'!#REF!,"") | G39: =IFERROR(IF($F39="","No",IF($F39="No","No"," "))," ") -> No | H39: =IFERROR(IF($F39="","No",IF($F39="No","No"," "))," ") -> No | I39: =IFERROR(IF($F39="","No",IF($F39="No","No"," "))," ") -> No | J39: =IFERROR(IF($F39="","No",IF($F39="No","No"," "))," ") -> No | K39: =IFERROR(IF($F39="","No",IF($F39="No","No"," "))," ") -> No | L39: =IFERROR(IF($F39="","No",IF($F39="No","No"," "))," ") -> No | M39: =IFERROR(IF($F39="","No",IF($F39="No","No"," "))," ") -> No | N39: =IFERROR(IF($F39="","No",IF($F39="No","No"," "))," ") -> No | O39: =IF('FT-Mapa de riesgos'!#REF!="","",'FT-Mapa de riesgos'!#REF!) -> #REF! | P39: =+IF('FT-Mapa de riesgos'!#REF!="","",'FT-Mapa de riesgos'!#REF!) -> #REF! | Q39: Enero-Abril | R39: =+IF('FT-Mapa de riesgos'!#REF!="","",'FT-Mapa de riesgos'!#REF!) -> #REF! | S39: =+'FT-Mapa de riesgos'!#REF! -> #REF! | T39: =+'FT-Mapa de riesgos'!#REF! -> #REF! | U39: =IF(OR(Q39=R39,Q39=S39,Q39=T39),1,0) -> #REF! | V39: =+IF(U39=1,"Si","No") -> #REF! | W39: =IF($V39="","No",IF($V39="No","No"," ")) -> #REF! | X39: =IF($V39="","No",IF($V39="No","No"," ")) -> #REF! | Y39: =+IFERROR((X39/W39)," ")
O40: =IF('FT-Mapa de riesgos'!#REF!="","",'FT-Mapa de riesgos'!#REF!) -> #REF! | P40: =+IF('FT-Mapa de riesgos'!#REF!="","",'FT-Mapa de riesgos'!#REF!) -> #REF! | Q40: Enero-Abril | R40: =+IF('FT-Mapa de riesgos'!#REF!="","",'FT-Mapa de riesgos'!#REF!) -> #REF! | S40: =+'FT-Mapa de riesgos'!#REF! -> #REF! | T40: =+'FT-Mapa de riesgos'!#REF! -> #REF! | U40: =IF(OR(Q40=R40,Q40=S40,Q40=T40),1,0) -> #REF! | V40: =+IF(U40=1,"Si","No") -> #REF! | W40: =IF($V40="","No",IF($V40="No","No"," ")) -> #REF! | X40: =IF($V40="","No",IF($V40="No","No"," ")) -> #REF! | Y40: =+IFERROR((X40/W40)," ")
O41: =IF('FT-Mapa de riesgos'!#REF!="","",'FT-Mapa de riesgos'!#REF!) -> #REF! | P41: =+IF('FT-Mapa de riesgos'!#REF!="","",'FT-Mapa de riesgos'!#REF!) -> #REF! | Q41: Enero-Abril | R41: =+IF('FT-Mapa de riesgos'!#REF!="","",'FT-Mapa de riesgos'!#REF!) -> #REF! | S41: =+'FT-Mapa de riesgos'!#REF! -> #REF! | T41: =+'FT-Mapa de riesgos'!#REF! -> #REF! | U41: =IF(OR(Q41=R41,Q41=S41,Q41=T41),1,0) -> #REF! | V41: =+IF(U41=1,"Si","No") -> #REF! | W41: =IF($V41="","No",IF($V41="No","No"," ")) -> #REF! | X41: =IF($V41="","No",IF($V41="No","No"," ")) -> #REF! | Y41: =+IFERROR((X41/W41)," ")
A43: =+IF(A12="","",MONTH(A12)) | D43: =+COUNTIF(D12:D41,1) -> 0 | E43: =1-(F43/D43) -> #DIV/0! | F43: =+COUNTIF(F12:F41,"Si") -> 0
A45: MATRIZ DE MONITOREO DE RIESGOS 2 CORTE (MAYO - AGOSTO) | X45: 9
A46: FECHA DEL REPORTE DEL MONITOREO | B46: IDENTIFICACIÓN DEL RIESGO | F46: ¿SE MATERIALIZO EL RIESGO? | G46: PLAN DE MANEJO Y/O MITIGACIÓN DEL RIESGO (Diligencie en caso de haberse materializado el riesgo)
B47: =+B11 -> No | C47: Riesgo | E47: Tipo de riesgo | G47: Si se materializo el riesgo describa brevemente el hecho y especifique el área y/o servicio en donde tuvo lugar | H47: Describa numericamente cuantos hechos se presentaron | K47: Acciones desarrolladas para mitigar el riesgo | L47: Responsable | M47: Plazo de ejecución | N47: Registros | Q47: Fecha de monitoreo | R47: Fecha de aplicación | V47: ¿Tenia que aplicar controles para este periodo? | W47: ¿Cuantas acciones de control tenia planificadas para el periodo? | X47: ¿Cuantas acciones de control realizo? | Y47: ¿El control fue eficaz?
B48: =+IF($A$79=$X$45,'FT-Mapa de riesgos'!#REF!,"") | C48: =+IF(B48=1,'FT-Mapa de riesgos'!#REF!,"") | D48: =+IF(B48=1,1,"NA") -> NA | E48: =+IF(B48=1,'FT-Mapa de riesgos'!#REF!,"") | G48: =IF($F48="","No",IF($F48="No","No"," ")) -> No | H48: =IF($F48="","No",IF($F48="No","No"," ")) -> No | I48: =IF($F48="","No",IF($F48="No","No"," ")) -> No | J48: =IF($F48="","No",IF($F48="No","No"," ")) -> No | K48: =IF($F48="","No",IF($F48="No","No"," ")) -> No | L48: =IF($F48="","No",IF($F48="No","No"," ")) -> No | M48: =IF($F48="","No",IF($F48="No","No"," ")) -> No | N48: =IF($F48="","No",IF($F48="No","No"," ")) -> No | O48: =+O12 -> #REF! | P48: =+P12 -> #REF! | Q48: Mayo-Agosto | R48: =+R12 -> #REF! | S48: =+'FT-Mapa de riesgos'!#REF! -> #REF! | T48: =+'FT-Mapa de riesgos'!#REF! -> #REF! | U48: =IF(OR(Q48=R48,Q48=S48,Q48=T48),1,IF(R48="Enero-Diciembre",1,0)) -> #REF! | V48: =+IF(U48=1,"Si","No") -> #REF! | W48: =IF($V48="","No",IF($V48="No","No"," ")) -> #REF! | X48: =IF($V48="","No",IF($V48="No","No"," ")) -> #REF! | Y48: =+IFERROR((X48/W48)," ")
O49: =+O13 -> #REF! | P49: =+P13 -> #REF! | Q49: Mayo-Agosto | R49: =+R13 -> #REF! | S49: =+'FT-Mapa de riesgos'!#REF! -> #REF! | T49: =+'FT-Mapa de riesgos'!#REF! -> #REF! | U49: =IF(OR(Q49=R49,Q49=S49,Q49=T49),1,IF(R49="Enero-Diciembre",1,0)) -> #REF! | V49: =+IF(U49=1,"Si","No") -> #REF! | W49: =IF($V49="","No",IF($V49="No","No"," ")) -> #REF! | X49: =IF($V49="","No",IF($V49="No","No"," ")) -> #REF! | Y49: =+IFERROR((X49/W49)," ")
O50: =+O14 -> #REF! | P50: =+P14 -> #REF! | Q50: Mayo-Agosto | R50: =+R14 -> #REF! | S50: =+'FT-Mapa de riesgos'!#REF! -> #REF! | T50: =+'FT-Mapa de riesgos'!#REF! -> #REF! | U50: =IF(OR(Q50=R50,Q50=S50,Q50=T50),1,IF(R50="Enero-Diciembre",1,0)) -> #REF! | V50: =+IF(U50=1,"Si","No") -> #REF! | W50: =IF($V50="","No",IF($V50="No","No"," ")) -> #REF! | X50: =IF($V50="","No",IF($V50="No","No"," ")) -> #REF! | Y50: =+IFERROR((X50/W50)," ")
B51: =+IF($A$79=$X$45,'FT-Mapa de riesgos'!#REF!,"") | C51: =+IF(B51=2,'FT-Mapa de riesgos'!#REF!,"") | D51: =+IF(B51=1,1,"NA") -> NA | E51: =+IF(B51=2,'FT-Mapa de riesgos'!#REF!,"") | G51: =IF($F51="","No",IF($F51="No","No"," ")) -> No | H51: =IF($F51="","No",IF($F51="No","No"," ")) -> No | I51: =IF($F51="","No",IF($F51="No","No"," ")) -> No | J51: =IF($F51="","No",IF($F51="No","No"," ")) -> No | K51: =IF($F51="","No",IF($F51="No","No"," ")) -> No | L51: =IF($F51="","No",IF($F51="No","No"," ")) -> No | M51: =IF($F51="","No",IF($F51="No","No"," ")) -> No | N51: =IF($F51="","No",IF($F51="No","No"," ")) -> No | O51: =+O15 -> #REF! | P51: =+P15 -> #REF! | Q51: Mayo-Agosto | R51: =+R15 -> #REF! | S51: =+'FT-Mapa de riesgos'!#REF! -> #REF! | T51: =+'FT-Mapa de riesgos'!#REF! -> #REF! | U51: =IF(OR(Q51=R51,Q51=S51,Q51=T51),1,IF(R51="Enero-Diciembre",1,0)) -> #REF! | V51: =+IF(U51=1,"Si","No") -> #REF! | W51: =IF($V51="","No",IF($V51="No","No"," ")) -> #REF! | X51: =IF($V51="","No",IF($V51="No","No"," ")) -> #REF! | Y51: =+IFERROR((X51/W51)," ")
O52: =+O16 -> #REF! | P52: =+P16 -> #REF! | Q52: Mayo-Agosto | R52: =+R16 -> #REF! | S52: =+'FT-Mapa de riesgos'!#REF! -> #REF! | T52: =+'FT-Mapa de riesgos'!#REF! -> #REF! | U52: =IF(OR(Q52=R52,Q52=S52,Q52=T52),1,IF(R52="Enero-Diciembre",1,0)) -> #REF! | V52: =+IF(U52=1,"Si","No") -> #REF! | W52: =IF($V52="","No",IF($V52="No","No"," ")) -> #REF! | X52: =IF($V52="","No",IF($V52="No","No"," ")) -> #REF! | Y52: =+IFERROR((X52/W52)," ")
O53: =+O17 -> #REF! | P53: =+P17 -> #REF! | Q53: Mayo-Agosto | R53: =+R17 -> #REF! | S53: =+'FT-Mapa de riesgos'!#REF! -> #REF! | T53: =+'FT-Mapa de riesgos'!#REF! -> #REF! | U53: =IF(OR(Q53=R53,Q53=S53,Q53=T53),1,IF(R53="Enero-Diciembre",1,0)) -> #REF! | V53: =+IF(U53=1,"Si","No") -> #REF! | W53: =IF($V53="","No",IF($V53="No","No"," ")) -> #REF! | X53: =IF($V53="","No",IF($V53="No","No"," ")) -> #REF! | Y53: =+IFERROR((X53/W53)," ")
B54: =+IF($A$79=$X$45,'FT-Mapa de riesgos'!#REF!,"") | C54: =+IF(B54=3,'FT-Mapa de riesgos'!#REF!,"") | D54: =+IF(B54=1,1,"NA") -> NA | E54: =+IF(B54=3,'FT-Mapa de riesgos'!#REF!,"") | G54: =IF($F54="","No",IF($F54="No","No"," ")) -> No | H54: =IF($F54="","No",IF($F54="No","No"," ")) -> No | I54: =IF($F54="","No",IF($F54="No","No"," ")) -> No | J54: =IF($F54="","No",IF($F54="No","No"," ")) -> No | K54: =IF($F54="","No",IF($F54="No","No"," ")) -> No | L54: =IF($F54="","No",IF($F54="No","No"," ")) -> No | M54: =IF($F54="","No",IF($F54="No","No"," ")) -> No | N54: =IF($F54="","No",IF($F54="No","No"," ")) -> No | O54: =+O18 -> #REF! | P54: =+P18 -> #REF! | Q54: Mayo-Agosto | R54: =+R18 -> #REF! | S54: =+'FT-Mapa de riesgos'!#REF! -> #REF! | T54: =+'FT-Mapa de riesgos'!#REF! -> #REF! | U54: =IF(OR(Q54=R54,Q54=S54,Q54=T54),1,IF(R54="Enero-Diciembre",1,0)) -> #REF! | V54: =+IF(U54=1,"Si","No") -> #REF! | W54: =IF($V54="","No",IF($V54="No","No"," ")) -> #REF! | X54: =IF($V54="","No",IF($V54="No","No"," ")) -> #REF! | Y54: =+IFERROR((X54/W54)," ")
O55: =+O19 -> #REF! | P55: =+P19 -> #REF! | Q55: Mayo-Agosto | R55: =+R19 -> #REF! | S55: =+'FT-Mapa de riesgos'!#REF! -> #REF! | T55: =+'FT-Mapa de riesgos'!#REF! -> #REF! | U55: =IF(OR(Q55=R55,Q55=S55,Q55=T55),1,IF(R55="Enero-Diciembre",1,0)) -> #REF! | V55: =+IF(U55=1,"Si","No") -> #REF! | W55: =IF($V55="","No",IF($V55="No","No"," ")) -> #REF! | X55: =IF($V55="","No",IF($V55="No","No"," ")) -> #REF! | Y55: =+IFERROR((X55/W55)," ")
O56: =+O20 -> #REF! | P56: =+P20 -> #REF! | Q56: Mayo-Agosto | R56: =+R20 -> #REF! | S56: =+'FT-Mapa de riesgos'!#REF! -> #REF! | T56: =+'FT-Mapa de riesgos'!#REF! -> #REF! | U56: =IF(OR(Q56=R56,Q56=S56,Q56=T56),1,IF(R56="Enero-Diciembre",1,0)) -> #REF! | V56: =+IF(U56=1,"Si","No") -> #REF! | W56: =IF($V56="","No",IF($V56="No","No"," ")) -> #REF! | X56: =IF($V56="","No",IF($V56="No","No"," ")) -> #REF! | Y56: =+IFERROR((X56/W56)," ")
B57: =+IF($A$79=$X$45,'FT-Mapa de riesgos'!#REF!,"") | C57: =+IF(B57=4,'FT-Mapa de riesgos'!#REF!,"") | D57: =+IF(B57=1,1,"NA") -> NA | E57: =+IF(B57=4,'FT-Mapa de riesgos'!#REF!,"") | G57: =IF($F57="","No",IF($F57="No","No"," ")) -> No | H57: =IF($F57="","No",IF($F57="No","No"," ")) -> No | I57: =IF($F57="","No",IF($F57="No","No"," ")) -> No | J57: =IF($F57="","No",IF($F57="No","No"," ")) -> No | K57: =IF($F57="","No",IF($F57="No","No"," ")) -> No | L57: =IF($F57="","No",IF($F57="No","No"," ")) -> No | M57: =IF($F57="","No",IF($F57="No","No"," ")) -> No | N57: =IF($F57="","No",IF($F57="No","No"," ")) -> No | O57: =+O21 -> #REF! | P57: =+P21 -> #REF! | Q57: Mayo-Agosto | R57: =+R21 -> #REF! | S57: =+'FT-Mapa de riesgos'!#REF! -> #REF! | T57: =+'FT-Mapa de riesgos'!#REF! -> #REF! | U57: =IF(OR(Q57=R57,Q57=S57,Q57=T57),1,IF(R57="Enero-Diciembre",1,0)) -> #REF! | V57: =+IF(U57=1,"Si","No") -> #REF! | W57: =IF($V57="","No",IF($V57="No","No"," ")) -> #REF! | X57: =IF($V57="","No",IF($V57="No","No"," ")) -> #REF! | Y57: =+IFERROR((X57/W57)," ")
O58: =+O22 -> #REF! | P58: =+P22 -> #REF! | Q58: Mayo-Agosto | R58: =+R22 -> #REF! | S58: =+'FT-Mapa de riesgos'!#REF! -> #REF! | T58: =+'FT-Mapa de riesgos'!#REF! -> #REF! | U58: =IF(OR(Q58=R58,Q58=S58,Q58=T58),1,IF(R58="Enero-Diciembre",1,0)) -> #REF! | V58: =+IF(U58=1,"Si","No") -> #REF! | W58: =IF($V58="","No",IF($V58="No","No"," ")) -> #REF! | X58: =IF($V58="","No",IF($V58="No","No"," ")) -> #REF! | Y58: =+IFERROR((X58/W58)," ")
O59: =+O23 -> #REF! | P59: =+P23 -> #REF! | Q59: Mayo-Agosto | R59: =+R23 -> #REF! | S59: =+'FT-Mapa de riesgos'!#REF! -> #REF! | T59: =+'FT-Mapa de riesgos'!#REF! -> #REF! | U59: =IF(OR(Q59=R59,Q59=S59,Q59=T59),1,IF(R59="Enero-Diciembre",1,0)) -> #REF! | V59: =+IF(U59=1,"Si","No") -> #REF! | W59: =IF($V59="","No",IF($V59="No","No"," ")) -> #REF! | X59: =IF($V59="","No",IF($V59="No","No"," ")) -> #REF! | Y59: =+IFERROR((X59/W59)," ")
B60: =+IF($A$79=$X$45,'FT-Mapa de riesgos'!#REF!,"") | C60: =+IF(B60=5,'FT-Mapa de riesgos'!#REF!,"") | D60: =+IF(B60=1,1,"NA") -> NA | E60: =+IF(B60=5,'FT-Mapa de riesgos'!#REF!,"") | G60: =IF($F60="","No",IF($F60="No","No"," ")) -> No | H60: =IF($F60="","No",IF($F60="No","No"," ")) -> No | I60: =IF($F60="","No",IF($F60="No","No"," ")) -> No | J60: =IF($F60="","No",IF($F60="No","No"," ")) -> No | K60: =IF($F60="","No",IF($F60="No","No"," ")) -> No | L60: =IF($F60="","No",IF($F60="No","No"," ")) -> No | M60: =IF($F60="","No",IF($F60="No","No"," ")) -> No | N60: =IF($F60="","No",IF($F60="No","No"," ")) -> No | O60: =+O24 -> #REF! | P60: =+P24 -> #REF! | Q60: Mayo-Agosto | R60: =+R24 -> #REF! | S60: =+'FT-Mapa de riesgos'!#REF! -> #REF! | T60: =+'FT-Mapa de riesgos'!#REF! -> #REF! | U60: =IF(OR(Q60=R60,Q60=S60,Q60=T60),1,IF(R60="Enero-Diciembre",1,0)) -> #REF! | V60: =+IF(U60=1,"Si","No") -> #REF! | W60: =IF($V60="","No",IF($V60="No","No"," ")) -> #REF! | X60: =IF($V60="","No",IF($V60="No","No"," ")) -> #REF! | Y60: =+IFERROR((X60/W60)," ")
O61: =+O25 -> #REF! | P61: =+P25 -> #REF! | Q61: Mayo-Agosto | R61: =+R25 -> #REF! | S61: =+'FT-Mapa de riesgos'!#REF! -> #REF! | T61: =+'FT-Mapa de riesgos'!#REF! -> #REF! | U61: =IF(OR(Q61=R61,Q61=S61,Q61=T61),1,IF(R61="Enero-Diciembre",1,0)) -> #REF! | V61: =+IF(U61=1,"Si","No") -> #REF! | W61: =IF($V61="","No",IF($V61="No","No"," ")) -> #REF! | X61: =IF($V61="","No",IF($V61="No","No"," ")) -> #REF! | Y61: =+IFERROR((X61/W61)," ")
O62: =+O26 -> #REF! | P62: =+P26 -> #REF! | Q62: Mayo-Agosto | R62: =+R26 -> #REF! | S62: =+'FT-Mapa de riesgos'!#REF! -> #REF! | T62: =+'FT-Mapa de riesgos'!#REF! -> #REF! | U62: =IF(OR(Q62=R62,Q62=S62,Q62=T62),1,IF(R62="Enero-Diciembre",1,0)) -> #REF! | V62: =+IF(U62=1,"Si","No") -> #REF! | W62: =IF($V62="","No",IF($V62="No","No"," ")) -> #REF! | X62: =IF($V62="","No",IF($V62="No","No"," ")) -> #REF! | Y62: =+IFERROR((X62/W62)," ")
B63: =+IF($A$79=$X$45,'FT-Mapa de riesgos'!#REF!,"") | C63: =+IF(B63=6,'FT-Mapa de riesgos'!#REF!,"") | D63: =+IF(B63=1,1,"NA") -> NA | E63: =+IF(B63=6,'FT-Mapa de riesgos'!#REF!,"") | G63: =IF($F63="","No",IF($F63="No","No"," ")) -> No | H63: =IF($F63="","No",IF($F63="No","No"," ")) -> No | I63: =IF($F63="","No",IF($F63="No","No"," ")) -> No | J63: =IF($F63="","No",IF($F63="No","No"," ")) -> No | K63: =IF($F63="","No",IF($F63="No","No"," ")) -> No | L63: =IF($F63="","No",IF($F63="No","No"," ")) -> No | M63: =IF($F63="","No",IF($F63="No","No"," ")) -> No | N63: =IF($F63="","No",IF($F63="No","No"," ")) -> No | O63: =+O27 -> #REF! | P63: =+P27 -> #REF! | Q63: Mayo-Agosto | R63: =+R27 -> #REF! | S63: =+'FT-Mapa de riesgos'!#REF! -> #REF! | T63: =+'FT-Mapa de riesgos'!#REF! -> #REF! | U63: =IF(OR(Q63=R63,Q63=S63,Q63=T63),1,IF(R63="Enero-Diciembre",1,0)) -> #REF! | V63: =+IF(U63=1,"Si","No") -> #REF! | W63: =IF($V63="","No",IF($V63="No","No"," ")) -> #REF! | X63: =IF($V63="","No",IF($V63="No","No"," ")) -> #REF! | Y63: =+IFERROR((X63/W63)," ")
O64: =+O28 -> #REF! | P64: =+P28 -> #REF! | Q64: Mayo-Agosto | R64: =+R28 -> #REF! | S64: =+'FT-Mapa de riesgos'!#REF! -> #REF! | T64: =+'FT-Mapa de riesgos'!#REF! -> #REF! | U64: =IF(OR(Q64=R64,Q64=S64,Q64=T64),1,IF(R64="Enero-Diciembre",1,0)) -> #REF! | V64: =+IF(U64=1,"Si","No") -> #REF! | W64: =IF($V64="","No",IF($V64="No","No"," ")) -> #REF! | X64: =IF($V64="","No",IF($V64="No","No"," ")) -> #REF! | Y64: =+IFERROR((X64/W64)," ")
O65: =+O29 -> #REF! | P65: =+P29 -> #REF! | Q65: Mayo-Agosto | R65: =+R29 -> #REF! | S65: =+'FT-Mapa de riesgos'!#REF! -> #REF! | T65: =+'FT-Mapa de riesgos'!#REF! -> #REF! | U65: =IF(OR(Q65=R65,Q65=S65,Q65=T65),1,IF(R65="Enero-Diciembre",1,0)) -> #REF! | V65: =+IF(U65=1,"Si","No") -> #REF! | W65: =IF($V65="","No",IF($V65="No","No"," ")) -> #REF! | X65: =IF($V65="","No",IF($V65="No","No"," ")) -> #REF! | Y65: =+IFERROR((X65/W65)," ")
B66: =+IF($A$79=$X$45,'FT-Mapa de riesgos'!#REF!,"") | C66: =+IF(B66=7,'FT-Mapa de riesgos'!#REF!,"") | D66: =+IF(B66=1,1,"NA") -> NA | E66: =+IF(B66=7,'FT-Mapa de riesgos'!#REF!,"") | G66: =IF($F66="","No",IF($F66="No","No"," ")) -> No | H66: =IF($F66="","No",IF($F66="No","No"," ")) -> No | I66: =IF($F66="","No",IF($F66="No","No"," ")) -> No | J66: =IF($F66="","No",IF($F66="No","No"," ")) -> No | K66: =IF($F66="","No",IF($F66="No","No"," ")) -> No | L66: =IF($F66="","No",IF($F66="No","No"," ")) -> No | M66: =IF($F66="","No",IF($F66="No","No"," ")) -> No | N66: =IF($F66="","No",IF($F66="No","No"," ")) -> No | O66: =+O30 -> #REF! | P66: =+P30 -> #REF! | Q66: Mayo-Agosto | R66: =+R30 -> #REF! | S66: =+'FT-Mapa de riesgos'!#REF! -> #REF! | T66: =+'FT-Mapa de riesgos'!#REF! -> #REF! | U66: =IF(OR(Q66=R66,Q66=S66,Q66=T66),1,IF(R66="Enero-Diciembre",1,0)) -> #REF! | V66: =+IF(U66=1,"Si","No") -> #REF! | W66: =IF($V66="","No",IF($V66="No","No"," ")) -> #REF! | X66: =IF($V66="","No",IF($V66="No","No"," ")) -> #REF! | Y66: =+IFERROR((X66/W66)," ")
O67: =+O31 -> #REF! | P67: =+P31 -> #REF! | Q67: Mayo-Agosto | R67: =+R31 -> #REF! | S67: =+'FT-Mapa de riesgos'!#REF! -> #REF! | T67: =+'FT-Mapa de riesgos'!#REF! -> #REF! | U67: =IF(OR(Q67=R67,Q67=S67,Q67=T67),1,IF(R67="Enero-Diciembre",1,0)) -> #REF! | V67: =+IF(U67=1,"Si","No") -> #REF! | W67: =IF($V67="","No",IF($V67="No","No"," ")) -> #REF! | X67: =IF($V67="","No",IF($V67="No","No"," ")) -> #REF! | Y67: =+IFERROR((X67/W67)," ")
O68: =+O32 -> #REF! | P68: =+P32 -> #REF! | Q68: Mayo-Agosto | R68: =+R32 -> #REF! | S68: =+'FT-Mapa de riesgos'!#REF! -> #REF! | T68: =+'FT-Mapa de riesgos'!#REF! -> #REF! | U68: =IF(OR(Q68=R68,Q68=S68,Q68=T68),1,IF(R68="Enero-Diciembre",1,0)) -> #REF! | V68: =+IF(U68=1,"Si","No") -> #REF! | W68: =IF($V68="","No",IF($V68="No","No"," ")) -> #REF! | X68: =IF($V68="","No",IF($V68="No","No"," ")) -> #REF! | Y68: =+IFERROR((X68/W68)," ")
B69: =+IF($A$79=$X$45,'FT-Mapa de riesgos'!B20,"") | C69: =+IF(B69=8,'FT-Mapa de riesgos'!C20,"") | D69: =+IF(B69=1,1,"NA") -> NA | E69: =+IF(B69=8,'FT-Mapa de riesgos'!E20,"") | G69: =IF($F69="","No",IF($F69="No","No"," ")) -> No | H69: =IF($F69="","No",IF($F69="No","No"," ")) -> No | I69: =IF($F69="","No",IF($F69="No","No"," ")) -> No | J69: =IF($F69="","No",IF($F69="No","No"," ")) -> No | K69: =IF($F69="","No",IF($F69="No","No"," ")) -> No | L69: =IF($F69="","No",IF($F69="No","No"," ")) -> No | M69: =IF($F69="","No",IF($F69="No","No"," ")) -> No | N69: =IF($F69="","No",IF($F69="No","No"," ")) -> No | O69: =+O33 -> Monitoreo de asignación de citas | P69: =+P33 -> Permanente | Q69: Mayo-Agosto | R69: =+R33 -> Enero-Abril | S69: =+'FT-Mapa de riesgos'!X20 -> Mayo-Agosto | T69: =+'FT-Mapa de riesgos'!Y20 -> Septiembre-Diciembre | U69: =IF(OR(Q69=R69,Q69=S69,Q69=T69),1,IF(R69="Enero-Diciembre",1,0)) -> 1 | V69: =+IF(U69=1,"Si","No") -> Si | W69: =IF($V69="","No",IF($V69="No","No"," ")) | X69: =IF($V69="","No",IF($V69="No","No"," ")) | Y69: =+IFERROR((X69/W69)," ")
O70: =+O34 | P70: =+P34 | Q70: Mayo-Agosto | R70: =+R34 | S70: =+'FT-Mapa de riesgos'!X21 -> 0 | T70: =+'FT-Mapa de riesgos'!Y21 -> 0 | U70: =IF(OR(Q70=R70,Q70=S70,Q70=T70),1,IF(R70="Enero-Diciembre",1,0)) -> 0 | V70: =+IF(U70=1,"Si","No") -> No | W70: =IF($V70="","No",IF($V70="No","No"," ")) -> No | X70: =IF($V70="","No",IF($V70="No","No"," ")) -> No | Y70: =+IFERROR((X70/W70)," ")
O71: =+O35 | P71: =+P35 | Q71: Mayo-Agosto | R71: =+R35 | S71: =+'FT-Mapa de riesgos'!X22 -> 0 | T71: =+'FT-Mapa de riesgos'!Y22 -> 0 | U71: =IF(OR(Q71=R71,Q71=S71,Q71=T71),1,IF(R71="Enero-Diciembre",1,0)) -> 0 | V71: =+IF(U71=1,"Si","No") -> No | W71: =IF($V71="","No",IF($V71="No","No"," ")) -> No | X71: =IF($V71="","No",IF($V71="No","No"," ")) -> No | Y71: =+IFERROR((X71/W71)," ")
B72: =+IF($A$79=$X$45,'FT-Mapa de riesgos'!#REF!,"") | C72: =+IF(B72=9,'FT-Mapa de riesgos'!#REF!,"") | D72: =+IF(B72=1,1,"NA") -> NA | E72: =+IF(B72=8,'FT-Mapa de riesgos'!#REF!,"") | G72: =IF($F72="","No",IF($F72="No","No"," ")) -> No | H72: =IF($F72="","No",IF($F72="No","No"," ")) -> No | I72: =IF($F72="","No",IF($F72="No","No"," ")) -> No | J72: =IF($F72="","No",IF($F72="No","No"," ")) -> No | K72: =IF($F72="","No",IF($F72="No","No"," ")) -> No | L72: =IF($F72="","No",IF($F72="No","No"," ")) -> No | M72: =IF($F72="","No",IF($F72="No","No"," ")) -> No | N72: =IF($F72="","No",IF($F72="No","No"," ")) -> No | O72: =+O36 -> #REF! | P72: =+P36 -> #REF! | Q72: Mayo-Agosto | R72: =+R36 -> #REF! | S72: =+'FT-Mapa de riesgos'!#REF! -> #REF! | T72: =+'FT-Mapa de riesgos'!#REF! -> #REF! | U72: =IF(OR(Q72=R72,Q72=S72,Q72=T72),1,IF(R72="Enero-Diciembre",1,0)) -> #REF! | V72: =+IF(U72=1,"Si","No") -> #REF! | W72: =IF($V72="","No",IF($V72="No","No"," ")) -> #REF! | X72: =IF($V72="","No",IF($V72="No","No"," ")) -> #REF! | Y72: =+IFERROR((X72/W72)," ")
O73: =+O37 -> #REF! | P73: =+P37 -> #REF! | Q73: Mayo-Agosto | R73: =+R37 -> #REF! | S73: =+'FT-Mapa de riesgos'!#REF! -> #REF! | T73: =+'FT-Mapa de riesgos'!#REF! -> #REF! | U73: =IF(OR(Q73=R73,Q73=S73,Q73=T73),1,IF(R73="Enero-Diciembre",1,0)) -> #REF! | V73: =+IF(U73=1,"Si","No") -> #REF! | W73: =IF($V73="","No",IF($V73="No","No"," ")) -> #REF! | X73: =IF($V73="","No",IF($V73="No","No"," ")) -> #REF! | Y73: =+IFERROR((X73/W73)," ")
O74: =+O38 -> #REF! | P74: =+P38 -> #REF! | Q74: Mayo-Agosto | R74: =+R38 -> #REF! | S74: =+'FT-Mapa de riesgos'!#REF! -> #REF! | T74: =+'FT-Mapa de riesgos'!#REF! -> #REF! | U74: =IF(OR(Q74=R74,Q74=S74,Q74=T74),1,IF(R74="Enero-Diciembre",1,0)) -> #REF! | V74: =+IF(U74=1,"Si","No") -> #REF! | W74: =IF($V74="","No",IF($V74="No","No"," ")) -> #REF! | X74: =IF($V74="","No",IF($V74="No","No"," ")) -> #REF! | Y74: =+IFERROR((X74/W74)," ")
B75: =+IF($A$79=$X$45,'FT-Mapa de riesgos'!#REF!,"") | C75: =+IF(B75=10,'FT-Mapa de riesgos'!#REF!,"") | D75: =+IF(B75=1,1,"NA") -> NA | E75: =+IF(B75=10,'FT-Mapa de riesgos'!#REF!,"") | G75: =IF($F75="","No",IF($F75="No","No"," ")) -> No | H75: =IF($F75="","No",IF($F75="No","No"," ")) -> No | I75: =IF($F75="","No",IF($F75="No","No"," ")) -> No | J75: =IF($F75="","No",IF($F75="No","No"," ")) -> No | K75: =IF($F75="","No",IF($F75="No","No"," ")) -> No | L75: =IF($F75="","No",IF($F75="No","No"," ")) -> No | M75: =IF($F75="","No",IF($F75="No","No"," ")) -> No | N75: =IF($F75="","No",IF($F75="No","No"," ")) -> No | O75: =+O39 -> #REF! | P75: =+P39 -> #REF! | Q75: Mayo-Agosto | R75: =+R39 -> #REF! | S75: =+'FT-Mapa de riesgos'!#REF! -> #REF! | T75: =+'FT-Mapa de riesgos'!#REF! -> #REF! | U75: =IF(OR(Q75=R75,Q75=S75,Q75=T75),1,IF(R75="Enero-Diciembre",1,0)) -> #REF! | V75: =+IF(U75=1,"Si","No") -> #REF! | W75: =IF($V75="","No",IF($V75="No","No"," ")) -> #REF! | X75: =IF($V75="","No",IF($V75="No","No"," ")) -> #REF! | Y75: =+IFERROR((X75/W75)," ")
O76: =+O40 -> #REF! | P76: =+P40 -> #REF! | Q76: Mayo-Agosto | R76: =+R40 -> #REF! | S76: =+'FT-Mapa de riesgos'!#REF! -> #REF! | T76: =+'FT-Mapa de riesgos'!#REF! -> #REF! | U76: =IF(OR(Q76=R76,Q76=S76,Q76=T76),1,IF(R76="Enero-Diciembre",1,0)) -> #REF! | V76: =+IF(U76=1,"Si","No") -> #REF! | W76: =IF($V76="","No",IF($V76="No","No"," ")) -> #REF! | X76: =IF($V76="","No",IF($V76="No","No"," ")) -> #REF! | Y76: =+IFERROR((X76/W76)," ")
O77: =+O41 -> #REF! | P77: =+P41 -> #REF! | Q77: Mayo-Agosto | R77: =+R41 -> #REF! | S77: =+'FT-Mapa de riesgos'!#REF! -> #REF! | T77: =+'FT-Mapa de riesgos'!#REF! -> #REF! | U77: =IF(OR(Q77=R77,Q77=S77,Q77=T77),1,IF(R77="Enero-Diciembre",1,0)) -> #REF! | V77: =+IF(U77=1,"Si","No") -> #REF! | W77: =IF($V77="","No",IF($V77="No","No"," ")) -> #REF! | X77: =IF($V77="","No",IF($V77="No","No"," ")) -> #REF! | Y77: =+IFERROR((X77/W77)," ")
A79: =+IF(A48="","",MONTH(A48)) | D79: =+COUNTIF(D48:D77,"1") -> 0 | E79: =1-(F79/D79) -> #DIV/0! | F79: =+COUNTIF(F48:F77,"Si") -> 0
A81: MATRIZ DE MONITOREO DE RIESGOS 3 CORTE (SEPTIEMBRE - DICIEMBRE) | X81: 1
A82: FECHA DEL REPORTE DEL MONITOREO | B82: IDENTIFICACIÓN DEL RIESGO | F82: ¿SE MATERIALIZO EL RIESGO? | G82: PLAN DE MANEJO Y/O MITIGACIÓN DEL RIESGO (Diligencie en caso de haberse materializado el riesgo)
B83: =+B47 -> No | C83: Riesgo | E83: Tipo de riesgo | G83: Si se materializo el riesgo describa brevemente el hecho y especifique el área y/o servicio en donde tuvo lugar | H83: Describa numericamente cuantos hechos se presentaron | K83: Acciones desarrolladas para mitigar el riesgo | L83: Responsable | M83: Plazo de ejecución | N83: Registros | Q83: Fecha de monitoreo | R83: Fecha de aplicación | V83: ¿Tenia que aplicar controles para este periodo? | W83: ¿Cuantas acciones de control tenia planificadas para el periodo? | X83: ¿Cuantas acciones de control realizo? | Y83: ¿El control fue eficaz?
B84: =+IF($A$115=$X$81,'FT-Mapa de riesgos'!#REF!,"") | C84: =+IF(B84=1,'FT-Mapa de riesgos'!#REF!,"") | D84: =+IF(B84=1,1,"NA") -> NA | E84: =+IF(B84=1,'FT-Mapa de riesgos'!#REF!,"") | G84: =IF($F84="","No",IF($F84="No","No"," ")) -> No | H84: =IF($F84="","No",IF($F84="No","No"," ")) -> No | I84: =IF($F84="","No",IF($F84="No","No"," ")) -> No | J84: =IF($F84="","No",IF($F84="No","No"," ")) -> No | K84: =IF($F84="","No",IF($F84="No","No"," ")) -> No | L84: =IF($F84="","No",IF($F84="No","No"," ")) -> No | M84: =IF($F84="","No",IF($F84="No","No"," ")) -> No | N84: =IF($F84="","No",IF($F84="No","No"," ")) -> No | O84: =+O12 -> #REF! | P84: =+P12 -> #REF! | Q84: Septiembre-Diciembre | R84: =+R12 -> #REF! | S84: =+'FT-Mapa de riesgos'!#REF! -> #REF! | T84: =+'FT-Mapa de riesgos'!#REF! -> #REF! | U84: =IF(OR(Q84=R84,Q84=S84,Q84=T84),1,IF(R84="Enero-Diciembre",1,0)) -> #REF! | V84: =+IF(U84=1,"Si","No") -> #REF! | W84: =IF($V84="","No",IF($V84="No","No"," ")) -> #REF! | X84: =IF($V84="","No",IF($V84="No","No"," ")) -> #REF! | Y84: =+IFERROR((X84/W84)," ")
O85: =+O13 -> #REF! | P85: =+P13 -> #REF! | Q85: Septiembre-Diciembre | R85: =+R13 -> #REF! | S85: =+'FT-Mapa de riesgos'!#REF! -> #REF! | T85: =+'FT-Mapa de riesgos'!#REF! -> #REF! | U85: =IF(OR(Q85=R85,Q85=S85,Q85=T85),1,IF(R85="Enero-Diciembre",1,0)) -> #REF! | V85: =+IF(U85=1,"Si","No") -> #REF! | W85: =IF($V85="","No",IF($V85="No","No"," ")) -> #REF! | X85: =IF($V85="","No",IF($V85="No","No"," ")) -> #REF! | Y85: =+IFERROR((X85/W85)," ")
O86: =+O14 -> #REF! | P86: =+P14 -> #REF! | Q86: Septiembre-Diciembre | R86: =+R14 -> #REF! | S86: =+'FT-Mapa de riesgos'!#REF! -> #REF! | T86: =+'FT-Mapa de riesgos'!#REF! -> #REF! | U86: =IF(OR(Q86=R86,Q86=S86,Q86=T86),1,IF(R86="Enero-Diciembre",1,0)) -> #REF! | V86: =+IF(U86=1,"Si","No") -> #REF! | W86: =IF($V86="","No",IF($V86="No","No"," ")) -> #REF! | X86: =IF($V86="","No",IF($V86="No","No"," ")) -> #REF! | Y86: =+IFERROR((X86/W86)," ")
B87: =+IF($A$115=$X$81,'FT-Mapa de riesgos'!#REF!,"") | C87: =+IF(B87=2,'FT-Mapa de riesgos'!#REF!,"") | D87: =+IF(B87=1,1,"NA") -> NA | E87: =+IF(B87=2,'FT-Mapa de riesgos'!#REF!,"") | G87: =IF($F87="","No",IF($F87="No","No"," ")) -> No | H87: =IF($F87="","No",IF($F87="No","No"," ")) -> No | I87: =IF($F87="","No",IF($F87="No","No"," ")) -> No | J87: =IF($F87="","No",IF($F87="No","No"," ")) -> No | K87: =IF($F87="","No",IF($F87="No","No"," ")) -> No | L87: =IF($F87="","No",IF($F87="No","No"," ")) -> No | M87: =IF($F87="","No",IF($F87="No","No"," ")) -> No | N87: =IF($F87="","No",IF($F87="No","No"," ")) -> No | O87: =+O15 -> #REF! | P87: =+P15 -> #REF! | Q87: Septiembre-Diciembre | R87: =+R15 -> #REF! | S87: =+'FT-Mapa de riesgos'!#REF! -> #REF! | T87: =+'FT-Mapa de riesgos'!#REF! -> #REF! | U87: =IF(OR(Q87=R87,Q87=S87,Q87=T87),1,IF(R87="Enero-Diciembre",1,0)) -> #REF! | V87: =+IF(U87=1,"Si","No") -> #REF! | W87: =IF($V87="","No",IF($V87="No","No"," ")) -> #REF! | X87: =IF($V87="","No",IF($V87="No","No"," ")) -> #REF! | Y87: =+IFERROR((X87/W87)," ")
O88: =+O16 -> #REF! | P88: =+P16 -> #REF! | Q88: Septiembre-Diciembre | R88: =+R16 -> #REF! | S88: =+'FT-Mapa de riesgos'!#REF! -> #REF! | T88: =+'FT-Mapa de riesgos'!#REF! -> #REF! | U88: =IF(OR(Q88=R88,Q88=S88,Q88=T88),1,IF(R88="Enero-Diciembre",1,0)) -> #REF! | V88: =+IF(U88=1,"Si","No") -> #REF! | W88: =IF($V88="","No",IF($V88="No","No"," ")) -> #REF! | X88: =IF($V88="","No",IF($V88="No","No"," ")) -> #REF! | Y88: =+IFERROR((X88/W88)," ")
O89: =+O17 -> #REF! | P89: =+P17 -> #REF! | Q89: Septiembre-Diciembre | R89: =+R17 -> #REF! | S89: =+'FT-Mapa de riesgos'!#REF! -> #REF! | T89: =+'FT-Mapa de riesgos'!#REF! -> #REF! | U89: =IF(OR(Q89=R89,Q89=S89,Q89=T89),1,IF(R89="Enero-Diciembre",1,0)) -> #REF! | V89: =+IF(U89=1,"Si","No") -> #REF! | W89: =IF($V89="","No",IF($V89="No","No"," ")) -> #REF! | X89: =IF($V89="","No",IF($V89="No","No"," ")) -> #REF! | Y89: =+IFERROR((X89/W89)," ")
B90: =+IF($A$115=$X$81,'FT-Mapa de riesgos'!#REF!,"") | C90: =+IF(B90=3,'FT-Mapa de riesgos'!#REF!,"") | D90: =+IF(B90=1,1,"NA") -> NA | E90: =+IF(B90=3,'FT-Mapa de riesgos'!#REF!,"") | G90: =IF($F90="","No",IF($F90="No","No"," ")) -> No | H90: =IF($F90="","No",IF($F90="No","No"," ")) -> No | I90: =IF($F90="","No",IF($F90="No","No"," ")) -> No | J90: =IF($F90="","No",IF($F90="No","No"," ")) -> No | K90: =IF($F90="","No",IF($F90="No","No"," ")) -> No | L90: =IF($F90="","No",IF($F90="No","No"," ")) -> No | M90: =IF($F90="","No",IF($F90="No","No"," ")) -> No | N90: =IF($F90="","No",IF($F90="No","No"," ")) -> No | O90: =+O18 -> #REF! | P90: =+P18 -> #REF! | Q90: Septiembre-Diciembre | R90: =+R18 -> #REF! | S90: =+'FT-Mapa de riesgos'!#REF! -> #REF! | T90: =+'FT-Mapa de riesgos'!#REF! -> #REF! | U90: =IF(OR(Q90=R90,Q90=S90,Q90=T90),1,IF(R90="Enero-Diciembre",1,0)) -> #REF! | V90: =+IF(U90=1,"Si","No") -> #REF! | W90: =IF($V90="","No",IF($V90="No","No"," ")) -> #REF! | X90: =IF($V90="","No",IF($V90="No","No"," ")) -> #REF! | Y90: =+IFERROR((X90/W90)," ")
O91: =+O19 -> #REF! | P91: =+P19 -> #REF! | Q91: Septiembre-Diciembre | R91: =+R19 -> #REF! | S91: =+'FT-Mapa de riesgos'!#REF! -> #REF! | T91: =+'FT-Mapa de riesgos'!#REF! -> #REF! | U91: =IF(OR(Q91=R91,Q91=S91,Q91=T91),1,IF(R91="Enero-Diciembre",1,0)) -> #REF! | V91: =+IF(U91=1,"Si","No") -> #REF! | W91: =IF($V91="","No",IF($V91="No","No"," ")) -> #REF! | X91: =IF($V91="","No",IF($V91="No","No"," ")) -> #REF! | Y91: =+IFERROR((X91/W91)," ")
O92: =+O20 -> #REF! | P92: =+P20 -> #REF! | Q92: Septiembre-Diciembre | R92: =+R20 -> #REF! | S92: =+'FT-Mapa de riesgos'!#REF! -> #REF! | T92: =+'FT-Mapa de riesgos'!#REF! -> #REF! | U92: =IF(OR(Q92=R92,Q92=S92,Q92=T92),1,IF(R92="Enero-Diciembre",1,0)) -> #REF! | V92: =+IF(U92=1,"Si","No") -> #REF! | W92: =IF($V92="","No",IF($V92="No","No"," ")) -> #REF! | X92: =IF($V92="","No",IF($V92="No","No"," ")) -> #REF! | Y92: =+IFERROR((X92/W92)," ")
B93: =+IF($A$115=$X$81,'FT-Mapa de riesgos'!#REF!,"") | C93: =+IF(B93=4,'FT-Mapa de riesgos'!#REF!,"") | D93: =+IF(B93=1,1,"NA") -> NA | E93: =+IF(B93=4,'FT-Mapa de riesgos'!#REF!,"") | G93: =IF($F93="","No",IF($F93="No","No"," ")) -> No | H93: =IF($F93="","No",IF($F93="No","No"," ")) -> No | I93: =IF($F93="","No",IF($F93="No","No"," ")) -> No | J93: =IF($F93="","No",IF($F93="No","No"," ")) -> No | K93: =IF($F93="","No",IF($F93="No","No"," ")) -> No | L93: =IF($F93="","No",IF($F93="No","No"," ")) -> No | M93: =IF($F93="","No",IF($F93="No","No"," ")) -> No | N93: =IF($F93="","No",IF($F93="No","No"," ")) -> No | O93: =+O21 -> #REF! | P93: =+P21 -> #REF! | Q93: Septiembre-Diciembre | R93: =+R21 -> #REF! | S93: =+'FT-Mapa de riesgos'!#REF! -> #REF! | T93: =+'FT-Mapa de riesgos'!#REF! -> #REF! | U93: =IF(OR(Q93=R93,Q93=S93,Q93=T93),1,IF(R93="Enero-Diciembre",1,0)) -> #REF! | V93: =+IF(U93=1,"Si","No") -> #REF! | W93: =IF($V93="","No",IF($V93="No","No"," ")) -> #REF! | X93: =IF($V93="","No",IF($V93="No","No"," ")) -> #REF! | Y93: =+IFERROR((X93/W93)," ")
O94: =+O22 -> #REF! | P94: =+P22 -> #REF! | Q94: Septiembre-Diciembre | R94: =+R22 -> #REF! | S94: =+'FT-Mapa de riesgos'!#REF! -> #REF! | T94: =+'FT-Mapa de riesgos'!#REF! -> #REF! | U94: =IF(OR(Q94=R94,Q94=S94,Q94=T94),1,IF(R94="Enero-Diciembre",1,0)) -> #REF! | V94: =+IF(U94=1,"Si","No") -> #REF! | W94: =IF($V94="","No",IF($V94="No","No"," ")) -> #REF! | X94: =IF($V94="","No",IF($V94="No","No"," ")) -> #REF! | Y94: =+IFERROR((X94/W94)," ")
O95: =+O23 -> #REF! | P95: =+P23 -> #REF! | Q95: Septiembre-Diciembre | R95: =+R23 -> #REF! | S95: =+'FT-Mapa de riesgos'!#REF! -> #REF! | T95: =+'FT-Mapa de riesgos'!#REF! -> #REF! | U95: =IF(OR(Q95=R95,Q95=S95,Q95=T95),1,IF(R95="Enero-Diciembre",1,0)) -> #REF! | V95: =+IF(U95=1,"Si","No") -> #REF! | W95: =IF($V95="","No",IF($V95="No","No"," ")) -> #REF! | X95: =IF($V95="","No",IF($V95="No","No"," ")) -> #REF! | Y95: =+IFERROR((X95/W95)," ")
B96: =+IF($A$115=$X$81,'FT-Mapa de riesgos'!#REF!,"") | C96: =+IF(B96=5,'FT-Mapa de riesgos'!#REF!,"") | D96: =+IF(B96=1,1,"NA") -> NA | E96: =+IF(B96=5,'FT-Mapa de riesgos'!#REF!,"") | G96: =IF($F96="","No",IF($F96="No","No"," ")) -> No | H96: =IF($F96="","No",IF($F96="No","No"," ")) -> No | I96: =IF($F96="","No",IF($F96="No","No"," ")) -> No | J96: =IF($F96="","No",IF($F96="No","No"," ")) -> No | K96: =IF($F96="","No",IF($F96="No","No"," ")) -> No | L96: =IF($F96="","No",IF($F96="No","No"," ")) -> No | M96: =IF($F96="","No",IF($F96="No","No"," ")) -> No | N96: =IF($F96="","No",IF($F96="No","No"," ")) -> No | O96: =+O24 -> #REF! | P96: =+P24 -> #REF! | Q96: Septiembre-Diciembre | R96: =+R24 -> #REF! | S96: =+'FT-Mapa de riesgos'!#REF! -> #REF! | T96: =+'FT-Mapa de riesgos'!#REF! -> #REF! | U96: =IF(OR(Q96=R96,Q96=S96,Q96=T96),1,IF(R96="Enero-Diciembre",1,0)) -> #REF! | V96: =+IF(U96=1,"Si","No") -> #REF! | W96: =IF($V96="","No",IF($V96="No","No"," ")) -> #REF! | X96: =IF($V96="","No",IF($V96="No","No"," ")) -> #REF! | Y96: =+IFERROR((X96/W96)," ")
O97: =+O25 -> #REF! | P97: =+P25 -> #REF! | Q97: Septiembre-Diciembre | R97: =+R25 -> #REF! | S97: =+'FT-Mapa de riesgos'!#REF! -> #REF! | T97: =+'FT-Mapa de riesgos'!#REF! -> #REF! | U97: =IF(OR(Q97=R97,Q97=S97,Q97=T97),1,IF(R97="Enero-Diciembre",1,0)) -> #REF! | V97: =+IF(U97=1,"Si","No") -> #REF! | W97: =IF($V97="","No",IF($V97="No","No"," ")) -> #REF! | X97: =IF($V97="","No",IF($V97="No","No"," ")) -> #REF! | Y97: =+IFERROR((X97/W97)," ")
O98: =+O26 -> #REF! | P98: =+P26 -> #REF! | Q98: Septiembre-Diciembre | R98: =+R26 -> #REF! | S98: =+'FT-Mapa de riesgos'!#REF! -> #REF! | T98: =+'FT-Mapa de riesgos'!#REF! -> #REF! | U98: =IF(OR(Q98=R98,Q98=S98,Q98=T98),1,IF(R98="Enero-Diciembre",1,0)) -> #REF! | V98: =+IF(U98=1,"Si","No") -> #REF! | W98: =IF($V98="","No",IF($V98="No","No"," ")) -> #REF! | X98: =IF($V98="","No",IF($V98="No","No"," ")) -> #REF! | Y98: =+IFERROR((X98/W98)," ")
B99: =+IF($A$115=$X$81,'FT-Mapa de riesgos'!#REF!,"") | C99: =+IF(B99=6,'FT-Mapa de riesgos'!#REF!,"") | D99: =+IF(B99=1,1,"NA") -> NA | E99: =+IF(B99=6,'FT-Mapa de riesgos'!#REF!,"") | G99: =IF($F99="","No",IF($F99="No","No"," ")) -> No | H99: =IF($F99="","No",IF($F99="No","No"," ")) -> No | I99: =IF($F99="","No",IF($F99="No","No"," ")) -> No | J99: =IF($F99="","No",IF($F99="No","No"," ")) -> No | K99: =IF($F99="","No",IF($F99="No","No"," ")) -> No | L99: =IF($F99="","No",IF($F99="No","No"," ")) -> No | M99: =IF($F99="","No",IF($F99="No","No"," ")) -> No | N99: =IF($F99="","No",IF($F99="No","No"," ")) -> No | O99: =+O27 -> #REF! | P99: =+P27 -> #REF! | Q99: Septiembre-Diciembre | R99: =+R27 -> #REF! | S99: =+'FT-Mapa de riesgos'!#REF! -> #REF! | T99: =+'FT-Mapa de riesgos'!#REF! -> #REF! | U99: =IF(OR(Q99=R99,Q99=S99,Q99=T99),1,IF(R99="Enero-Diciembre",1,0)) -> #REF! | V99: =+IF(U99=1,"Si","No") -> #REF! | W99: =IF($V99="","No",IF($V99="No","No"," ")) -> #REF! | X99: =IF($V99="","No",IF($V99="No","No"," ")) -> #REF! | Y99: =+IFERROR((X99/W99)," ")
O100: =+O28 -> #REF! | P100: =+P28 -> #REF! | Q100: Septiembre-Diciembre | R100: =+R28 -> #REF! | S100: =+'FT-Mapa de riesgos'!#REF! -> #REF! | T100: =+'FT-Mapa de riesgos'!#REF! -> #REF! | U100: =IF(OR(Q100=R100,Q100=S100,Q100=T100),1,IF(R100="Enero-Diciembre",1,0)) -> #REF! | V100: =+IF(U100=1,"Si","No") -> #REF! | W100: =IF($V100="","No",IF($V100="No","No"," ")) -> #REF! | X100: =IF($V100="","No",IF($V100="No","No"," ")) -> #REF! | Y100: =+IFERROR((X100/W100)," ")
O101: =+O29 -> #REF! | P101: =+P29 -> #REF! | Q101: Septiembre-Diciembre | R101: =+R29 -> #REF! | S101: =+'FT-Mapa de riesgos'!#REF! -> #REF! | T101: =+'FT-Mapa de riesgos'!#REF! -> #REF! | U101: =IF(OR(Q101=R101,Q101=S101,Q101=T101),1,IF(R101="Enero-Diciembre",1,0)) -> #REF! | V101: =+IF(U101=1,"Si","No") -> #REF! | W101: =IF($V101="","No",IF($V101="No","No"," ")) -> #REF! | X101: =IF($V101="","No",IF($V101="No","No"," ")) -> #REF! | Y101: =+IFERROR((X101/W101)," ")
B102: =+IF($A$115=$X$81,'FT-Mapa de riesgos'!#REF!,"") | C102: =+IF(B102=7,'FT-Mapa de riesgos'!#REF!,"") | D102: =+IF(B102=1,1,"NA") -> NA | E102: =+IF(B102=7,'FT-Mapa de riesgos'!#REF!,"") | G102: =IF($F102="","No",IF($F102="No","No"," ")) -> No | H102: =IF($F102="","No",IF($F102="No","No"," ")) -> No | I102: =IF($F102="","No",IF($F102="No","No"," ")) -> No | J102: =IF($F102="","No",IF($F102="No","No"," ")) -> No | K102: =IF($F102="","No",IF($F102="No","No"," ")) -> No | L102: =IF($F102="","No",IF($F102="No","No"," ")) -> No | M102: =IF($F102="","No",IF($F102="No","No"," ")) -> No | N102: =IF($F102="","No",IF($F102="No","No"," ")) -> No | O102: =+O30 -> #REF! | P102: =+P30 -> #REF! | Q102: Septiembre-Diciembre | R102: =+R30 -> #REF! | S102: =+'FT-Mapa de riesgos'!#REF! -> #REF! | T102: =+'FT-Mapa de riesgos'!#REF! -> #REF! | U102: =IF(OR(Q102=R102,Q102=S102,Q102=T102),1,IF(R102="Enero-Diciembre",1,0)) -> #REF! | V102: =+IF(U102=1,"Si","No") -> #REF! | W102: =IF($V102="","No",IF($V102="No","No"," ")) -> #REF! | X102: =IF($V102="","No",IF($V102="No","No"," ")) -> #REF! | Y102: =+IFERROR((X102/W102)," ")
O103: =+O31 -> #REF! | P103: =+P31 -> #REF! | Q103: Septiembre-Diciembre | R103: =+R31 -> #REF! | S103: =+'FT-Mapa de riesgos'!#REF! -> #REF! | T103: =+'FT-Mapa de riesgos'!#REF! -> #REF! | U103: =IF(OR(Q103=R103,Q103=S103,Q103=T103),1,IF(R103="Enero-Diciembre",1,0)) -> #REF! | V103: =+IF(U103=1,"Si","No") -> #REF! | W103: =IF($V103="","No",IF($V103="No","No"," ")) -> #REF! | X103: =IF($V103="","No",IF($V103="No","No"," ")) -> #REF! | Y103: =+IFERROR((X103/W103)," ")
O104: =+O32 -> #REF! | P104: =+P32 -> #REF! | Q104: Septiembre-Diciembre | R104: =+R32 -> #REF! | S104: =+'FT-Mapa de riesgos'!#REF! -> #REF! | T104: =+'FT-Mapa de riesgos'!#REF! -> #REF! | U104: =IF(OR(Q104=R104,Q104=S104,Q104=T104),1,IF(R104="Enero-Diciembre",1,0)) -> #REF! | V104: =+IF(U104=1,"Si","No") -> #REF! | W104: =IF($V104="","No",IF($V104="No","No"," ")) -> #REF! | X104: =IF($V104="","No",IF($V104="No","No"," ")) -> #REF! | Y104: =+IFERROR((X104/W104)," ")
B105: =+IF($A$115=$X$81,'FT-Mapa de riesgos'!B20,"") | C105: =+IF(B105=8,'FT-Mapa de riesgos'!C20,"") | D105: =+IF(B105=1,1,"NA") -> NA | E105: =+IF(B105=8,'FT-Mapa de riesgos'!E20,"") | G105: =IF($F105="","No",IF($F105="No","No"," ")) -> No | H105: =IF($F105="","No",IF($F105="No","No"," ")) -> No | I105: =IF($F105="","No",IF($F105="No","No"," ")) -> No | J105: =IF($F105="","No",IF($F105="No","No"," ")) -> No | K105: =IF($F105="","No",IF($F105="No","No"," ")) -> No | L105: =IF($F105="","No",IF($F105="No","No"," ")) -> No | M105: =IF($F105="","No",IF($F105="No","No"," ")) -> No | N105: =IF($F105="","No",IF($F105="No","No"," ")) -> No | O105: =+O33 -> Monitoreo de asignación de citas | P105: =+P33 -> Permanente | Q105: Septiembre-Diciembre | R105: =+R33 -> Enero-Abril | S105: =+'FT-Mapa de riesgos'!X20 -> Mayo-Agosto | T105: =+'FT-Mapa de riesgos'!Y20 -> Septiembre-Diciembre | U105: =IF(OR(Q105=R105,Q105=S105,Q105=T105),1,IF(R105="Enero-Diciembre",1,0)) -> 1 | V105: =+IF(U105=1,"Si","No") -> Si | W105: =IF($V105="","No",IF($V105="No","No"," ")) | X105: =IF($V105="","No",IF($V105="No","No"," ")) | Y105: =+IFERROR((X105/W105)," ")
O106: =+O34 | P106: =+P34 | Q106: Septiembre-Diciembre | R106: =+R34 | S106: =+'FT-Mapa de riesgos'!X21 -> 0 | T106: =+'FT-Mapa de riesgos'!Y21 -> 0 | U106: =IF(OR(Q106=R106,Q106=S106,Q106=T106),1,IF(R106="Enero-Diciembre",1,0)) -> 0 | V106: =+IF(U106=1,"Si","No") -> No | W106: =IF($V106="","No",IF($V106="No","No"," ")) -> No | X106: =IF($V106="","No",IF($V106="No","No"," ")) -> No | Y106: =+IFERROR((X106/W106)," ")
O107: =+O35 | P107: =+P35 | Q107: Septiembre-Diciembre | R107: =+R35 | S107: =+'FT-Mapa de riesgos'!X22 -> 0 | T107: =+'FT-Mapa de riesgos'!Y22 -> 0 | U107: =IF(OR(Q107=R107,Q107=S107,Q107=T107),1,IF(R107="Enero-Diciembre",1,0)) -> 0 | V107: =+IF(U107=1,"Si","No") -> No | W107: =IF($V107="","No",IF($V107="No","No"," ")) -> No | X107: =IF($V107="","No",IF($V107="No","No"," ")) -> No | Y107: =+IFERROR((X107/W107)," ")
...

Sheet Indicadores 
B2: ENERO - ABRIL
B3: No | C3: Riesgo | D3: Nivel de Efectividad | E3: Controles | F3: Nivel de Aplicación Discriminado por Control | G3: Nivel de Aplicación de los Control del Riesgo | I3: Nivel de Efectividad | M3: Nivel de Aplicación de los Controles del Riesgo
B5: =+'FT-Monitoreos '!B12 | C5: =+'FT-Monitoreos '!C12 | D5: =IFERROR(+'FT-Monitoreos '!E43," ") | E5: =+'FT-Monitoreos '!O12 -> #REF! | F5: =IFERROR(+IF('FT-Monitoreos '!V12="No","N/A",'FT-Monitoreos '!Y12),"") | G5: =IFERROR(IF(F5:F7="N/A","N/A",AVERAGE(F5:F7)),"N/A") -> N/A
E6: =+'FT-Monitoreos '!O13 -> #REF! | F6: =IFERROR(+IF('FT-Monitoreos '!V13="No","N/A",'FT-Monitoreos '!Y13),"")
E7: =+'FT-Monitoreos '!O14 -> #REF! | F7: =IFERROR(+IF('FT-Monitoreos '!V14="No","N/A",'FT-Monitoreos '!Y14),"")
B8: =+'FT-Monitoreos '!B15 | C8: =+'FT-Monitoreos '!C15 | E8: =+'FT-Monitoreos '!O15 -> #REF! | F8: =IFERROR(+IF('FT-Monitoreos '!V15="No","N/A",'FT-Monitoreos '!Y15),"") | G8: =IFERROR(IF(F8:F10="N/A","N/A",AVERAGE(F8:F10)),"N/A") -> N/A
E9: =+'FT-Monitoreos '!O16 -> #REF! | F9: =IFERROR(+IF('FT-Monitoreos '!V16="No","N/A",'FT-Monitoreos '!Y16),"")
E10: =+'FT-Monitoreos '!O17 -> #REF! | F10: =IFERROR(+IF('FT-Monitoreos '!V17="No","N/A",'FT-Monitoreos '!Y17),"")
B11: =+'FT-Monitoreos '!B18 | C11: =+'FT-Monitoreos '!C18 | E11: =+'FT-Monitoreos '!O18 -> #REF! | F11: =IFERROR(+IF('FT-Monitoreos '!V18="No","N/A",'FT-Monitoreos '!Y18),"") | G11: =IFERROR(IF(F11:F13="N/A","N/A",AVERAGE(F11:F13)),"N/A") -> N/A
E12: =+'FT-Monitoreos '!O19 -> #REF! | F12: =IFERROR(+IF('FT-Monitoreos '!V19="No","N/A",'FT-Monitoreos '!Y19),"")
E13: =+'FT-Monitoreos '!O20 -> #REF! | F13: =IFERROR(+IF('FT-Monitoreos '!V20="No","N/A",'FT-Monitoreos '!Y20),"")
B14: =+'FT-Monitoreos '!B21 | C14: =+'FT-Monitoreos '!C21 | E14: =+'FT-Monitoreos '!O21 -> #REF! | F14: =IFERROR(+IF('FT-Monitoreos '!V21="No","N/A",'FT-Monitoreos '!Y21),"") | G14: =IFERROR(IF(F14:F16="N/A","N/A",AVERAGE(F14:F16)),"N/A") -> N/A
E15: =+'FT-Monitoreos '!O22 -> #REF! | F15: =IFERROR(+IF('FT-Monitoreos '!V22="No","N/A",'FT-Monitoreos '!Y22),"")
E16: =+'FT-Monitoreos '!O23 -> #REF! | F16: =IFERROR(+IF('FT-Monitoreos '!V23="No","N/A",'FT-Monitoreos '!Y23),"")
B17: =+'FT-Monitoreos '!B24 | C17: =+'FT-Monitoreos '!C24 | E17: =+'FT-Monitoreos '!O24 -> #REF! | F17: =IFERROR(+IF('FT-Monitoreos '!V24="No","N/A",'FT-Monitoreos '!Y24),"") | G17: =IFERROR(IF(F17:F19="N/A","N/A",AVERAGE(F17:F19)),"N/A") -> N/A
E18: =+'FT-Monitoreos '!O25 -> #REF! | F18: =IFERROR(+IF('FT-Monitoreos '!V25="No","N/A",'FT-Monitoreos '!Y25),"")
E19: =+'FT-Monitoreos '!O26 -> #REF! | F19: =IFERROR(+IF('FT-Monitoreos '!V26="No","N/A",'FT-Monitoreos '!Y26),"") | I19: ENERO - ABRIL | M19: ENERO - ABRIL
B20: =+'FT-Monitoreos '!B27 | C20: =+'FT-Monitoreos '!C27 | E20: =+'FT-Monitoreos '!O27 -> #REF! | F20: =IFERROR(+IF('FT-Monitoreos '!V27="No","N/A",'FT-Monitoreos '!Y27),"") | G20: =IFERROR(IF(F20:F22="N/A","N/A",AVERAGE(F20:F22)),"N/A") -> N/A
E21: =+'FT-Monitoreos '!O28 -> #REF! | F21: =IFERROR(+IF('FT-Monitoreos '!V28="No","N/A",'FT-Monitoreos '!Y28),"")
E22: =+'FT-Monitoreos '!O29 -> #REF! | F22: =IFERROR(+IF('FT-Monitoreos '!V29="No","N/A",'FT-Monitoreos '!Y29),"")
B23: =+'FT-Monitoreos '!B30 | C23: =+'FT-Monitoreos '!C30 | E23: =+'FT-Monitoreos '!O30 -> #REF! | F23: =IFERROR(+IF('FT-Monitoreos '!V30="No","N/A",'FT-Monitoreos '!Y30),"") | G23: =IFERROR(IF(F23:F25="N/A","N/A",AVERAGE(F23:F25)),"N/A") -> N/A
E24: =+'FT-Monitoreos '!O31 -> #REF! | F24: =IFERROR(+IF('FT-Monitoreos '!V31="No","N/A",'FT-Monitoreos '!Y31),"")
E25: =+'FT-Monitoreos '!O32 -> #REF! | F25: =IFERROR(+IF('FT-Monitoreos '!V32="No","N/A",'FT-Monitoreos '!Y32),"")
B26: =+'FT-Monitoreos '!B33 | C26: =+'FT-Monitoreos '!C33 | E26: =+'FT-Monitoreos '!O33 -> Monitoreo de asignación de citas | F26: =IFERROR(+IF('FT-Monitoreos '!V33="No","N/A",'FT-Monitoreos '!Y33),"") | G26: =IFERROR(IF(F26:F28="N/A","N/A",AVERAGE(F26:F28)),"N/A") -> N/A
E27: =+'FT-Monitoreos '!O34 | F27: =IFERROR(+IF('FT-Monitoreos '!V34="No","N/A",'FT-Monitoreos '!Y34),"") -> N/A
E28: =+'FT-Monitoreos '!O35 | F28: =IFERROR(+IF('FT-Monitoreos '!V35="No","N/A",'FT-Monitoreos '!Y35),"") -> N/A
B29: =+'FT-Monitoreos '!B36 | C29: =+'FT-Monitoreos '!C36 | E29: =+'FT-Monitoreos '!O36 -> #REF! | F29: =IFERROR(+IF('FT-Monitoreos '!V36="No","N/A",'FT-Monitoreos '!Y36),"") | G29: =IFERROR(IF(F29:F31="N/A","N/A",AVERAGE(F29:F31)),"N/A") -> N/A
E30: =+'FT-Monitoreos '!O37 -> #REF! | F30: =IFERROR(+IF('FT-Monitoreos '!V37="No","N/A",'FT-Monitoreos '!Y37),"")
E31: =+'FT-Monitoreos '!O38 -> #REF! | F31: =IFERROR(+IF('FT-Monitoreos '!V38="No","N/A",'FT-Monitoreos '!Y38),"")
B32: =+'FT-Monitoreos '!B39 | C32: =+'FT-Monitoreos '!C39 | E32: =+'FT-Monitoreos '!O39 -> #REF! | F32: =IFERROR(+IF('FT-Monitoreos '!V39="No","N/A",'FT-Monitoreos '!Y39),"") | G32: =IFERROR(IF(F32:F34="N/A","N/A",AVERAGE(F32:F34)),"N/A") -> N/A
E33: =+'FT-Monitoreos '!O40 -> #REF! | F33: =IFERROR(+IF('FT-Monitoreos '!V40="No","N/A",'FT-Monitoreos '!Y40),"")
E34: =+'FT-Monitoreos '!O41 -> #REF! | F34: =IFERROR(+IF('FT-Monitoreos '!V41="No","N/A",'FT-Monitoreos '!Y41),"")
B37: MAYO - AGOSTO
B38: No | C38: Riesgo | D38: Nivel de Efectividad | E38: Controles | F38: Nivel de Aplicación Discriminado por Controles | G38: Nivel de Aplicación de los Controles del Riesgo | I38: Nivel de Efectividad | M38: Nivel de Aplicación de los Controles del Riesgo
B40: =+'FT-Monitoreos '!B48 | C40: =+'FT-Monitoreos '!C48 | D40: =IFERROR(+'FT-Monitoreos '!E79,"") | E40: =+'FT-Monitoreos '!O48 -> #REF! | F40: =IFERROR(+IF('FT-Monitoreos '!V48="No","N/A",'FT-Monitoreos '!Y48),"") | G40: =IFERROR(IF(F40:F42="N/A","N/A",AVERAGE(F40:F42)),"N/A") -> N/A
E41: =+'FT-Monitoreos '!O49 -> #REF! | F41: =IFERROR(+IF('FT-Monitoreos '!V49="No","N/A",'FT-Monitoreos '!Y49),"")
E42: =+'FT-Monitoreos '!O50 -> #REF! | F42: =IFERROR(+IF('FT-Monitoreos '!V50="No","N/A",'FT-Monitoreos '!Y50),"")
B43: =+'FT-Monitoreos '!B51 | C43: =+'FT-Monitoreos '!C51 | E43: =+'FT-Monitoreos '!O51 -> #REF! | F43: =IFERROR(+IF('FT-Monitoreos '!V51="No","N/A",'FT-Monitoreos '!Y51),"") | G43: =IFERROR(IF(F43:F45="N/A","N/A",AVERAGE(F43:F45)),"N/A") -> N/A
E44: =+'FT-Monitoreos '!O52 -> #REF! | F44: =IFERROR(+IF('FT-Monitoreos '!V52="No","N/A",'FT-Monitoreos '!Y52),"")
E45: =+'FT-Monitoreos '!O53 -> #REF! | F45: =IFERROR(+IF('FT-Monitoreos '!V53="No","N/A",'FT-Monitoreos '!Y53),"")
B46: =+'FT-Monitoreos '!B54 | C46: =+'FT-Monitoreos '!C54 | E46: =+'FT-Monitoreos '!O54 -> #REF! | F46: =IFERROR(+IF('FT-Monitoreos '!V54="No","N/A",'FT-Monitoreos '!Y54),"") | G46: =IFERROR(IF(F46:F48="N/A","N/A",AVERAGE(F46:F48)),"N/A") -> N/A
E47: =+'FT-Monitoreos '!O55 -> #REF! | F47: =IFERROR(+IF('FT-Monitoreos '!V55="No","N/A",'FT-Monitoreos '!Y55),"")
E48: =+'FT-Monitoreos '!O56 -> #REF! | F48: =IFERROR(+IF('FT-Monitoreos '!V56="No","N/A",'FT-Monitoreos '!Y56),"")
B49: =+'FT-Monitoreos '!B57 | C49: =+'FT-Monitoreos '!C57 | E49: =+'FT-Monitoreos '!O57 -> #REF! | F49: =IFERROR(+IF('FT-Monitoreos '!V57="No","N/A",'FT-Monitoreos '!Y57),"") | G49: =IFERROR(IF(F49:F51="N/A","N/A",AVERAGE(F49:F51)),"N/A") -> N/A
E50: =+'FT-Monitoreos '!O58 -> #REF! | F50: =IFERROR(+IF('FT-Monitoreos '!V58="No","N/A",'FT-Monitoreos '!Y58),"")
E51: =+'FT-Monitoreos '!O59 -> #REF! | F51: =IFERROR(+IF('FT-Monitoreos '!V59="No","N/A",'FT-Monitoreos '!Y59),"")
B52: =+'FT-Monitoreos '!B60 | C52: =+'FT-Monitoreos '!C60 | E52: =+'FT-Monitoreos '!O60 -> #REF! | F52: =IFERROR(+IF('FT-Monitoreos '!V60="No","N/A",'FT-Monitoreos '!Y60),"") | G52: =IFERROR(IF(F52:F54="N/A","N/A",AVERAGE(F52:F54)),"N/A") -> N/A
E53: =+'FT-Monitoreos '!O61 -> #REF! | F53: =IFERROR(+IF('FT-Monitoreos '!V61="No","N/A",'FT-Monitoreos '!Y61),"")
E54: =+'FT-Monitoreos '!O62 -> #REF! | F54: =IFERROR(+IF('FT-Monitoreos '!V62="No","N/A",'FT-Monitoreos '!Y62),"") | I54: MAYO - AGOSTO | M54: MAYO AGOSTO
B55: =+'FT-Monitoreos '!B63 | C55: =+'FT-Monitoreos '!C63 | E55: =+'FT-Monitoreos '!O63 -> #REF! | F55: =IFERROR(+IF('FT-Monitoreos '!V63="No","N/A",'FT-Monitoreos '!Y63),"") | G55: =IFERROR(IF(F55:F57="N/A","N/A",AVERAGE(F55:F57)),"N/A") -> N/A
E56: =+'FT-Monitoreos '!O64 -> #REF! | F56: =IFERROR(+IF('FT-Monitoreos '!V64="No","N/A",'FT-Monitoreos '!Y64),"")
E57: =+'FT-Monitoreos '!O65 -> #REF! | F57: =IFERROR(+IF('FT-Monitoreos '!V65="No","N/A",'FT-Monitoreos '!Y65),"")
B58: =+'FT-Monitoreos '!B66 | C58: =+'FT-Monitoreos '!C66 | E58: =+'FT-Monitoreos '!O66 -> #REF! | F58: =IFERROR(+IF('FT-Monitoreos '!V66="No","N/A",'FT-Monitoreos '!Y66),"") | G58: =IFERROR(IF(F58:F60="N/A","N/A",AVERAGE(F58:F60)),"N/A") -> N/A
E59: =+'FT-Monitoreos '!O67 -> #REF! | F59: =IFERROR(+IF('FT-Monitoreos '!V67="No","N/A",'FT-Monitoreos '!Y67),"")
E60: =+'FT-Monitoreos '!O68 -> #REF! | F60: =IFERROR(+IF('FT-Monitoreos '!V68="No","N/A",'FT-Monitoreos '!Y68),"")
B61: =+'FT-Monitoreos '!B69 | C61: =+'FT-Monitoreos '!C69 | E61: =+'FT-Monitoreos '!O69 -> Monitoreo de asignación de citas | F61: =IFERROR(+IF('FT-Monitoreos '!V69="No","N/A",'FT-Monitoreos '!Y69),"") | G61: =IFERROR(IF(F61:F63="N/A","N/A",AVERAGE(F61:F63)),"N/A") -> N/A
E62: =+'FT-Monitoreos '!O70 | F62: =IFERROR(+IF('FT-Monitoreos '!V70="No","N/A",'FT-Monitoreos '!Y70),"") -> N/A
E63: =+'FT-Monitoreos '!O71 | F63: =IFERROR(+IF('FT-Monitoreos '!V71="No","N/A",'FT-Monitoreos '!Y71),"") -> N/A
B64: =+'FT-Monitoreos '!B72 | C64: =+'FT-Monitoreos '!C72 | E64: =+'FT-Monitoreos '!O72 -> #REF! | F64: =IFERROR(+IF('FT-Monitoreos '!V72="No","N/A",'FT-Monitoreos '!Y72),"") | G64: =IFERROR(IF(F64:F66="N/A","N/A",AVERAGE(F64:F66)),"N/A") -> N/A
E65: =+'FT-Monitoreos '!O73 -> #REF! | F65: =IFERROR(+IF('FT-Monitoreos '!V73="No","N/A",'FT-Monitoreos '!Y73),"")
E66: =+'FT-Monitoreos '!O74 -> #REF! | F66: =IFERROR(+IF('FT-Monitoreos '!V74="No","N/A",'FT-Monitoreos '!Y74),"")
B67: =+'FT-Monitoreos '!B75 | C67: =+'FT-Monitoreos '!C75 | E67: =+'FT-Monitoreos '!O75 -> #REF! | F67: =IFERROR(+IF('FT-Monitoreos '!V75="No","N/A",'FT-Monitoreos '!Y75),"") | G67: =IFERROR(IF(F67:F69="N/A","N/A",AVERAGE(F67:F69)),"N/A") -> N/A
E68: =+'FT-Monitoreos '!O76 -> #REF! | F68: =IFERROR(+IF('FT-Monitoreos '!V76="No","N/A",'FT-Monitoreos '!Y76),"")
E69: =+'FT-Monitoreos '!O77 -> #REF! | F69: =IFERROR(+IF('FT-Monitoreos '!V77="No","N/A",'FT-Monitoreos '!Y77),"")
B72: SEPTIEMBRE - DICIEMBRE
B73: No | C73: Riesgo | D73: Nivel de Efectividad | E73: Controles | F73: Nivel de Aplicación Discriminado por Controles | G73: Nivel de Aplicación de los Controles del Riesgo | I73: Nivel de Efectividad | M73: Nivel de Aplicación de los Controles del Riesgo
B75: =+'FT-Monitoreos '!B84 | C75: =+'FT-Monitoreos '!C84 | D75: =IFERROR('FT-Monitoreos '!E115,"") | E75: =+'FT-Monitoreos '!O84 -> #REF! | F75: =IFERROR(+IF('FT-Monitoreos '!V84="No","N/A",'FT-Monitoreos '!Y84),"") | G75: =IFERROR(IF(F75:F77="N/A","N/A",AVERAGE(F75:F77)),"N/A") -> N/A
E76: =+'FT-Monitoreos '!O85 -> #REF! | F76: =IFERROR(+IF('FT-Monitoreos '!V85="No","N/A",'FT-Monitoreos '!Y85),"")
E77: =+'FT-Monitoreos '!O86 -> #REF! | F77: =IFERROR(+IF('FT-Monitoreos '!V86="No","N/A",'FT-Monitoreos '!Y86),"")
B78: =+'FT-Monitoreos '!B87 | C78: =+'FT-Monitoreos '!C87 | E78: =+'FT-Monitoreos '!O87 -> #REF! | F78: =IFERROR(+IF('FT-Monitoreos '!V87="No","N/A",'FT-Monitoreos '!Y87),"") | G78: =IFERROR(IF(F78:F80="N/A","N/A",AVERAGE(F78:F80)),"N/A") -> N/A
E79: =+'FT-Monitoreos '!O88 -> #REF! | F79: =IFERROR(+IF('FT-Monitoreos '!V88="No","N/A",'FT-Monitoreos '!Y88),"")
E80: =+'FT-Monitoreos '!O89 -> #REF! | F80: =IFERROR(+IF('FT-Monitoreos '!V89="No","N/A",'FT-Monitoreos '!Y89),"")
B81: =+'FT-Monitoreos '!B90 | C81: =+'FT-Monitoreos '!C90 | E81: =+'FT-Monitoreos '!O90 -> #REF! | F81: =IFERROR(+IF('FT-Monitoreos '!V90="No","N/A",'FT-Monitoreos '!Y90),"") | G81: =IFERROR(IF(F81:F83="N/A","N/A",AVERAGE(F81:F83)),"N/A") -> N/A
E82: =+'FT-Monitoreos '!O91 -> #REF! | F82: =IFERROR(+IF('FT-Monitoreos '!V91="No","N/A",'FT-Monitoreos '!Y91),"")
E83: =+'FT-Monitoreos '!O92 -> #REF! | F83: =IFERROR(+IF('FT-Monitoreos '!V92="No","N/A",'FT-Monitoreos '!Y92),"")
B84: =+'FT-Monitoreos '!B93 | C84: =+'FT-Monitoreos '!C93 | E84: =+'FT-Monitoreos '!O93 -> #REF! | F84: =IFERROR(+IF('FT-Monitoreos '!V93="No","N/A",'FT-Monitoreos '!Y93),"") | G84: =IFERROR(IF(F84:F86="N/A","N/A",AVERAGE(F84:F86)),"N/A") -> N/A
E85: =+'FT-Monitoreos '!O94 -> #REF! | F85: =IFERROR(+IF('FT-Monitoreos '!V94="No","N/A",'FT-Monitoreos '!Y94),"")
E86: =+'FT-Monitoreos '!O95 -> #REF! | F86: =IFERROR(+IF('FT-Monitoreos '!V95="No","N/A",'FT-Monitoreos '!Y95),"")
B87: =+'FT-Monitoreos '!B96 | C87: =+'FT-Monitoreos '!C96 | E87: =+'FT-Monitoreos '!O96 -> #REF! | F87: =IFERROR(+IF('FT-Monitoreos '!V96="No","N/A",'FT-Monitoreos '!Y96),"") | G87: =IFERROR(IF(F87:F89="N/A","N/A",AVERAGE(F87:F89)),"N/A") -> N/A
E88: =+'FT-Monitoreos '!O97 -> #REF! | F88: =IFERROR(+IF('FT-Monitoreos '!V97="No","N/A",'FT-Monitoreos '!Y97),"")
E89: =+'FT-Monitoreos '!O98 -> #REF! | F89: =IFERROR(+IF('FT-Monitoreos '!V98="No","N/A",'FT-Monitoreos '!Y98),"") | I89: SEPTIEMBRE - DICIEMBRE | M89: SEPTIEMBRE - DICIEMBRE
B90: =+'FT-Monitoreos '!B99 | C90: =+'FT-Monitoreos '!C99 | E90: =+'FT-Monitoreos '!O99 -> #REF! | F90: =IFERROR(+IF('FT-Monitoreos '!V99="No","N/A",'FT-Monitoreos '!Y99),"") | G90: =IFERROR(IF(F90:F92="N/A","N/A",AVERAGE(F90:F92)),"N/A") -> N/A
E91: =+'FT-Monitoreos '!O100 -> #REF! | F91: =IFERROR(+IF('FT-Monitoreos '!V100="No","N/A",'FT-Monitoreos '!Y100),"")
E92: =+'FT-Monitoreos '!O101 -> #REF! | F92: =IFERROR(+IF('FT-Monitoreos '!V101="No","N/A",'FT-Monitoreos '!Y101),"")
B93: =+'FT-Monitoreos '!B102 | C93: =+'FT-Monitoreos '!C102 | E93: =+'FT-Monitoreos '!O102 -> #REF! | F93: =IFERROR(+IF('FT-Monitoreos '!V102="No","N/A",'FT-Monitoreos '!Y102),"") | G93: =IFERROR(IF(F93:F95="N/A","N/A",AVERAGE(F93:F95)),"N/A") -> N/A
E94: =+'FT-Monitoreos '!O103 -> #REF! | F94: =IFERROR(+IF('FT-Monitoreos '!V103="No","N/A",'FT-Monitoreos '!Y103),"")
E95: =+'FT-Monitoreos '!O104 -> #REF! | F95: =IFERROR(+IF('FT-Monitoreos '!V104="No","N/A",'FT-Monitoreos '!Y104),"")
B96: =+'FT-Monitoreos '!B105 | C96: =+'FT-Monitoreos '!C105 | E96: =+'FT-Monitoreos '!O105 -> Monitoreo de asignación de citas | F96: =IFERROR(+IF('FT-Monitoreos '!V105="No","N/A",'FT-Monitoreos '!Y105),"") | G96: =IFERROR(IF(F96:F98="N/A","N/A",AVERAGE(F96:F98)),"N/A") -> N/A
E97: =+'FT-Monitoreos '!O106 | F97: =IFERROR(+IF('FT-Monitoreos '!V106="No","N/A",'FT-Monitoreos '!Y106),"") -> N/A
E98: =+'FT-Monitoreos '!O107 | F98: =IFERROR(+IF('FT-Monitoreos '!V107="No","N/A",'FT-Monitoreos '!Y107),"") -> N/A
B99: =+'FT-Monitoreos '!B108 | C99: =+'FT-Monitoreos '!C108 | E99: =+'FT-Monitoreos '!O108 -> #REF! | F99: =IFERROR(+IF('FT-Monitoreos '!V108="No","N/A",'FT-Monitoreos '!Y108),"") | G99: =IFERROR(IF(F99:F101="N/A","N/A",AVERAGE(F99:F101)),"N/A") -> N/A
E100: =+'FT-Monitoreos '!O109 -> #REF! | F100: =IFERROR(+IF('FT-Monitoreos '!V109="No","N/A",'FT-Monitoreos '!Y109),"")
E101: =+'FT-Monitoreos '!O110 -> #REF! | F101: =IFERROR(+IF('FT-Monitoreos '!V110="No","N/A",'FT-Monitoreos '!Y110),"")
B102: =+'FT-Monitoreos '!B111 | C102: =+'FT-Monitoreos '!C111 | E102: =+'FT-Monitoreos '!O111 -> #REF! | F102: =IFERROR(+IF('FT-Monitoreos '!V111="No","N/A",'FT-Monitoreos '!Y111),"") | G102: =IFERROR(IF(F102:F104="N/A","N/A",AVERAGE(F102:F104)),"N/A") -> N/A
E103: =+'FT-Monitoreos '!O112 -> #REF! | F103: =IFERROR(+IF('FT-Monitoreos '!V112="No","N/A",'FT-Monitoreos '!Y112),"")
E104: =+'FT-Monitoreos '!O113 -> #REF! | F104: =IFERROR(+IF('FT-Monitoreos '!V113="No","N/A",'FT-Monitoreos '!Y113),"")

Sheet Indicadores Anuales
B2: Riesgo | C2: Nivel de Aplicación de los Controles del Riesgo | H2: Nivel de Efectividad
C3: Enero- Abril | D3: Mayo- Julio | E3: Sep- Dic | F3: TOTAL | H3: Enero- Abril | I3: Mayo- Julio | J3: Sep- Dic | K3: TOTAL
B4: MAPA DE RIESGOS DEL PROCESO 1 | C4: =IFERROR(AVERAGE('Indicadores '!G5:G34),"") | D4: =IFERROR(AVERAGE('Indicadores '!G40:G69),"") | E4: =IFERROR(AVERAGE('Indicadores '!G75:G104),"") | F4: =IFERROR(AVERAGE(C4:E4),"") | H4: =+'Indicadores '!D5 | I4: =+'Indicadores '!D40 | J4: =+'Indicadores '!D75 | K4: =+IFERROR(AVERAGE(H4:J4),"")
C8: Nivel de Aplicación de los Controles del Riesgo | H8: Nivel de Efectividad
C30: ANUAL | H30: ANUAL

Sheet Hoja1
A1: Rara vez | B1: Insignificante | C1: =CONCATENATE(A1,B1) -> Rara vezInsignificante | D1: 1 | E1: Verde | F1: Bajo | G1: =TRIM(F1) -> Bajo
A2: Rara vez | B2: Menor | C2: =CONCATENATE(A2,B2) -> Rara vezMenor | D2: 1 | E2: Verde | F2: Bajo | G2: =TRIM(F2) -> Bajo
A3: Rara vez | B3: Moderado | C3: =CONCATENATE(A3,B3) -> Rara vezModerado | D3: 2 | E3: Amarillo | F3: Moderado | G3: =TRIM(F3) -> Moderado | J3: Casi Seguro | K3: Catastrofico
A4: Rara vez | B4: Mayor | C4: =CONCATENATE(A4,B4) -> Rara vezMayor | D4: 3 | E4: Naranja | F4: Alto | G4: =TRIM(F4) -> Alto | J4: Posible | K4: Mayor | M4: 2
A5: Rara vez | B5: Catastrofico | C5: =CONCATENATE(A5,B5) -> Rara vezCatastrofico | D5: 3 | E5: Naranja | F5: Alto | G5: =TRIM(F5) -> Alto | J5: Improbable | K5: Moderado | M5: 3
A6: Improbable | B6: Insignificante | C6: =CONCATENATE(A6,B6) -> ImprobableInsignificante | D6: 1 | E6: Verde | F6: Bajo | G6: =TRIM(F6) -> Bajo | J6: Rara Vez | K6: Menor
A7: Improbable | B7: Menor | C7: =CONCATENATE(A7,B7) -> ImprobableMenor | D7: 1 | E7: Verde | F7: Bajo | G7: =TRIM(F7) -> Bajo | K7: Insignificante
A8: Improbable | B8: Moderado | C8: =CONCATENATE(A8,B8) -> ImprobableModerado | D8: 2 | E8: Amarillo | F8: Moderado | G8: =TRIM(F8) -> Moderado
A9: Improbable | B9: Mayor | C9: =CONCATENATE(A9,B9) -> ImprobableMayor | D9: 3 | E9: Naranja | F9: Alto | G9: =TRIM(F9) -> Alto
A10: Improbable | B10: Catastrofico | C10: =CONCATENATE(A10,B10) -> ImprobableCatastrofico | D10: 4 | E10: Rojo | F10: Extremo | G10: =TRIM(F10) -> Extremo
A11: Posible | B11: Insignificante | C11: =CONCATENATE(A11,B11) -> PosibleInsignificante | D11: 1 | E11: Verde | F11: Bajo | G11: =TRIM(F11) -> Bajo | U11: PERIODICIDAD | W11: 1 | X11: Enero
A12: Posible | B12: Menor | C12: =CONCATENATE(A12,B12) -> PosibleMenor | D12: 2 | E12: Amarillo | F12: Moderado | G12: =TRIM(F12) -> Moderado | J12: Probabilidad | K12: Impacto | L12: Bajo | M12: Verde | N12: Estratégicos | R12: Evitar | S12: Permanente | U12: Si | W12: 2 | X12: Febrero
A13: Posible | B13: Moderado | C13: =CONCATENATE(A13,B13) -> PosibleModerado | D13: 3 | E13: Naranja | F13: Alto | G13: =TRIM(F13) -> Alto | J13: Rara vez | K13: Insignificante | L13: Moderado | M13: Amarillo | N13: Financieros | O13: Si | P13: Probabilidad | R13: Reducir | S13: Semanal | W13: 3 | X13: Marzo
A14: Posible | B14: Mayor | C14: =CONCATENATE(A14,B14) -> PosibleMayor | D14: 4 | E14: Rojo | F14: Extremo | G14: =TRIM(F14) -> Extremo | J14: Improbable | K14: Menor | L14: Alto | M14: Naranja | N14: Tecnológicos | O14: No | P14: Impacto | R14: Compartir | S14: Mensual | W14: 4 | X14: Abril
A15: Posible | B15: Catastrofico | C15: =CONCATENATE(A15,B15) -> PosibleCatastrofico | D15: 4 | E15: Rojo | F15: Extremo | G15: =TRIM(F15) -> Extremo | J15: Posible | K15: Moderado | L15: Extremo | M15: Rojo | N15: Cumplimiento | R15: Asumir | S15: Bimestral | W15: 5 | X15: Mayo
A16: Probable | B16: Insignificante | C16: =CONCATENATE(A16,B16) -> ProbableInsignificante | D16: 2 | E16: Amarillo | F16: Moderado | G16: =TRIM(F16) -> Moderado | J16: Probable | K16: Mayor | N16: Imagen o Reputacional | S16: Trimestral | W16: 6 | X16: Junio
A17: Probable | B17: Menor | C17: =CONCATENATE(A17,B17) -> ProbableMenor | D17: 3 | E17: Naranja | F17: Alto | G17: =TRIM(F17) -> Alto | J17: Casi seguro | K17: Catastrofico | N17: Corrupción | S17: Cuatrimestral | W17: 7 | X17: Julio
A18: Probable | B18: Moderado | C18: =CONCATENATE(A18,B18) -> ProbableModerado | D18: 3 | E18: Naranja | F18: Alto | G18: =TRIM(F18) -> Alto | N18: Seguridad del paciente | S18: Semestral | W18: 8 | X18: Agosto
A19: Probable | B19: Mayor | C19: =CONCATENATE(A19,B19) -> ProbableMayor | D19: 4 | E19: Rojo | F19: Extremo | G19: =TRIM(F19) -> Extremo | N19: Operativo | S19: Anual | W19: 9 | X19: Septiembre
A20: Probable | B20: Catastrofico | C20: =CONCATENATE(A20,B20) -> ProbableCatastrofico | D20: 4 | E20: Rojo | F20: Extremo | G20: =TRIM(F20) -> Extremo | J20: todas si | K20: 33 | W20: 10 | X20: Octubre
A21: Casi seguro | B21: Insignificante | C21: =CONCATENATE(A21,B21) -> Casi seguroInsignificante | D21: 3 | E21: Naranja | F21: Alto | G21: =TRIM(F21) -> Alto | U21: Causa-Raiz | W21: 11 | X21: Noviembre
A22: Casi seguro | B22: Menor | C22: =CONCATENATE(A22,B22) -> Casi seguroMenor | D22: 3 | E22: Naranja | F22: Alto | G22: =TRIM(F22) -> Alto | J22: 50 | K22: =+$J$22*25% -> 12.5 | L22: =+K22 -> 12.5 | N22: 1 | P22: 1 | R22: Enero-Abril | U22: Si | W22: 12 | X22: Diciembre
A23: Casi seguro | B23: Moderado | C23: =CONCATENATE(A23,B23) -> Casi seguroModerado | D23: 4 | E23: Rojo | F23: Extremo | G23: =TRIM(F23) -> Extremo | K23: =+$J$22*25% -> 12.5 | L23: =+K23+L22 -> 25 | N23: 2 | P23: 2 | R23: Mayo-Agosto | U23: No
A24: Casi seguro | B24: Mayor | C24: =CONCATENATE(A24,B24) -> Casi seguroMayor | D24: 4 | E24: Rojo | F24: Extremo | G24: =TRIM(F24) -> Extremo | K24: =+$J$22*25% -> 12.5 | L24: =+K24+L23 -> 37.5 | N24: 3 | P24: 3 | R24: Septiembre-Diciembre
A25: Casi seguro | B25: Catastrofico | C25: =CONCATENATE(A25,B25) -> Casi seguroCatastrofico | D25: 4 | E25: Rojo | F25: Extremo | G25: =TRIM(F25) -> Extremo | K25: =+$J$22*25% -> 12.5 | L25: =+K25+L24 -> 50 | P25: 4
P26: 5
P27: 6
P28: 7
P29: 8
H30: 1 Corte (Enero - Abril) | P30: 9
H31: 2 Corte (Mayo - Agosto) | P31: 10
H32: 3 Corte (Septiembre - Diciembre) | P32: Mas de 10
